Workbook

Sheet Combined Wages
A1: Location | B1: DEL111 | G1: Bill No. | H1: 0
A2: Month | B2: 43586 | G2: Head Count | H2: 35
A3: Vendor | B3: DM Industries | G3: Project | H3: DHL-Okhla-C-53 (HP-PPS)
A4: Employee's Particulars | K4: Attendance Summery | P4: Actual Rates | U4: Earning Summery | AC4: Employee's Deduction | AF4: Payble | AG4: Employer's Cost | AO4: Final Billing Cost
A5: S.No. | B5: MARS ID | C5: Vendor Code | D5: Name of Employee | E5: Father's Name | F5: DOJ | G5: Designation | H5: Category | I5: UAN | J5: ESIC | K5: Working Days | L5: No. of Present Days | M5: Paid Holiday | N5: Arrear Days | O5: Total No. of Payble Days | P5: Basic+VDA | Q5: HRA | R5: Conveyance Allow. | S5: Other Allowence Rate | T5: Total Monthly Gross | U5: Basic+VDA | V5: HRA | W5: Conveyance Allowence | X5: Other Allowence | Y5: Monthly Gross | Z5: Monthly Bonus (If Applicable) | AA5: Leave Encashment | AB5: Total Gross Earned (A) | AC5: Employee Contribution on ESIC (1.75%) | AD5: Employee Contribution on PF (12%) | AE5: Employee LWF Contribution | AF5: Net earning | AG5: Employer Contribution on ESIC (4.75%) | AH5: Employer Contribution PF (13%) | AI5: Employer Contribution on LWF | AJ5: Uniform | AK5: Attendance + Performance Incentive (If Any) | AL5: Total (B) | AM5: Wage cost (A+B) | AN5: Agency Service Charge (C) | AO5: SUB TOTAL A+B+C=D | AP5: GST 18% ON D | AQ5: CTC | AR5: DOB | AS5: Aadhar No.
A6: 1 | B6: 3562016849 | C6: 4574 | D6: Mohit Garg | E6: Thakur Das | F6: 43344 | G6: MHE | H6: Un-Skilled | I6: 100064441627 | J6: 6923778712 | K6: 27 | L6: =VLOOKUP(B6,'[1]CBT Attendance'!$B$2:$F$29,5,0) -> 23 | O6: =SUM(L6:N6) -> 23 | P6: 14025 | Q6: 0 | R6: 0 | S6: 0 | T6: =ROUND(SUM(P6:S6),0) -> 14025 | U6: =ROUND(P6/$K6*$O6,0) -> 11947 | V6: =ROUND(Q6/$K6*$O6,0) -> 0 | W6: =ROUND(R6/$K6*$O6,0) -> 0 | X6: =ROUND(S6/$K6*$O6,0) -> 0 | Y6: =ROUND(SUM(U6:X6),0) -> 11947 | AA6: =ROUND(Y6*5.76%,0) -> 688 | AB6: =Y6+AA6+Z6 -> 12635 | AC6: =ROUNDUP(IF(T6>21000,0,AB6*1.75%),0) -> 222 | AD6: =ROUND(U6*12%,0) -> 1434 | AE6: 1 | AF6: =ROUND((AB6+AK6)-(AC6+AD6+AE6),0) -> 10978 | AG6: =ROUNDUP(AB6*4.75%,0) -> 601 | AH6: =ROUND(U6*13%,0) -> 1553 | AI6: 2 | AJ6: =ROUND(183/K6*O6,0) -> 156 | AL6: =SUM(AG6:AK6) -> 2312 | AM6: =AB6+AL6 -> 14947 | AN6: =ROUND(500/K6*O6,0) -> 426 | AO6: =AM6+AN6 -> 15373 | AP6: =ROUND(AO6*18%,0) -> 2767 | AQ6: =AO6+AP6 -> 18140 | AU6: 3562016849
A7: 2 | B7: 3562016847 | C7: 4577 | D7: Devender | E7: Ramesh Chand | F7: 43344 | G7: MHE | H7: Un-Skilled | I7: 100048441966 | J7: 6923778869 | K7: 27 | L7: =VLOOKUP(B7,'[1]CBT Attendance'!$B$2:$F$29,5,0) -> 22 | O7: =SUM(L7:N7) -> 22 | P7: 14025 | Q7: 0 | R7: 0 | S7: 0 | T7: =ROUND(SUM(P7:S7),0) -> 14025 | U7: =ROUND(P7/$K7*$O7,0) -> 11428 | V7: =ROUND(Q7/$K7*$O7,0) -> 0 | W7: =ROUND(R7/$K7*$O7,0) -> 0 | X7: =ROUND(S7/$K7*$O7,0) -> 0 | Y7: =ROUND(SUM(U7:X7),0) -> 11428 | AA7: =ROUND(Y7*5.76%,0) -> 658 | AB7: =Y7+AA7+Z7 -> 12086 | AC7: =ROUNDUP(IF(T7>21000,0,AB7*1.75%),0) -> 212 | AD7: =ROUND(U7*12%,0) -> 1371 | AE7: 1 | AF7: =ROUND((AB7+AK7)-(AC7+AD7+AE7),0) -> 10502 | AG7: =ROUNDUP(AB7*4.75%,0) -> 575 | AH7: =ROUND(U7*13%,0) -> 1486 | AI7: 2 | AJ7: =ROUND(183/K7*O7,0) -> 149 | AL7: =SUM(AG7:AK7) -> 2212 | AM7: =AB7+AL7 -> 14298 | AN7: =ROUND(500/K7*O7,0) -> 407 | AO7: =AM7+AN7 -> 14705 | AP7: =ROUND(AO7*18%,0) -> 2647 | AQ7: =AO7+AP7 -> 17352 | AU7: 3562016847
A8: 3 | B8: 3562016837 | C8: 4578 | D8: Pradeep Burman | E8: Fatik Barman | F8: 43344 | G8: MHE | H8: Un-Skilled | I8: 100014928885 | J8: 2013503576 | K8: 27 | L8: =VLOOKUP(B8,'[1]CBT Attendance'!$B$2:$F$29,5,0) -> 25 | O8: =SUM(L8:N8) -> 25 | P8: 14025 | Q8: 0 | R8: 0 | S8: 0 | T8: =ROUND(SUM(P8:S8),0) -> 14025 | U8: =ROUND(P8/$K8*$O8,0) -> 12986 | V8: =ROUND(Q8/$K8*$O8,0) -> 0 | W8: =ROUND(R8/$K8*$O8,0) -> 0 | X8: =ROUND(S8/$K8*$O8,0) -> 0 | Y8: =ROUND(SUM(U8:X8),0) -> 12986 | AA8: =ROUND(Y8*5.76%,0) -> 748 | AB8: =Y8+AA8+Z8 -> 13734 | AC8: =ROUNDUP(IF(T8>21000,0,AB8*1.75%),0) -> 241 | AD8: =ROUND(U8*12%,0) -> 1558 | AE8: 1 | AF8: =ROUND((AB8+AK8)-(AC8+AD8+AE8),0) -> 11934 | AG8: =ROUNDUP(AB8*4.75%,0) -> 653 | AH8: =ROUND(U8*13%,0) -> 1688 | AI8: 2 | AJ8: =ROUND(183/K8*O8,0) -> 169 | AL8: =SUM(AG8:AK8) -> 2512 | AM8: =AB8+AL8 -> 16246 | AN8: =ROUND(500/K8*O8,0) -> 463 | AO8: =AM8+AN8 -> 16709 | AP8: =ROUND(AO8*18%,0) -> 3008 | AQ8: =AO8+AP8 -> 19717 | AU8: 3562016837
A9: 4 | B9: 3562016838 | C9: 4579 | D9: Rakesh Rai | E9: Lt. Kameshwar Rai | F9: 43344 | G9: MHE | H9: Un-Skilled | I9: 100029192811 | J9: 6923778874 | K9: 27 | L9: =VLOOKUP(B9,'[1]CBT Attendance'!$B$2:$F$29,5,0) -> 25 | O9: =SUM(L9:N9) -> 25 | P9: 14025 | Q9: 0 | R9: 0 | S9: 0 | T9: =ROUND(SUM(P9:S9),0) -> 14025 | U9: =ROUND(P9/$K9*$O9,0) -> 12986 | V9: =ROUND(Q9/$K9*$O9,0) -> 0 | W9: =ROUND(R9/$K9*$O9,0) -> 0 | X9: =ROUND(S9/$K9*$O9,0) -> 0 | Y9: =ROUND(SUM(U9:X9),0) -> 12986 | AA9: =ROUND(Y9*5.76%,0) -> 748 | AB9: =Y9+AA9+Z9 -> 13734 | AC9: =ROUNDUP(IF(T9>21000,0,AB9*1.75%),0) -> 241 | AD9: =ROUND(U9*12%,0) -> 1558 | AE9: 1 | AF9: =ROUND((AB9+AK9)-(AC9+AD9+AE9),0) -> 11934 | AG9: =ROUNDUP(AB9*4.75%,0) -> 653 | AH9: =ROUND(U9*13%,0) -> 1688 | AI9: 2 | AJ9: =ROUND(183/K9*O9,0) -> 169 | AL9: =SUM(AG9:AK9) -> 2512 | AM9: =AB9+AL9 -> 16246 | AN9: =ROUND(500/K9*O9,0) -> 463 | AO9: =AM9+AN9 -> 16709 | AP9: =ROUND(AO9*18%,0) -> 3008 | AQ9: =AO9+AP9 -> 19717 | AU9: 3562016838
A10: 5 | B10: 3562016848 | C10: 4582 | D10: Monu Kumar | E10: Sahankar Shah | F10: 43344 | G10: MHE | H10: Un-Skilled | I10: 100052358838 | J10: 6923778820 | K10: 27 | L10: =VLOOKUP(B10,'[1]CBT Attendance'!$B$2:$F$29,5,0) -> 24 | O10: =SUM(L10:N10) -> 24 | P10: 14025 | Q10: 0 | R10: 0 | S10: 0 | T10: =ROUND(SUM(P10:S10),0) -> 14025 | U10: =ROUND(P10/$K10*$O10,0) -> 12467 | V10: =ROUND(Q10/$K10*$O10,0) -> 0 | W10: =ROUND(R10/$K10*$O10,0) -> 0 | X10: =ROUND(S10/$K10*$O10,0) -> 0 | Y10: =ROUND(SUM(U10:X10),0) -> 12467 | AA10: =ROUND(Y10*5.76%,0) -> 718 | AB10: =Y10+AA10+Z10 -> 13185 | AC10: =ROUNDUP(IF(T10>21000,0,AB10*1.75%),0) -> 231 | AD10: =ROUND(U10*12%,0) -> 1496 | AE10: 1 | AF10: =ROUND((AB10+AK10)-(AC10+AD10+AE10),0) -> 11457 | AG10: =ROUNDUP(AB10*4.75%,0) -> 627 | AH10: =ROUND(U10*13%,0) -> 1621 | AI10: 2 | AJ10: =ROUND(183/K10*O10,0) -> 163 | AL10: =SUM(AG10:AK10) -> 2413 | AM10: =AB10+AL10 -> 15598 | AN10: =ROUND(500/K10*O10,0) -> 444 | AO10: =AM10+AN10 -> 16042 | AP10: =ROUND(AO10*18%,0) -> 2888 | AQ10: =AO10+AP10 -> 18930 | AU10: 3562016848
A11: 6 | B11: 3562016854 | C11: 4583 | D11: Gokul Mandal | E11: Lt. Jivan Krishna | F11: 43344 | G11: MHE | H11: Un-Skilled | I11: 100159108229 | J11: 2005219452 | K11: 27 | L11: =VLOOKUP(B11,'[1]CBT Attendance'!$B$2:$F$29,5,0) -> 25 | O11: =SUM(L11:N11) -> 25 | P11: 14025 | Q11: 0 | R11: 0 | S11: 0 | T11: =ROUND(SUM(P11:S11),0) -> 14025 | U11: =ROUND(P11/$K11*$O11,0) -> 12986 | V11: =ROUND(Q11/$K11*$O11,0) -> 0 | W11: =ROUND(R11/$K11*$O11,0) -> 0 | X11: =ROUND(S11/$K11*$O11,0) -> 0 | Y11: =ROUND(SUM(U11:X11),0) -> 12986 | AA11: =ROUND(Y11*5.76%,0) -> 748 | AB11: =Y11+AA11+Z11 -> 13734 | AC11: =ROUNDUP(IF(T11>21000,0,AB11*1.75%),0) -> 241 | AD11: =ROUND(U11*12%,0) -> 1558 | AE11: 1 | AF11: =ROUND((AB11+AK11)-(AC11+AD11+AE11),0) -> 11934 | AG11: =ROUNDUP(AB11*4.75%,0) -> 653 | AH11: =ROUND(U11*13%,0) -> 1688 | AI11: 2 | AJ11: =ROUND(183/K11*O11,0) -> 169 | AL11: =SUM(AG11:AK11) -> 2512 | AM11: =AB11+AL11 -> 16246 | AN11: =ROUND(500/K11*O11,0) -> 463 | AO11: =AM11+AN11 -> 16709 | AP11: =ROUND(AO11*18%,0) -> 3008 | AQ11: =AO11+AP11 -> 19717 | AU11: 3562016854
A12: 7 | B12: 3562017091 | C12: 4584 | D12: Sukhram | E12: Prem Singh | F12: 43344 | G12: SUP | H12: Skilled | I12: 100042940061 | J12: 6923778693 | K12: 27 | L12: =VLOOKUP(B12,'[1]CBT Attendance'!$B$2:$F$29,5,0) -> 20 | O12: =SUM(L12:N12) -> 20 | P12: 15427 | Q12: 0 | R12: 0 | S12: 0 | T12: =ROUND(SUM(P12:S12),0) -> 15427 | U12: =ROUND(P12/$K12*$O12,0) -> 11427 | V12: =ROUND(Q12/$K12*$O12,0) -> 0 | W12: =ROUND(R12/$K12*$O12,0) -> 0 | X12: =ROUND(S12/$K12*$O12,0) -> 0 | Y12: =ROUND(SUM(U12:X12),0) -> 11427 | AA12: =ROUND(Y12*5.76%,0) -> 658 | AB12: =Y12+AA12+Z12 -> 12085 | AC12: =ROUNDUP(IF(T12>21000,0,AB12*1.75%),0) -> 212 | AD12: =ROUND(U12*12%,0) -> 1371 | AE12: 1 | AF12: =ROUND((AB12+AK12)-(AC12+AD12+AE12),0) -> 10501 | AG12: =ROUNDUP(AB12*4.75%,0) -> 575 | AH12: =ROUND(U12*13%,0) -> 1486 | AI12: 2 | AJ12: =ROUND(183/K12*O12,0) -> 136 | AL12: =SUM(AG12:AK12) -> 2199 | AM12: =AB12+AL12 -> 14284 | AN12: =ROUND(500/K12*O12,0) -> 370 | AO12: =AM12+AN12 -> 14654 | AP12: =ROUND(AO12*18%,0) -> 2638 | AQ12: =AO12+AP12 -> 17292 | AU12: 3562017091
A13: 8 | B13: 3562016834 | C13: 4585 | D13: Manjeet Kumar | E13: Rajpal Singh Rudhir | F13: 43344 | G13: SUP | H13: Skilled | I13: 100045820193 | J13: 6923778590 | K13: 27 | L13: =VLOOKUP(B13,'[1]CBT Attendance'!$B$2:$F$29,5,0) -> 23.5 | O13: =SUM(L13:N13) -> 23.5 | P13: 15427 | Q13: 0 | R13: 0 | S13: 0 | T13: =ROUND(SUM(P13:S13),0) -> 15427 | U13: =ROUND(P13/$K13*$O13,0) -> 13427 | V13: =ROUND(Q13/$K13*$O13,0) -> 0 | W13: =ROUND(R13/$K13*$O13,0) -> 0 | X13: =ROUND(S13/$K13*$O13,0) -> 0 | Y13: =ROUND(SUM(U13:X13),0) -> 13427 | AA13: =ROUND(Y13*5.76%,0) -> 773 | AB13: =Y13+AA13+Z13 -> 14200 | AC13: =ROUNDUP(IF(T13>21000,0,AB13*1.75%),0) -> 249 | AD13: =ROUND(U13*12%,0) -> 1611 | AE13: 1 | AF13: =ROUND((AB13+AK13)-(AC13+AD13+AE13),0) -> 12339 | AG13: =ROUNDUP(AB13*4.75%,0) -> 675 | AH13: =ROUND(U13*13%,0) -> 1746 | AI13: 2 | AJ13: =ROUND(183/K13*O13,0) -> 159 | AL13: =SUM(AG13:AK13) -> 2582 | AM13: =AB13+AL13 -> 16782 | AN13: =ROUND(500/K13*O13,0) -> 435 | AO13: =AM13+AN13 -> 17217 | AP13: =ROUND(AO13*18%,0) -> 3099 | AQ13: =AO13+AP13 -> 20316 | AU13: 3562016834
A14: 9 | B14: 3562016859 | C14: 4586 | D14: Ravi Singh | E14: Chandrma Singh | F14: 43344 | G14: MHE | H14: Un-Skilled | I14: 100602011514 | J14: 6925327635 | K14: 27 | L14: =VLOOKUP(B14,'[1]CBT Attendance'!$B$2:$F$29,5,0) -> 21 | O14: =SUM(L14:N14) -> 21 | P14: 14025 | Q14: 0 | R14: 0 | S14: 0 | T14: =ROUND(SUM(P14:S14),0) -> 14025 | U14: =ROUND(P14/$K14*$O14,0) -> 10908 | V14: =ROUND(Q14/$K14*$O14,0) -> 0 | W14: =ROUND(R14/$K14*$O14,0) -> 0 | X14: =ROUND(S14/$K14*$O14,0) -> 0 | Y14: =ROUND(SUM(U14:X14),0) -> 10908 | AA14: =ROUND(Y14*5.76%,0) -> 628 | AB14: =Y14+AA14+Z14 -> 11536 | AC14: =ROUNDUP(IF(T14>21000,0,AB14*1.75%),0) -> 202 | AD14: =ROUND(U14*12%,0) -> 1309 | AE14: 1 | AF14: =ROUND((AB14+AK14)-(AC14+AD14+AE14),0) -> 10024 | AG14: =ROUNDUP(AB14*4.75%,0) -> 548 | AH14: =ROUND(U14*13%,0) -> 1418 | AI14: 2 | AJ14: =ROUND(183/K14*O14,0) -> 142 | AL14: =SUM(AG14:AK14) -> 2110 | AM14: =AB14+AL14 -> 13646 | AN14: =ROUND(500/K14*O14,0) -> 389 | AO14: =AM14+AN14 -> 14035 | AP14: =ROUND(AO14*18%,0) -> 2526 | AQ14: =AO14+AP14 -> 16561 | AU14: 3562016859
A15: 10 | B15: 3562016860 | C15: 4587 | D15: Vishnu Singh Bhadauria | E15: Keshav Singh | F15: 43344 | G15: MHE | H15: Un-Skilled | I15: 100790454436 | J15: 6926208346 | K15: 27 | L15: =VLOOKUP(B15,'[1]CBT Attendance'!$B$2:$F$29,5,0) -> 25 | O15: =SUM(L15:N15) -> 25 | P15: 14025 | Q15: 0 | R15: 0 | S15: 0 | T15: =ROUND(SUM(P15:S15),0) -> 14025 | U15: =ROUND(P15/$K15*$O15,0) -> 12986 | V15: =ROUND(Q15/$K15*$O15,0) -> 0 | W15: =ROUND(R15/$K15*$O15,0) -> 0 | X15: =ROUND(S15/$K15*$O15,0) -> 0 | Y15: =ROUND(SUM(U15:X15),0) -> 12986 | AA15: =ROUND(Y15*5.76%,0) -> 748 | AB15: =Y15+AA15+Z15 -> 13734 | AC15: =ROUNDUP(IF(T15>21000,0,AB15*1.75%),0) -> 241 | AD15: =ROUND(U15*12%,0) -> 1558 | AE15: 1 | AF15: =ROUND((AB15+AK15)-(AC15+AD15+AE15),0) -> 11934 | AG15: =ROUNDUP(AB15*4.75%,0) -> 653 | AH15: =ROUND(U15*13%,0) -> 1688 | AI15: 2 | AJ15: =ROUND(183/K15*O15,0) -> 169 | AL15: =SUM(AG15:AK15) -> 2512 | AM15: =AB15+AL15 -> 16246 | AN15: =ROUND(500/K15*O15,0) -> 463 | AO15: =AM15+AN15 -> 16709 | AP15: =ROUND(AO15*18%,0) -> 3008 | AQ15: =AO15+AP15 -> 19717 | AU15: 3562016860
A16: 11 | B16: 3562016856 | C16: 4588 | D16: Vicky Malhotra | E16: Kamal | F16: 43344 | G16: HK | H16: Un-Skilled | I16: 100602106122 | J16: 6924638559 | K16: 27 | L16: =VLOOKUP(B16,'[1]CBT Attendance'!$B$2:$F$29,5,0) -> 25 | O16: =SUM(L16:N16) -> 25 | P16: 14025 | Q16: 0 | R16: 0 | S16: 0 | T16: =ROUND(SUM(P16:S16),0) -> 14025 | U16: =ROUND(P16/$K16*$O16,0) -> 12986 | V16: =ROUND(Q16/$K16*$O16,0) -> 0 | W16: =ROUND(R16/$K16*$O16,0) -> 0 | X16: =ROUND(S16/$K16*$O16,0) -> 0 | Y16: =ROUND(SUM(U16:X16),0) -> 12986 | AA16: =ROUND(Y16*5.76%,0) -> 748 | AB16: =Y16+AA16+Z16 -> 13734 | AC16: =ROUNDUP(IF(T16>21000,0,AB16*1.75%),0) -> 241 | AD16: =ROUND(U16*12%,0) -> 1558 | AE16: 1 | AF16: =ROUND((AB16+AK16)-(AC16+AD16+AE16),0) -> 11934 | AG16: =ROUNDUP(AB16*4.75%,0) -> 653 | AH16: =ROUND(U16*13%,0) -> 1688 | AI16: 2 | AJ16: =ROUND(183/K16*O16,0) -> 169 | AL16: =SUM(AG16:AK16) -> 2512 | AM16: =AB16+AL16 -> 16246 | AN16: =ROUND(500/K16*O16,0) -> 463 | AO16: =AM16+AN16 -> 16709 | AP16: =ROUND(AO16*18%,0) -> 3008 | AQ16: =AO16+AP16 -> 19717 | AU16: 3562016856
A17: 12 | B17: 3562016857 | C17: 4589 | D17: Sonu Kumar | E17: Sunil Singh | F17: 43344 | G17: HK | H17: Un-Skilled | I17: 100602370270 | J17: 6924833805 | K17: 27 | L17: =VLOOKUP(B17,'[1]CBT Attendance'!$B$2:$F$29,5,0) -> 16.5 | O17: =SUM(L17:N17) -> 16.5 | P17: 14025 | Q17: 0 | R17: 0 | S17: 0 | T17: =ROUND(SUM(P17:S17),0) -> 14025 | U17: =ROUND(P17/$K17*$O17,0) -> 8571 | V17: =ROUND(Q17/$K17*$O17,0) -> 0 | W17: =ROUND(R17/$K17*$O17,0) -> 0 | X17: =ROUND(S17/$K17*$O17,0) -> 0 | Y17: =ROUND(SUM(U17:X17),0) -> 8571 | AA17: =ROUND(Y17*5.76%,0) -> 494 | AB17: =Y17+AA17+Z17 -> 9065 | AC17: =ROUNDUP(IF(T17>21000,0,AB17*1.75%),0) -> 159 | AD17: =ROUND(U17*12%,0) -> 1029 | AE17: 1 | AF17: =ROUND((AB17+AK17)-(AC17+AD17+AE17),0) -> 7876 | AG17: =ROUNDUP(AB17*4.75%,0) -> 431 | AH17: =ROUND(U17*13%,0) -> 1114 | AI17: 2 | AJ17: =ROUND(183/K17*O17,0) -> 112 | AL17: =SUM(AG17:AK17) -> 1659 | AM17: =AB17+AL17 -> 10724 | AN17: =ROUND(500/K17*O17,0) -> 306 | AO17: =AM17+AN17 -> 11030 | AP17: =ROUND(AO17*18%,0) -> 1985 | AQ17: =AO17+AP17 -> 13015 | AU17: 3562016857
A18: 13 | B18: 3562016858 | C18: 4590 | D18: Dharam | E18: Ramesh Singh | F18: 43344 | G18: HK | H18: Un-Skilled | I18: 100601955314 | J18: 6924833811 | K18: 27 | L18: =VLOOKUP(B18,'[1]CBT Attendance'!$B$2:$F$29,5,0) -> 25 | O18: =SUM(L18:N18) -> 25 | P18: 14025 | Q18: 0 | R18: 0 | S18: 0 | T18: =ROUND(SUM(P18:S18),0) -> 14025 | U18: =ROUND(P18/$K18*$O18,0) -> 12986 | V18: =ROUND(Q18/$K18*$O18,0) -> 0 | W18: =ROUND(R18/$K18*$O18,0) -> 0 | X18: =ROUND(S18/$K18*$O18,0) -> 0 | Y18: =ROUND(SUM(U18:X18),0) -> 12986 | AA18: =ROUND(Y18*5.76%,0) -> 748 | AB18: =Y18+AA18+Z18 -> 13734 | AC18: =ROUNDUP(IF(T18>21000,0,AB18*1.75%),0) -> 241 | AD18: =ROUND(U18*12%,0) -> 1558 | AE18: 1 | AF18: =ROUND((AB18+AK18)-(AC18+AD18+AE18),0) -> 11934 | AG18: =ROUNDUP(AB18*4.75%,0) -> 653 | AH18: =ROUND(U18*13%,0) -> 1688 | AI18: 2 | AJ18: =ROUND(183/K18*O18,0) -> 169 | AL18: =SUM(AG18:AK18) -> 2512 | AM18: =AB18+AL18 -> 16246 | AN18: =ROUND(500/K18*O18,0) -> 463 | AO18: =AM18+AN18 -> 16709 | AP18: =ROUND(AO18*18%,0) -> 3008 | AQ18: =AO18+AP18 -> 19717 | AU18: 3562016858
A19: 14 | B19: 3562018698 | C19: 4716 | D19: Rohit Kumar Jha | E19: PRADEEP JHA | F19: 43385 | G19: MHE | H19: Un-Skilled | I19: 101391614640 | J19: 6928479073 | K19: 27 | L19: =VLOOKUP(B19,'[1]CBT Attendance'!$B$2:$F$29,5,0) -> 25 | O19: =SUM(L19:N19) -> 25 | P19: 14025 | Q19: 0 | R19: 0 | S19: 0 | T19: =ROUND(SUM(P19:S19),0) -> 14025 | U19: =ROUND(P19/$K19*$O19,0) -> 12986 | V19: =ROUND(Q19/$K19*$O19,0) -> 0 | W19: =ROUND(R19/$K19*$O19,0) -> 0 | X19: =ROUND(S19/$K19*$O19,0) -> 0 | Y19: =ROUND(SUM(U19:X19),0) -> 12986 | AA19: =ROUND(Y19*5.76%,0) -> 748 | AB19: =Y19+AA19+Z19 -> 13734 | AC19: =ROUNDUP(IF(T19>21000,0,AB19*1.75%),0) -> 241 | AD19: =ROUND(U19*12%,0) -> 1558 | AE19: 1 | AF19: =ROUND((AB19+AK19)-(AC19+AD19+AE19),0) -> 11934 | AG19: =ROUNDUP(AB19*4.75%,0) -> 653 | AH19: =ROUND(U19*13%,0) -> 1688 | AI19: 2 | AJ19: =ROUND(183/K19*O19,0) -> 169 | AL19: =SUM(AG19:AK19) -> 2512 | AM19: =AB19+AL19 -> 16246 | AN19: =ROUND(500/K19*O19,0) -> 463 | AO19: =AM19+AN19 -> 16709 | AP19: =ROUND(AO19*18%,0) -> 3008 | AQ19: =AO19+AP19 -> 19717 | AU19: 3562018698
A20: 15 | B20: 3562017275 | C20: 4717 | D20: Sanjay Kumar sharma | E20: MUNESHWAR | F20: 43388 | G20: MHE | H20: Un-Skilled | I20: 100987276215 | J20: 6928479082 | K20: 27 | L20: =VLOOKUP(B20,'[1]CBT Attendance'!$B$2:$F$29,5,0) -> 25 | O20: =SUM(L20:N20) -> 25 | P20: 14025 | Q20: 0 | R20: 0 | S20: 0 | T20: =ROUND(SUM(P20:S20),0) -> 14025 | U20: =ROUND(P20/$K20*$O20,0) -> 12986 | V20: =ROUND(Q20/$K20*$O20,0) -> 0 | W20: =ROUND(R20/$K20*$O20,0) -> 0 | X20: =ROUND(S20/$K20*$O20,0) -> 0 | Y20: =ROUND(SUM(U20:X20),0) -> 12986 | AA20: =ROUND(Y20*5.76%,0) -> 748 | AB20: =Y20+AA20+Z20 -> 13734 | AC20: =ROUNDUP(IF(T20>21000,0,AB20*1.75%),0) -> 241 | AD20: =ROUND(U20*12%,0) -> 1558 | AE20: 1 | AF20: =ROUND((AB20+AK20)-(AC20+AD20+AE20),0) -> 11934 | AG20: =ROUNDUP(AB20*4.75%,0) -> 653 | AH20: =ROUND(U20*13%,0) -> 1688 | AI20: 2 | AJ20: =ROUND(183/K20*O20,0) -> 169 | AL20: =SUM(AG20:AK20) -> 2512 | AM20: =AB20+AL20 -> 16246 | AN20: =ROUND(500/K20*O20,0) -> 463 | AO20: =AM20+AN20 -> 16709 | AP20: =ROUND(AO20*18%,0) -> 3008 | AQ20: =AO20+AP20 -> 19717 | AU20: 3562017275
A21: 16 | B21: 3562016852 | C21: 4568 | D21: Omprakash | E21: HIRA LAL | F21: 43344 | G21: MHE | H21: Un-Skilled | I21: 100019118604 | J21: 6923778767 | K21: 27 | L21: =VLOOKUP(B21,'[1]CBT Attendance'!$B$2:$F$29,5,0) -> 13 | O21: =SUM(L21:N21) -> 13 | P21: 14025 | Q21: 0 | R21: 0 | S21: 0 | T21: =ROUND(SUM(P21:S21),0) -> 14025 | U21: =ROUND(P21/$K21*$O21,0) -> 6753 | V21: =ROUND(Q21/$K21*$O21,0) -> 0 | W21: =ROUND(R21/$K21*$O21,0) -> 0 | X21: =ROUND(S21/$K21*$O21,0) -> 0 | Y21: =ROUND(SUM(U21:X21),0) -> 6753 | AA21: =ROUND(Y21*5.76%,0) -> 389 | AB21: =Y21+AA21+Z21 -> 7142 | AC21: =ROUNDUP(IF(T21>21000,0,AB21*1.75%),0) -> 125 | AD21: =ROUND(U21*12%,0) -> 810 | AE21: 1 | AF21: =ROUND((AB21+AK21)-(AC21+AD21+AE21),0) -> 6206 | AG21: =ROUNDUP(AB21*4.75%,0) -> 340 | AH21: =ROUND(U21*13%,0) -> 878 | AI21: 2 | AJ21: =ROUND(183/K21*O21,0) -> 88 | AL21: =SUM(AG21:AK21) -> 1308 | AM21: =AB21+AL21 -> 8450 | AN21: =ROUND(500/K21*O21,0) -> 241 | AO21: =AM21+AN21 -> 8691 | AP21: =ROUND(AO21*18%,0) -> 1564 | AQ21: =AO21+AP21 -> 10255 | AU21: 3562016852
A22: 17 | B22: 3562018733 | C22: 5022 | D22: Sunil | E22: SHALIK RAM | F22: 43435 | G22: MHE | H22: Un-Skilled | I22: 100052616305 | J22: 6928684196 | K22: 27 | L22: =VLOOKUP(B22,'[1]CBT Attendance'!$B$2:$F$29,5,0) -> 25 | O22: =SUM(L22:N22) -> 25 | P22: 14025 | Q22: 0 | R22: 0 | S22: 0 | T22: =ROUND(SUM(P22:S22),0) -> 14025 | U22: =ROUND(P22/$K22*$O22,0) -> 12986 | V22: =ROUND(Q22/$K22*$O22,0) -> 0 | W22: =ROUND(R22/$K22*$O22,0) -> 0 | X22: =ROUND(S22/$K22*$O22,0) -> 0 | Y22: =ROUND(SUM(U22:X22),0) -> 12986 | AA22: =ROUND(Y22*5.76%,0) -> 748 | AB22: =Y22+AA22+Z22 -> 13734 | AC22: =ROUNDUP(IF(T22>21000,0,AB22*1.75%),0) -> 241 | AD22: =ROUND(U22*12%,0) -> 1558 | AE22: 1 | AF22: =ROUND((AB22+AK22)-(AC22+AD22+AE22),0) -> 11934 | AG22: =ROUNDUP(AB22*4.75%,0) -> 653 | AH22: =ROUND(U22*13%,0) -> 1688 | AI22: 2 | AJ22: =ROUND(183/K22*O22,0) -> 169 | AL22: =SUM(AG22:AK22) -> 2512 | AM22: =AB22+AL22 -> 16246 | AN22: =ROUND(500/K22*O22,0) -> 463 | AO22: =AM22+AN22 -> 16709 | AP22: =ROUND(AO22*18%,0) -> 3008 | AQ22: =AO22+AP22 -> 19717 | AU22: 3562018733
A23: 18 | B23: 3562018693 | C23: 5171 | D23: GOVIND SINGH BISHT | E23: SHALIK RAM | F23: 43417 | G23: MHE | H23: Un-Skilled | I23: 100054044626 | J23: 6928605832 | K23: 27 | L23: =VLOOKUP(B23,'[1]CBT Attendance'!$B$2:$F$29,5,0) -> 16 | O23: =SUM(L23:N23) -> 16 | P23: 14025 | Q23: 0 | R23: 0 | S23: 0 | T23: =ROUND(SUM(P23:S23),0) -> 14025 | U23: =ROUND(P23/$K23*$O23,0) -> 8311 | V23: =ROUND(Q23/$K23*$O23,0) -> 0 | W23: =ROUND(R23/$K23*$O23,0) -> 0 | X23: =ROUND(S23/$K23*$O23,0) -> 0 | Y23: =ROUND(SUM(U23:X23),0) -> 8311 | AA23: =ROUND(Y23*5.76%,0) -> 479 | AB23: =Y23+AA23+Z23 -> 8790 | AC23: =ROUNDUP(IF(T23>21000,0,AB23*1.75%),0) -> 154 | AD23: =ROUND(U23*12%,0) -> 997 | AE23: 1 | AF23: =ROUND((AB23+AK23)-(AC23+AD23+AE23),0) -> 7638 | AG23: =ROUNDUP(AB23*4.75%,0) -> 418 | AH23: =ROUND(U23*13%,0) -> 1080 | AI23: 2 | AJ23: =ROUND(183/K23*O23,0) -> 108 | AL23: =SUM(AG23:AK23) -> 1608 | AM23: =AB23+AL23 -> 10398 | AN23: =ROUND(500/K23*O23,0) -> 296 | AO23: =AM23+AN23 -> 10694 | AP23: =ROUND(AO23*18%,0) -> 1925 | AQ23: =AO23+AP23 -> 12619 | AU23: 3562018693
A24: 19 | B24: 3562018691 | C24: 5172 | D24: ALOPI NATH DHURIYA | E24: MOTI LAL | F24: 43423 | G24: MHE | H24: Un-Skilled | I24: 101314833334 | J24: 6928605851 | K24: 27 | L24: =VLOOKUP(B24,'[1]CBT Attendance'!$B$2:$F$29,5,0) -> 14 | O24: =SUM(L24:N24) -> 14 | P24: 14025 | Q24: 0 | R24: 0 | S24: 0 | T24: =ROUND(SUM(P24:S24),0) -> 14025 | U24: =ROUND(P24/$K24*$O24,0) -> 7272 | V24: =ROUND(Q24/$K24*$O24,0) -> 0 | W24: =ROUND(R24/$K24*$O24,0) -> 0 | X24: =ROUND(S24/$K24*$O24,0) -> 0 | Y24: =ROUND(SUM(U24:X24),0) -> 7272 | AA24: =ROUND(Y24*5.76%,0) -> 419 | AB24: =Y24+AA24+Z24 -> 7691 | AC24: =ROUNDUP(IF(T24>21000,0,AB24*1.75%),0) -> 135 | AD24: =ROUND(U24*12%,0) -> 873 | AE24: 1 | AF24: =ROUND((AB24+AK24)-(AC24+AD24+AE24),0) -> 6682 | AG24: =ROUNDUP(AB24*4.75%,0) -> 366 | AH24: =ROUND(U24*13%,0) -> 945 | AI24: 2 | AJ24: =ROUND(183/K24*O24,0) -> 95 | AL24: =SUM(AG24:AK24) -> 1408 | AM24: =AB24+AL24 -> 9099 | AN24: =ROUND(500/K24*O24,0) -> 259 | AO24: =AM24+AN24 -> 9358 | AP24: =ROUND(AO24*18%,0) -> 1684 | AQ24: =AO24+AP24 -> 11042 | AU24: 3562018691
A25: 20 | B25: 3562018690 | C25: 5173 | D25: Rakesh | E25: JANMEJAY UPDHYAY | F25: 43423 | G25: MHE | H25: Un-Skilled | I25: 101305290317 | J25: 6928605901 | K25: 27 | L25: =VLOOKUP(B25,'[1]CBT Attendance'!$B$2:$F$29,5,0) -> 24 | O25: =SUM(L25:N25) -> 24 | P25: 14025 | Q25: 0 | R25: 0 | S25: 0 | T25: =ROUND(SUM(P25:S25),0) -> 14025 | U25: =ROUND(P25/$K25*$O25,0) -> 12467 | V25: =ROUND(Q25/$K25*$O25,0) -> 0 | W25: =ROUND(R25/$K25*$O25,0) -> 0 | X25: =ROUND(S25/$K25*$O25,0) -> 0 | Y25: =ROUND(SUM(U25:X25),0) -> 12467 | AA25: =ROUND(Y25*5.76%,0) -> 718 | AB25: =Y25+AA25+Z25 -> 13185 | AC25: =ROUNDUP(IF(T25>21000,0,AB25*1.75%),0) -> 231 | AD25: =ROUND(U25*12%,0) -> 1496 | AE25: 1 | AF25: =ROUND((AB25+AK25)-(AC25+AD25+AE25),0) -> 11457 | AG25: =ROUNDUP(AB25*4.75%,0) -> 627 | AH25: =ROUND(U25*13%,0) -> 1621 | AI25: 2 | AJ25: =ROUND(183/K25*O25,0) -> 163 | AL25: =SUM(AG25:AK25) -> 2413 | AM25: =AB25+AL25 -> 15598 | AN25: =ROUND(500/K25*O25,0) -> 444 | AO25: =AM25+AN25 -> 16042 | AP25: =ROUND(AO25*18%,0) -> 2888 | AQ25: =AO25+AP25 -> 18930 | AU25: 3562018690
A26: 21 | B26: 3562018692 | C26: 5174 | D26: AAKASH SINGH | E26: SURENDER SINGH | F26: 43420 | G26: MHE | H26: Un-Skilled | I26: 101380346724 | J26: 6928605925 | K26: 27 | L26: =VLOOKUP(B26,'[1]CBT Attendance'!$B$2:$F$29,5,0) -> 22 | O26: =SUM(L26:N26) -> 22 | P26: 14025 | Q26: 0 | R26: 0 | S26: 0 | T26: =ROUND(SUM(P26:S26),0) -> 14025 | U26: =ROUND(P26/$K26*$O26,0) -> 11428 | V26: =ROUND(Q26/$K26*$O26,0) -> 0 | W26: =ROUND(R26/$K26*$O26,0) -> 0 | X26: =ROUND(S26/$K26*$O26,0) -> 0 | Y26: =ROUND(SUM(U26:X26),0) -> 11428 | AA26: =ROUND(Y26*5.76%,0) -> 658 | AB26: =Y26+AA26+Z26 -> 12086 | AC26: =ROUNDUP(IF(T26>21000,0,AB26*1.75%),0) -> 212 | AD26: =ROUND(U26*12%,0) -> 1371 | AE26: 1 | AF26: =ROUND((AB26+AK26)-(AC26+AD26+AE26),0) -> 10502 | AG26: =ROUNDUP(AB26*4.75%,0) -> 575 | AH26: =ROUND(U26*13%,0) -> 1486 | AI26: 2 | AJ26: =ROUND(183/K26*O26,0) -> 149 | AL26: =SUM(AG26:AK26) -> 2212 | AM26: =AB26+AL26 -> 14298 | AN26: =ROUND(500/K26*O26,0) -> 407 | AO26: =AM26+AN26 -> 14705 | AP26: =ROUND(AO26*18%,0) -> 2647 | AQ26: =AO26+AP26 -> 17352 | AU26: 3562018692
A27: 22 | B27: 3562018732 | C27: 5175 | D27: Rakesh SINGH | E27: KISHORI SINGH | F27: 43419 | G27: MHE | H27: Un-Skilled | I27: 101381078520 | J27: 6928605942 | K27: 27 | L27: =VLOOKUP(B27,'[1]CBT Attendance'!$B$2:$F$29,5,0) -> 23 | O27: =SUM(L27:N27) -> 23 | P27: 14025 | Q27: 0 | R27: 0 | S27: 0 | T27: =ROUND(SUM(P27:S27),0) -> 14025 | U27: =ROUND(P27/$K27*$O27,0) -> 11947 | V27: =ROUND(Q27/$K27*$O27,0) -> 0 | W27: =ROUND(R27/$K27*$O27,0) -> 0 | X27: =ROUND(S27/$K27*$O27,0) -> 0 | Y27: =ROUND(SUM(U27:X27),0) -> 11947 | AA27: =ROUND(Y27*5.76%,0) -> 688 | AB27: =Y27+AA27+Z27 -> 12635 | AC27: =ROUNDUP(IF(T27>21000,0,AB27*1.75%),0) -> 222 | AD27: =ROUND(U27*12%,0) -> 1434 | AE27: 1 | AF27: =ROUND((AB27+AK27)-(AC27+AD27+AE27),0) -> 10978 | AG27: =ROUNDUP(AB27*4.75%,0) -> 601 | AH27: =ROUND(U27*13%,0) -> 1553 | AI27: 2 | AJ27: =ROUND(183/K27*O27,0) -> 156 | AL27: =SUM(AG27:AK27) -> 2312 | AM27: =AB27+AL27 -> 14947 | AN27: =ROUND(500/K27*O27,0) -> 426 | AO27: =AM27+AN27 -> 15373 | AP27: =ROUND(AO27*18%,0) -> 2767 | AQ27: =AO27+AP27 -> 18140 | AU27: 3562018732
A28: 23 | B28: 3562018694 | C28: 5176 | D28: SONU KUMAR | E28: MATAL BADAL | F28: 43421 | G28: MHE | H28: Un-Skilled | I28: 101380345314 | J28: 6928605954 | K28: 27 | L28: =VLOOKUP(B28,'[1]CBT Attendance'!$B$2:$F$29,5,0) -> 23.5 | O28: =SUM(L28:N28) -> 23.5 | P28: 14025 | Q28: 0 | R28: 0 | S28: 0 | T28: =ROUND(SUM(P28:S28),0) -> 14025 | U28: =ROUND(P28/$K28*$O28,0) -> 12207 | V28: =ROUND(Q28/$K28*$O28,0) -> 0 | W28: =ROUND(R28/$K28*$O28,0) -> 0 | X28: =ROUND(S28/$K28*$O28,0) -> 0 | Y28: =ROUND(SUM(U28:X28),0) -> 12207 | AA28: =ROUND(Y28*5.76%,0) -> 703 | AB28: =Y28+AA28+Z28 -> 12910 | AC28: =ROUNDUP(IF(T28>21000,0,AB28*1.75%),0) -> 226 | AD28: =ROUND(U28*12%,0) -> 1465 | AE28: 1 | AF28: =ROUND((AB28+AK28)-(AC28+AD28+AE28),0) -> 11218 | AG28: =ROUNDUP(AB28*4.75%,0) -> 614 | AH28: =ROUND(U28*13%,0) -> 1587 | AI28: 2 | AJ28: =ROUND(183/K28*O28,0) -> 159 | AL28: =SUM(AG28:AK28) -> 2362 | AM28: =AB28+AL28 -> 15272 | AN28: =ROUND(500/K28*O28,0) -> 435 | AO28: =AM28+AN28 -> 15707 | AP28: =ROUND(AO28*18%,0) -> 2827 | AQ28: =AO28+AP28 -> 18534 | AU28: 3562018694
A29: 24 | B29: 3562016853 | C29: 4569 | D29: Krishan Pal | E29: Rampal | F29: 43344 | G29: Material Handler | H29: Un-Skilled | I29: 100049122538 | J29: 6712905741 | K29: 27 | L29: =VLOOKUP(B29,'[1]CBT Attendance'!$B$2:$F$29,5,0) -> 25 | O29: =SUM(L29:N29) -> 25 | P29: 14025 | Q29: 0 | R29: 0 | S29: 0 | T29: =ROUND(SUM(P29:S29),0) -> 14025 | U29: =ROUND(P29/$K29*$O29,0) -> 12986 | V29: =ROUND(Q29/$K29*$O29,0) -> 0 | W29: =ROUND(R29/$K29*$O29,0) -> 0 | X29: =ROUND(S29/$K29*$O29,0) -> 0 | Y29: =ROUND(SUM(U29:X29),0) -> 12986 | AA29: =ROUND(Y29*5.76%,0) -> 748 | AB29: =Y29+AA29+Z29 -> 13734 | AC29: =ROUNDUP(IF(T29>21000,0,AB29*1.75%),0) -> 241 | AD29: =ROUND(U29*12%,0) -> 1558 | AE29: 1 | AF29: =ROUND((AB29+AK29)-(AC29+AD29+AE29),0) -> 11934 | AG29: =ROUNDUP(AB29*4.75%,0) -> 653 | AH29: =ROUND(U29*13%,0) -> 1688 | AI29: 2 | AJ29: =ROUND(183/K29*O29,0) -> 169 | AL29: =SUM(AG29:AK29) -> 2512 | AM29: =AB29+AL29 -> 16246 | AN29: =ROUND(500/K29*O29,0) -> 463 | AO29: =AM29+AN29 -> 16709 | AP29: =ROUND(AO29*18%,0) -> 3008 | AQ29: =AO29+AP29 -> 19717 | AU29: 3562016853
A30: 25 | B30: 3562016855 | C30: 4571 | D30: Amit Kumar | E30: Narsingh Lal | F30: 43344 | G30: Material Handler | H30: Un-Skilled | I30: 100693286743 | J30: 6924189334 | K30: 27 | L30: =VLOOKUP(B30,'[1]CBT Attendance'!$B$2:$F$29,5,0) -> 25 | O30: =SUM(L30:N30) -> 25 | P30: 14025 | Q30: 0 | R30: 0 | S30: 0 | T30: =ROUND(SUM(P30:S30),0) -> 14025 | U30: =ROUND(P30/$K30*$O30,0) -> 12986 | V30: =ROUND(Q30/$K30*$O30,0) -> 0 | W30: =ROUND(R30/$K30*$O30,0) -> 0 | X30: =ROUND(S30/$K30*$O30,0) -> 0 | Y30: =ROUND(SUM(U30:X30),0) -> 12986 | AA30: =ROUND(Y30*5.76%,0) -> 748 | AB30: =Y30+AA30+Z30 -> 13734 | AC30: =ROUNDUP(IF(T30>21000,0,AB30*1.75%),0) -> 241 | AD30: =ROUND(U30*12%,0) -> 1558 | AE30: 1 | AF30: =ROUND((AB30+AK30)-(AC30+AD30+AE30),0) -> 11934 | AG30: =ROUNDUP(AB30*4.75%,0) -> 653 | AH30: =ROUND(U30*13%,0) -> 1688 | AI30: 2 | AJ30: =ROUND(183/K30*O30,0) -> 169 | AL30: =SUM(AG30:AK30) -> 2512 | AM30: =AB30+AL30 -> 16246 | AN30: =ROUND(500/K30*O30,0) -> 463 | AO30: =AM30+AN30 -> 16709 | AP30: =ROUND(AO30*18%,0) -> 3008 | AQ30: =AO30+AP30 -> 19717 | AU30: 3562016855
A31: 26 | B31: 3562019550 | C31: 5731 | D31: Ravinder Sharma | E31: Surender Kumar | F31: 43511 | G31: DEO | H31: Skilled | I31: 101424171817 | J31: 6928829241 | K31: 27 | L31: =VLOOKUP(B31,'[1]CBT Attendance'!$B$2:$F$29,5,0) -> 24.5 | O31: =SUM(L31:N31) -> 24.5 | P31: 15427 | Q31: 0 | R31: 0 | S31: 0 | T31: =ROUND(SUM(P31:S31),0) -> 15427 | U31: =ROUND(P31/$K31*$O31,0) -> 13999 | V31: =ROUND(Q31/$K31*$O31,0) -> 0 | W31: =ROUND(R31/$K31*$O31,0) -> 0 | X31: =ROUND(S31/$K31*$O31,0) -> 0 | Y31: =ROUND(SUM(U31:X31),0) -> 13999 | AA31: =ROUND(Y31*5.76%,0) -> 806 | AB31: =Y31+AA31+Z31 -> 14805 | AC31: =ROUNDUP(IF(T31>21000,0,AB31*1.75%),0) -> 260 | AD31: =ROUND(U31*12%,0) -> 1680 | AE31: 1 | AF31: =ROUND((AB31+AK31)-(AC31+AD31+AE31),0) -> 12864 | AG31: =ROUNDUP(AB31*4.75%,0) -> 704 | AH31: =ROUND(U31*13%,0) -> 1820 | AI31: 2 | AJ31: =ROUND(183/K31*O31,0) -> 166 | AL31: =SUM(AG31:AK31) -> 2692 | AM31: =AB31+AL31 -> 17497 | AN31: =ROUND(500/K31*O31,0) -> 454 | AO31: =AM31+AN31 -> 17951 | AP31: =ROUND(AO31*18%,0) -> 3231 | AQ31: =AO31+AP31 -> 21182 | AU31: 3562019550
A32: 27 | B32: 3562020946 | D32: SUJEET KUMAR SINGH | F32: 43586 | G32: MHE | H32: Un-Skilled | K32: 27 | L32: 27 | O32: =SUM(L32:N32) -> 27 | P32: 15427 | Q32: 0 | R32: 0 | S32: 0 | T32: =ROUND(SUM(P32:S32),0) -> 15427 | U32: =ROUND(P32/$K32*$O32,0) -> 15427 | V32: =ROUND(Q32/$K32*$O32,0) -> 0 | W32: =ROUND(R32/$K32*$O32,0) -> 0 | X32: =ROUND(S32/$K32*$O32,0) -> 0 | Y32: =ROUND(SUM(U32:X32),0) -> 15427 | AA32: =ROUND(Y32*5.76%,0) -> 889 | AB32: =Y32+AA32+Z32 -> 16316 | AC32: =ROUNDUP(IF(T32>21000,0,AB32*1.75%),0) -> 286 | AD32: =ROUND(U32*12%,0) -> 1851 | AE32: 1 | AF32: =ROUND((AB32+AK32)-(AC32+AD32+AE32),0) -> 14178 | AG32: =ROUNDUP(AB32*4.75%,0) -> 776 | AH32: =ROUND(U32*13%,0) -> 2006 | AI32: 2 | AJ32: =ROUND(183/K32*O32,0) -> 183 | AL32: =SUM(AG32:AK32) -> 2967 | AM32: =AB32+AL32 -> 19283 | AN32: =ROUND(500/K32*O32,0) -> 500 | AO32: =AM32+AN32 -> 19783 | AP32: =ROUND(AO32*18%,0) -> 3561 | AQ32: =AO32+AP32 -> 23344 | AU32: 3562020946
A33: 28 | B33: 3562020914 | D33: Prince Kumar | F33: 43586 | G33: SUP | H33: Skilled | K33: 27 | L33: 26 | O33: =SUM(L33:N33) -> 26 | P33: 14025 | Q33: 0 | R33: 0 | S33: 0 | T33: =ROUND(SUM(P33:S33),0) -> 14025 | U33: =ROUND(P33/$K33*$O33,0) -> 13506 | V33: =ROUND(Q33/$K33*$O33,0) -> 0 | W33: =ROUND(R33/$K33*$O33,0) -> 0 | X33: =ROUND(S33/$K33*$O33,0) -> 0 | Y33: =ROUND(SUM(U33:X33),0) -> 13506 | AA33: =ROUND(Y33*5.76%,0) -> 778 | AB33: =Y33+AA33+Z33 -> 14284 | AC33: =ROUNDUP(IF(T33>21000,0,AB33*1.75%),0) -> 250 | AD33: =ROUND(U33*12%,0) -> 1621 | AE33: 1 | AF33: =ROUND((AB33+AK33)-(AC33+AD33+AE33),0) -> 12412 | AG33: =ROUNDUP(AB33*4.75%,0) -> 679 | AH33: =ROUND(U33*13%,0) -> 1756 | AI33: 2 | AJ33: =ROUND(183/K33*O33,0) -> 176 | AL33: =SUM(AG33:AK33) -> 2613 | AM33: =AB33+AL33 -> 16897 | AN33: =ROUND(500/K33*O33,0) -> 481 | AO33: =AM33+AN33 -> 17378 | AP33: =ROUND(AO33*18%,0) -> 3128 | AQ33: =AO33+AP33 -> 20506 | AU33: 3562020914
A34: 29 | C34: 5165 | D34: PRIYA | E34: VIJAY PRASAD SHRIVASTAV | F34: 43428 | G34: DEO | H34: Skilled | I34: 101208007225 | J34: 6928605709 | K34: 27 | L34: 26 | O34: =SUM(L34:N34) -> 26 | P34: 15410 | Q34: 0 | R34: 0 | S34: 0 | T34: =ROUND(SUM(P34:S34),0) -> 15410 | U34: =ROUND(P34/$K34*$O34,0) -> 14839 | V34: =ROUND(Q34/$K34*$O34,0) -> 0 | W34: =ROUND(R34/$K34*$O34,0) -> 0 | X34: =ROUND(S34/$K34*$O34,0) -> 0 | Y34: =ROUND(SUM(U34:X34),0) -> 14839 | AA34: =ROUND(Y34*5.76%,0) -> 855 | AB34: =Y34+AA34+Z34 -> 15694 | AC34: =ROUNDUP(IF(T34>21000,0,AB34*1.75%),0) -> 275 | AD34: =ROUND(U34*12%,0) -> 1781 | AE34: 1 | AF34: =ROUND((AB34+AK34)-(AC34+AD34+AE34),0) -> 13637 | AG34: =ROUNDUP(AB34*4.75%,0) -> 746 | AH34: =ROUND(U34*13%,0) -> 1929 | AI34: 2 | AJ34: =ROUND(183/K34*O34,0) -> 176 | AL34: =SUM(AG34:AK34) -> 2853 | AM34: =AB34+AL34 -> 18547 | AN34: =ROUND(500/K34*O34,0) -> 481 | AO34: =AM34+AN34 -> 19028 | AP34: =ROUND(AO34*18%,0) -> 3425 | AQ34: =AO34+AP34 -> 22453 | AU34: #N/A
A35: 30 | C35: 4581 | D35: MANI SHANKAR TIWARI | E35: RADHA MOHAN TIWARI | F35: 43425 | G35: DEO | H35: Skilled | I35: 101293014361 | J35: 6921010976 | K35: 27 | L35: 24.5 | O35: =SUM(L35:N35) -> 24.5 | P35: 15410 | Q35: 0 | R35: 0 | S35: 0 | T35: =ROUND(SUM(P35:S35),0) -> 15410 | U35: =ROUND(P35/$K35*$O35,0) -> 13983 | V35: =ROUND(Q35/$K35*$O35,0) -> 0 | W35: =ROUND(R35/$K35*$O35,0) -> 0 | X35: =ROUND(S35/$K35*$O35,0) -> 0 | Y35: =ROUND(SUM(U35:X35),0) -> 13983 | AA35: =ROUND(Y35*5.76%,0) -> 805 | AB35: =Y35+AA35+Z35 -> 14788 | AC35: =ROUNDUP(IF(T35>21000,0,AB35*1.75%),0) -> 259 | AD35: =ROUND(U35*12%,0) -> 1678 | AE35: 1 | AF35: =ROUND((AB35+AK35)-(AC35+AD35+AE35),0) -> 12850 | AG35: =ROUNDUP(AB35*4.75%,0) -> 703 | AH35: =ROUND(U35*13%,0) -> 1818 | AI35: 2 | AJ35: =ROUND(183/K35*O35,0) -> 166 | AL35: =SUM(AG35:AK35) -> 2689 | AM35: =AB35+AL35 -> 17477 | AN35: =ROUND(500/K35*O35,0) -> 454 | AO35: =AM35+AN35 -> 17931 | AP35: =ROUND(AO35*18%,0) -> 3228 | AQ35: =AO35+AP35 -> 21159 | AU35: #N/A
A36: 31 | C36: 5166 | D36: AMITABH BACHCHAN | E36: MAHAVIR PRASAD | F36: 43420 | G36: DEO | H36: Skilled | I36: 100577021644 | J36: 6928605750 | K36: 27 | L36: 20.5 | O36: =SUM(L36:N36) -> 20.5 | P36: 15410 | Q36: 0 | R36: 0 | S36: 0 | T36: =ROUND(SUM(P36:S36),0) -> 15410 | U36: =ROUND(P36/$K36*$O36,0) -> 11700 | V36: =ROUND(Q36/$K36*$O36,0) -> 0 | W36: =ROUND(R36/$K36*$O36,0) -> 0 | X36: =ROUND(S36/$K36*$O36,0) -> 0 | Y36: =ROUND(SUM(U36:X36),0) -> 11700 | AA36: =ROUND(Y36*5.76%,0) -> 674 | AB36: =Y36+AA36+Z36 -> 12374 | AC36: =ROUNDUP(IF(T36>21000,0,AB36*1.75%),0) -> 217 | AD36: =ROUND(U36*12%,0) -> 1404 | AE36: 1 | AF36: =ROUND((AB36+AK36)-(AC36+AD36+AE36),0) -> 10752 | AG36: =ROUNDUP(AB36*4.75%,0) -> 588 | AH36: =ROUND(U36*13%,0) -> 1521 | AI36: 2 | AJ36: =ROUND(183/K36*O36,0) -> 139 | AL36: =SUM(AG36:AK36) -> 2250 | AM36: =AB36+AL36 -> 14624 | AN36: =ROUND(500/K36*O36,0) -> 380 | AO36: =AM36+AN36 -> 15004 | AP36: =ROUND(AO36*18%,0) -> 2701 | AQ36: =AO36+AP36 -> 17705 | AU36: #N/A
A37: 32 | C37: 5167 | D37: KAMAL | E37: SURESH CHAND | F37: 43423 | G37: DEO | H37: Skilled | I37: 100199682299 | J37: 6928605770 | K37: 27 | L37: 26 | O37: =SUM(L37:N37) -> 26 | P37: 15410 | Q37: 0 | R37: 0 | S37: 0 | T37: =ROUND(SUM(P37:S37),0) -> 15410 | U37: =ROUND(P37/$K37*$O37,0) -> 14839 | V37: =ROUND(Q37/$K37*$O37,0) -> 0 | W37: =ROUND(R37/$K37*$O37,0) -> 0 | X37: =ROUND(S37/$K37*$O37,0) -> 0 | Y37: =ROUND(SUM(U37:X37),0) -> 14839 | AA37: =ROUND(Y37*5.76%,0) -> 855 | AB37: =Y37+AA37+Z37 -> 15694 | AC37: =ROUNDUP(IF(T37>21000,0,AB37*1.75%),0) -> 275 | AD37: =ROUND(U37*12%,0) -> 1781 | AE37: 1 | AF37: =ROUND((AB37+AK37)-(AC37+AD37+AE37),0) -> 13637 | AG37: =ROUNDUP(AB37*4.75%,0) -> 746 | AH37: =ROUND(U37*13%,0) -> 1929 | AI37: 2 | AJ37: =ROUND(183/K37*O37,0) -> 176 | AL37: =SUM(AG37:AK37) -> 2853 | AM37: =AB37+AL37 -> 18547 | AN37: =ROUND(500/K37*O37,0) -> 481 | AO37: =AM37+AN37 -> 19028 | AP37: =ROUND(AO37*18%,0) -> 3425 | AQ37: =AO37+AP37 -> 22453 | AU37: #N/A
A38: 33 | C38: 5168 | D38: RINKU KUMAR | E38: RAJENDER SINGH | F38: 43424 | G38: DEO | H38: Skilled | I38: 101309479356 | J38: 6928605796 | K38: 27 | L38: 22.5 | O38: =SUM(L38:N38) -> 22.5 | P38: 15410 | Q38: 0 | R38: 0 | S38: 0 | T38: =ROUND(SUM(P38:S38),0) -> 15410 | U38: =ROUND(P38/$K38*$O38,0) -> 12842 | V38: =ROUND(Q38/$K38*$O38,0) -> 0 | W38: =ROUND(R38/$K38*$O38,0) -> 0 | X38: =ROUND(S38/$K38*$O38,0) -> 0 | Y38: =ROUND(SUM(U38:X38),0) -> 12842 | AA38: =ROUND(Y38*5.76%,0) -> 740 | AB38: =Y38+AA38+Z38 -> 13582 | AC38: =ROUNDUP(IF(T38>21000,0,AB38*1.75%),0) -> 238 | AD38: =ROUND(U38*12%,0) -> 1541 | AE38: 1 | AF38: =ROUND((AB38+AK38)-(AC38+AD38+AE38),0) -> 11802 | AG38: =ROUNDUP(AB38*4.75%,0) -> 646 | AH38: =ROUND(U38*13%,0) -> 1669 | AI38: 2 | AJ38: =ROUND(183/K38*O38,0) -> 153 | AL38: =SUM(AG38:AK38) -> 2470 | AM38: =AB38+AL38 -> 16052 | AN38: =ROUND(500/K38*O38,0) -> 417 | AO38: =AM38+AN38 -> 16469 | AP38: =ROUND(AO38*18%,0) -> 2964 | AQ38: =AO38+AP38 -> 19433 | AU38: #N/A
A39: 34 | C39: 5169 | D39: AJIT SINGH | E39: OM PRAKASH | F39: 43434 | G39: DEO | H39: Skilled | I39: 101371052075 | J39: 6928605805 | K39: 27 | L39: 27 | O39: =SUM(L39:N39) -> 27 | P39: 15410 | Q39: 0 | R39: 0 | S39: 0 | T39: =ROUND(SUM(P39:S39),0) -> 15410 | U39: =ROUND(P39/$K39*$O39,0) -> 15410 | V39: =ROUND(Q39/$K39*$O39,0) -> 0 | W39: =ROUND(R39/$K39*$O39,0) -> 0 | X39: =ROUND(S39/$K39*$O39,0) -> 0 | Y39: =ROUND(SUM(U39:X39),0) -> 15410 | AA39: =ROUND(Y39*5.76%,0) -> 888 | AB39: =Y39+AA39+Z39 -> 16298 | AC39: =ROUNDUP(IF(T39>21000,0,AB39*1.75%),0) -> 286 | AD39: =ROUND(U39*12%,0) -> 1849 | AE39: 1 | AF39: =ROUND((AB39+AK39)-(AC39+AD39+AE39),0) -> 14162 | AG39: =ROUNDUP(AB39*4.75%,0) -> 775 | AH39: =ROUND(U39*13%,0) -> 2003 | AI39: 2 | AJ39: =ROUND(183/K39*O39,0) -> 183 | AL39: =SUM(AG39:AK39) -> 2963 | AM39: =AB39+AL39 -> 19261 | AN39: =ROUND(500/K39*O39,0) -> 500 | AO39: =AM39+AN39 -> 19761 | AP39: =ROUND(AO39*18%,0) -> 3557 | AQ39: =AO39+AP39 -> 23318 | AU39: #N/A
A40: 35 | C40: 5170 | D40: MANISH KUMAR | E40: DEVENDER KUMAR | F40: 43423 | G40: DEO | H40: Skilled | I40: 101394558704 | J40: 6928605817 | K40: 27 | L40: 17.5 | O40: =SUM(L40:N40) -> 17.5 | P40: 15410 | Q40: 0 | R40: 0 | S40: 0 | T40: =ROUND(SUM(P40:S40),0) -> 15410 | U40: =ROUND(P40/$K40*$O40,0) -> 9988 | V40: =ROUND(Q40/$K40*$O40,0) -> 0 | W40: =ROUND(R40/$K40*$O40,0) -> 0 | X40: =ROUND(S40/$K40*$O40,0) -> 0 | Y40: =ROUND(SUM(U40:X40),0) -> 9988 | AA40: =ROUND(Y40*5.76%,0) -> 575 | AB40: =Y40+AA40+Z40 -> 10563 | AC40: =ROUNDUP(IF(T40>21000,0,AB40*1.75%),0) -> 185 | AD40: =ROUND(U40*12%,0) -> 1199 | AE40: 1 | AF40: =ROUND((AB40+AK40)-(AC40+AD40+AE40),0) -> 9178 | AG40: =ROUNDUP(AB40*4.75%,0) -> 502 | AH40: =ROUND(U40*13%,0) -> 1298 | AI40: 2 | AJ40: =ROUND(183/K40*O40,0) -> 119 | AL40: =SUM(AG40:AK40) -> 1921 | AM40: =AB40+AL40 -> 12484 | AN40: =ROUND(500/K40*O40,0) -> 324 | AO40: =AM40+AN40 -> 12808 | AP40: =ROUND(AO40*18%,0) -> 2305 | AQ40: =AO40+AP40 -> 15113 | AU40: #N/A
A41: 36 | C41: 5023 | D41: Kamlesh Kumar | E41: RAVINDER LAL | F41: 43435 | G41: DEO | H41: Skilled | I41: 100050135649 | J41: 6928684260 | K41: 27 | L41: 25 | O41: =SUM(L41:N41) -> 25 | P41: 15410 | Q41: 0 | R41: 0 | S41: 0 | T41: =ROUND(SUM(P41:S41),0) -> 15410 | U41: =ROUND(P41/$K41*$O41,0) -> 14269 | V41: =ROUND(Q41/$K41*$O41,0) -> 0 | W41: =ROUND(R41/$K41*$O41,0) -> 0 | X41: =ROUND(S41/$K41*$O41,0) -> 0 | Y41: =ROUND(SUM(U41:X41),0) -> 14269 | AA41: =ROUND(Y41*5.76%,0) -> 822 | AB41: =Y41+AA41+Z41 -> 15091 | AC41: =ROUNDUP(IF(T41>21000,0,AB41*1.75%),0) -> 265 | AD41: =ROUND(U41*12%,0) -> 1712 | AE41: 1 | AF41: =ROUND((AB41+AK41)-(AC41+AD41+AE41),0) -> 13113 | AG41: =ROUNDUP(AB41*4.75%,0) -> 717 | AH41: =ROUND(U41*13%,0) -> 1855 | AI41: 2 | AJ41: =ROUND(183/K41*O41,0) -> 169 | AL41: =SUM(AG41:AK41) -> 2743 | AM41: =AB41+AL41 -> 17834 | AN41: =ROUND(500/K41*O41,0) -> 463 | AO41: =AM41+AN41 -> 18297 | AP41: =ROUND(AO41*18%,0) -> 3293 | AQ41: =AO41+AP41 -> 21590 | AU41: #N/A
A42: 37 | C42: 5178 | D42: RAVINDER | E42: GOGARAT RAUT | F42: 43419 | G42: MHE | H42: Un-Skilled | I42: 101200443841 | J42: 6928605991 | K42: 27 | L42: 27 | O42: =SUM(L42:N42) -> 27 | P42: 14010 | Q42: 0 | R42: 0 | S42: 0 | T42: =ROUND(SUM(P42:S42),0) -> 14010 | U42: =ROUND(P42/$K42*$O42,0) -> 14010 | V42: =ROUND(Q42/$K42*$O42,0) -> 0 | W42: =ROUND(R42/$K42*$O42,0) -> 0 | X42: =ROUND(S42/$K42*$O42,0) -> 0 | Y42: =ROUND(SUM(U42:X42),0) -> 14010 | AA42: =ROUND(Y42*5.76%,0) -> 807 | AB42: =Y42+AA42+Z42 -> 14817 | AC42: =ROUNDUP(IF(T42>21000,0,AB42*1.75%),0) -> 260 | AD42: =ROUND(U42*12%,0) -> 1681 | AE42: 1 | AF42: =ROUND((AB42+AK42)-(AC42+AD42+AE42),0) -> 12875 | AG42: =ROUNDUP(AB42*4.75%,0) -> 704 | AH42: =ROUND(U42*13%,0) -> 1821 | AI42: 2 | AJ42: =ROUND(183/K42*O42,0) -> 183 | AL42: =SUM(AG42:AK42) -> 2710 | AM42: =AB42+AL42 -> 17527 | AN42: =ROUND(500/K42*O42,0) -> 500 | AO42: =AM42+AN42 -> 18027 | AP42: =ROUND(AO42*18%,0) -> 3245 | AQ42: =AO42+AP42 -> 21272 | AU42: #N/A
A43: 38 | C43: 5728 | D43: GEETA | E43: LAL SINGH | F43: 43510 | G43: DEO | H43: Un-Skilled | I43: 101424225304 | J43: 6928829168 | K43: 27 | L43: 17 | O43: =SUM(L43:N43) -> 17 | P43: 15410 | Q43: 0 | R43: 0 | S43: 0 | T43: =ROUND(SUM(P43:S43),0) -> 15410 | U43: =ROUND(P43/$K43*$O43,0) -> 9703 | V43: =ROUND(Q43/$K43*$O43,0) -> 0 | W43: =ROUND(R43/$K43*$O43,0) -> 0 | X43: =ROUND(S43/$K43*$O43,0) -> 0 | Y43: =ROUND(SUM(U43:X43),0) -> 9703 | AA43: =ROUND(Y43*5.76%,0) -> 559 | AB43: =Y43+AA43+Z43 -> 10262 | AC43: =ROUNDUP(IF(T43>21000,0,AB43*1.75%),0) -> 180 | AD43: =ROUND(U43*12%,0) -> 1164 | AE43: 1 | AF43: =ROUND((AB43+AK43)-(AC43+AD43+AE43),0) -> 8917 | AG43: =ROUNDUP(AB43*4.75%,0) -> 488 | AH43: =ROUND(U43*13%,0) -> 1261 | AI43: 2 | AJ43: =ROUND(183/K43*O43,0) -> 115 | AL43: =SUM(AG43:AK43) -> 1866 | AM43: =AB43+AL43 -> 12128 | AN43: =ROUND(500/K43*O43,0) -> 315 | AO43: =AM43+AN43 -> 12443 | AP43: =ROUND(AO43*18%,0) -> 2240 | AQ43: =AO43+AP43 -> 14683 | AU43: #N/A
A44: 39 | C44: 5729 | D44: NARESH | E44: Raju Sharma | F44: 43516 | G44: MHE | H44: Un-Skilled | I44: 101424169649 | J44: 6928829197 | K44: 27 | L44: 22 | O44: =SUM(L44:N44) -> 22 | P44: 14010 | Q44: 0 | R44: 0 | S44: 0 | T44: =ROUND(SUM(P44:S44),0) -> 14010 | U44: =ROUND(P44/$K44*$O44,0) -> 11416 | V44: =ROUND(Q44/$K44*$O44,0) -> 0 | W44: =ROUND(R44/$K44*$O44,0) -> 0 | X44: =ROUND(S44/$K44*$O44,0) -> 0 | Y44: =ROUND(SUM(U44:X44),0) -> 11416 | AA44: =ROUND(Y44*5.76%,0) -> 658 | AB44: =Y44+AA44+Z44 -> 12074 | AC44: =ROUNDUP(IF(T44>21000,0,AB44*1.75%),0) -> 212 | AD44: =ROUND(U44*12%,0) -> 1370 | AE44: 1 | AF44: =ROUND((AB44+AK44)-(AC44+AD44+AE44),0) -> 10491 | AG44: =ROUNDUP(AB44*4.75%,0) -> 574 | AH44: =ROUND(U44*13%,0) -> 1484 | AI44: 2 | AJ44: =ROUND(183/K44*O44,0) -> 149 | AL44: =SUM(AG44:AK44) -> 2209 | AM44: =AB44+AL44 -> 14283 | AN44: =ROUND(500/K44*O44,0) -> 407 | AO44: =AM44+AN44 -> 14690 | AP44: =ROUND(AO44*18%,0) -> 2644 | AQ44: =AO44+AP44 -> 17334 | AU44: #N/A
A45: 40 | B45: 3562001051 | C45: 3969 | D45: AMIT KUMAR SAINI | E45: SURAJ BHAN SAINI | F45: 43252 | G45: DEO | H45: Skilled | I45: 100098803536 | J45: 6928223853 | K45: 27 | L45: 27 | O45: =SUM(L45:N45) -> 27 | P45: 15410 | Q45: 5000 | R45: 1000 | S45: 0 | T45: =ROUND(SUM(P45:S45),0) -> 21410 | U45: =ROUND(P45/$K45*$O45,0) -> 15410 | V45: =ROUND(Q45/$K45*$O45,0) -> 5000 | W45: =ROUND(R45/$K45*$O45,0) -> 1000 | X45: =ROUND(S45/$K45*$O45,0) -> 0 | Y45: =ROUND(SUM(U45:X45),0) -> 21410 | AA45: =ROUND(Y45*5.76%,0) -> 1233 | AB45: =Y45+AA45+Z45 -> 22643 | AC45: =ROUNDUP(IF(T45>21000,0,AB45*1.75%),0) -> 0 | AD45: =ROUND(U45*12%,0) -> 1849 | AE45: 1 | AF45: =ROUND((AB45+AK45)-(AC45+AD45+AE45),0) -> 20793 | AG45: =ROUNDUP(AB45*4.75%,0) -> 1076 | AH45: =ROUND(U45*13%,0) -> 2003 | AI45: 2 | AJ45: =ROUND(183/K45*O45,0) -> 183 | AL45: =SUM(AG45:AK45) -> 3264 | AM45: =AB45+AL45 -> 25907 | AN45: =ROUND(500/K45*O45,0) -> 500 | AO45: =AM45+AN45 -> 26407 | AP45: =ROUND(AO45*18%,0) -> 4753 | AQ45: =AO45+AP45 -> 31160 | AU45: #N/A
A46: 41 | C46: 6187 | D46: Kundan Kumar | E46: Ramdev Ravidas | F46: 43582 | G46: MHE | H46: Un-Skilled | I46: 101193387601 | J46: 6928992954 | K46: 27 | L46: 27 | O46: =SUM(L46:N46) -> 27 | P46: 14010 | Q46: 0 | R46: 0 | S46: 0 | T46: =ROUND(SUM(P46:S46),0) -> 14010 | U46: =ROUND(P46/$K46*$O46,0) -> 14010 | V46: =ROUND(Q46/$K46*$O46,0) -> 0 | W46: =ROUND(R46/$K46*$O46,0) -> 0 | X46: =ROUND(S46/$K46*$O46,0) -> 0 | Y46: =ROUND(SUM(U46:X46),0) -> 14010 | AA46: =ROUND(Y46*5.76%,0) -> 807 | AB46: =Y46+AA46+Z46 -> 14817 | AC46: =ROUNDUP(IF(T46>21000,0,AB46*1.75%),0) -> 260 | AD46: =ROUND(U46*12%,0) -> 1681 | AE46: 1 | AF46: =ROUND((AB46+AK46)-(AC46+AD46+AE46),0) -> 12875 | AG46: =ROUNDUP(AB46*4.75%,0) -> 704 | AH46: =ROUND(U46*13%,0) -> 1821 | AI46: 2 | AJ46: =ROUND(183/K46*O46,0) -> 183 | AL46: =SUM(AG46:AK46) -> 2710 | AM46: =AB46+AL46 -> 17527 | AN46: =ROUND(500/K46*O46,0) -> 500 | AO46: =AM46+AN46 -> 18027 | AP46: =ROUND(AO46*18%,0) -> 3245 | AQ46: =AO46+AP46 -> 21272 | AR46: 36192 | AS46: 910506583990 | AU46: #N/A
A47: 42 | C47: 6188 | D47: Krishan | E47: Shyam Sharma | F47: 43579 | G47: MHE | H47: Un-Skilled | I47: 101446145807 | J47: 6928992988 | K47: 27 | L47: 26.7 | O47: =SUM(L47:N47) -> 26.7 | P47: 14010 | Q47: 0 | R47: 0 | S47: 0 | T47: =ROUND(SUM(P47:S47),0) -> 14010 | U47: =ROUND(P47/$K47*$O47,0) -> 13854 | V47: =ROUND(Q47/$K47*$O47,0) -> 0 | W47: =ROUND(R47/$K47*$O47,0) -> 0 | X47: =ROUND(S47/$K47*$O47,0) -> 0 | Y47: =ROUND(SUM(U47:X47),0) -> 13854 | AA47: =ROUND(Y47*5.76%,0) -> 798 | AB47: =Y47+AA47+Z47 -> 14652 | AC47: =ROUNDUP(IF(T47>21000,0,AB47*1.75%),0) -> 257 | AD47: =ROUND(U47*12%,0) -> 1662 | AE47: 1 | AF47: =ROUND((AB47+AK47)-(AC47+AD47+AE47),0) -> 12732 | AG47: =ROUNDUP(AB47*4.75%,0) -> 696 | AH47: =ROUND(U47*13%,0) -> 1801 | AI47: 2 | AJ47: =ROUND(183/K47*O47,0) -> 181 | AL47: =SUM(AG47:AK47) -> 2680 | AM47: =AB47+AL47 -> 17332 | AN47: =ROUND(500/K47*O47,0) -> 494 | AO47: =AM47+AN47 -> 17826 | AP47: =ROUND(AO47*18%,0) -> 3209 | AQ47: =AO47+AP47 -> 21035 | AR47: 36216 | AS47: 539364479936 | AU47: #N/A
A48: 43 | C48: 6189 | D48: Dheeraj Kumar Bharti | E48: Surender Singh | F48: 43580 | G48: MHE | H48: Un-Skilled | I48: 101335544057 | J48: 6928993012 | K48: 27 | L48: 26 | O48: =SUM(L48:N48) -> 26 | P48: 14010 | Q48: 0 | R48: 0 | S48: 0 | T48: =ROUND(SUM(P48:S48),0) -> 14010 | U48: =ROUND(P48/$K48*$O48,0) -> 13491 | V48: =ROUND(Q48/$K48*$O48,0) -> 0 | W48: =ROUND(R48/$K48*$O48,0) -> 0 | X48: =ROUND(S48/$K48*$O48,0) -> 0 | Y48: =ROUND(SUM(U48:X48),0) -> 13491 | AA48: =ROUND(Y48*5.76%,0) -> 777 | AB48: =Y48+AA48+Z48 -> 14268 | AC48: =ROUNDUP(IF(T48>21000,0,AB48*1.75%),0) -> 250 | AD48: =ROUND(U48*12%,0) -> 1619 | AE48: 1 | AF48: =ROUND((AB48+AK48)-(AC48+AD48+AE48),0) -> 12398 | AG48: =ROUNDUP(AB48*4.75%,0) -> 678 | AH48: =ROUND(U48*13%,0) -> 1754 | AI48: 2 | AJ48: =ROUND(183/K48*O48,0) -> 176 | AL48: =SUM(AG48:AK48) -> 2610 | AM48: =AB48+AL48 -> 16878 | AN48: =ROUND(500/K48*O48,0) -> 481 | AO48: =AM48+AN48 -> 17359 | AP48: =ROUND(AO48*18%,0) -> 3125 | AQ48: =AO48+AP48 -> 20484 | AR48: 35460 | AS48: 654855372801 | AU48: #N/A
A49: 44 | C49: 6190 | D49: Yogesh Kashyap | E49: Jagdish Prasad | F49: 06/05/2019 | G49: MHE | H49: Un-Skilled | I49: 100769456094 | J49: 6928993069 | K49: 27 | L49: 23 | O49: =SUM(L49:N49) -> 23 | P49: 14010 | Q49: 0 | R49: 0 | S49: 0 | T49: =ROUND(SUM(P49:S49),0) -> 14010 | U49: =ROUND(P49/$K49*$O49,0) -> 11934 | V49: =ROUND(Q49/$K49*$O49,0) -> 0 | W49: =ROUND(R49/$K49*$O49,0) -> 0 | X49: =ROUND(S49/$K49*$O49,0) -> 0 | Y49: =ROUND(SUM(U49:X49),0) -> 11934 | AA49: =ROUND(Y49*5.76%,0) -> 687 | AB49: =Y49+AA49+Z49 -> 12621 | AC49: =ROUNDUP(IF(T49>21000,0,AB49*1.75%),0) -> 221 | AD49: =ROUND(U49*12%,0) -> 1432 | AE49: 1 | AF49: =ROUND((AB49+AK49)-(AC49+AD49+AE49),0) -> 10967 | AG49: =ROUNDUP(AB49*4.75%,0) -> 600 | AH49: =ROUND(U49*13%,0) -> 1551 | AI49: 2 | AJ49: =ROUND(183/K49*O49,0) -> 156 | AL49: =SUM(AG49:AK49) -> 2309 | AM49: =AB49+AL49 -> 14930 | AN49: =ROUND(500/K49*O49,0) -> 426 | AO49: =AM49+AN49 -> 15356 | AP49: =ROUND(AO49*18%,0) -> 2764 | AQ49: =AO49+AP49 -> 18120 | AR49: 31590 | AS49: 452605178331 | AU49: #N/A
A50: 45 | C50: 6191 | D50: Sandeep kumar | E50: Shankar Lal | F50: 43584 | G50: MHE | H50: Un-Skilled | I50: 101452082251 | J50: 6928993096 | K50: 27 | L50: 27 | O50: =SUM(L50:N50) -> 27 | P50: 14010 | Q50: 0 | R50: 0 | S50: 0 | T50: =ROUND(SUM(P50:S50),0) -> 14010 | U50: =ROUND(P50/$K50*$O50,0) -> 14010 | V50: =ROUND(Q50/$K50*$O50,0) -> 0 | W50: =ROUND(R50/$K50*$O50,0) -> 0 | X50: =ROUND(S50/$K50*$O50,0) -> 0 | Y50: =ROUND(SUM(U50:X50),0) -> 14010 | AA50: =ROUND(Y50*5.76%,0) -> 807 | AB50: =Y50+AA50+Z50 -> 14817 | AC50: =ROUNDUP(IF(T50>21000,0,AB50*1.75%),0) -> 260 | AD50: =ROUND(U50*12%,0) -> 1681 | AE50: 1 | AF50: =ROUND((AB50+AK50)-(AC50+AD50+AE50),0) -> 12875 | AG50: =ROUNDUP(AB50*4.75%,0) -> 704 | AH50: =ROUND(U50*13%,0) -> 1821 | AI50: 2 | AJ50: =ROUND(183/K50*O50,0) -> 183 | AL50: =SUM(AG50:AK50) -> 2710 | AM50: =AB50+AL50 -> 17527 | AN50: =ROUND(500/K50*O50,0) -> 500 | AO50: =AM50+AN50 -> 18027 | AP50: =ROUND(AO50*18%,0) -> 3245 | AQ50: =AO50+AP50 -> 21272 | AR50: 34761 | AS50: 632853573222 | AU50: #N/A
A51: 46 | C51: 6192 | D51: Lavkush | E51: Kripal Singh | F51: 43582 | G51: MHE | H51: Un-Skilled | I51: 101446145784 | J51: 6928993120 | K51: 27 | L51: 27 | O51: =SUM(L51:N51) -> 27 | P51: 14010 | Q51: 0 | R51: 0 | S51: 0 | T51: =ROUND(SUM(P51:S51),0) -> 14010 | U51: =ROUND(P51/$K51*$O51,0) -> 14010 | V51: =ROUND(Q51/$K51*$O51,0) -> 0 | W51: =ROUND(R51/$K51*$O51,0) -> 0 | X51: =ROUND(S51/$K51*$O51,0) -> 0 | Y51: =ROUND(SUM(U51:X51),0) -> 14010 | AA51: =ROUND(Y51*5.76%,0) -> 807 | AB51: =Y51+AA51+Z51 -> 14817 | AC51: =ROUNDUP(IF(T51>21000,0,AB51*1.75%),0) -> 260 | AD51: =ROUND(U51*12%,0) -> 1681 | AE51: 1 | AF51: =ROUND((AB51+AK51)-(AC51+AD51+AE51),0) -> 12875 | AG51: =ROUNDUP(AB51*4.75%,0) -> 704 | AH51: =ROUND(U51*13%,0) -> 1821 | AI51: 2 | AJ51: =ROUND(183/K51*O51,0) -> 183 | AL51: =SUM(AG51:AK51) -> 2710 | AM51: =AB51+AL51 -> 17527 | AN51: =ROUND(500/K51*O51,0) -> 500 | AO51: =AM51+AN51 -> 18027 | AP51: =ROUND(AO51*18%,0) -> 3245 | AQ51: =AO51+AP51 -> 21272 | AR51: 32874 | AS51: 705812082987 | AU51: #N/A
A52: 47 | C52: 6193 | D52: Uma Kant Sharma | E52: Dharadhar | F52: 43585 | G52: MHE | H52: Un-Skilled | I52: Aadhar Not Update | J52: 6928993135 | K52: 27 | L52: 27 | O52: =SUM(L52:N52) -> 27 | P52: 14010 | Q52: 0 | R52: 0 | S52: 0 | T52: =ROUND(SUM(P52:S52),0) -> 14010 | U52: =ROUND(P52/$K52*$O52,0) -> 14010 | V52: =ROUND(Q52/$K52*$O52,0) -> 0 | W52: =ROUND(R52/$K52*$O52,0) -> 0 | X52: =ROUND(S52/$K52*$O52,0) -> 0 | Y52: =ROUND(SUM(U52:X52),0) -> 14010 | AA52: =ROUND(Y52*5.76%,0) -> 807 | AB52: =Y52+AA52+Z52 -> 14817 | AC52: =ROUNDUP(IF(T52>21000,0,AB52*1.75%),0) -> 260 | AD52: =ROUND(U52*12%,0) -> 1681 | AE52: 1 | AF52: =ROUND((AB52+AK52)-(AC52+AD52+AE52),0) -> 12875 | AG52: =ROUNDUP(AB52*4.75%,0) -> 704 | AH52: =ROUND(U52*13%,0) -> 1821 | AI52: 2 | AJ52: =ROUND(183/K52*O52,0) -> 183 | AL52: =SUM(AG52:AK52) -> 2710 | AM52: =AB52+AL52 -> 17527 | AN52: =ROUND(500/K52*O52,0) -> 500 | AO52: =AM52+AN52 -> 18027 | AP52: =ROUND(AO52*18%,0) -> 3245 | AQ52: =AO52+AP52 -> 21272 | AR52: 34897 | AS52: 821895446448 | AU52: #N/A
A53: 48 | C53: 6194 | D53: LAXMAN PRASAD | E53: BAL BAHADUR | F53: 01-05-2019 | G53: MHE | H53: Un-Skilled | K53: 27 | L53: 27 | O53: =SUM(L53:N53) -> 27 | P53: 14010 | Q53: 0 | R53: 0 | S53: 0 | T53: =ROUND(SUM(P53:S53),0) -> 14010 | U53: =ROUND(P53/$K53*$O53,0) -> 14010 | V53: =ROUND(Q53/$K53*$O53,0) -> 0 | W53: =ROUND(R53/$K53*$O53,0) -> 0 | X53: =ROUND(S53/$K53*$O53,0) -> 0 | Y53: =ROUND(SUM(U53:X53),0) -> 14010 | AA53: =ROUND(Y53*5.76%,0) -> 807 | AB53: =Y53+AA53+Z53 -> 14817 | AC53: =ROUNDUP(IF(T53>21000,0,AB53*1.75%),0) -> 260 | AD53: =ROUND(U53*12%,0) -> 1681 | AE53: 1 | AF53: =ROUND((AB53+AK53)-(AC53+AD53+AE53),0) -> 12875 | AG53: =ROUNDUP(AB53*4.75%,0) -> 704 | AH53: =ROUND(U53*13%,0) -> 1821 | AI53: 2 | AJ53: =ROUND(183/K53*O53,0) -> 183 | AL53: =SUM(AG53:AK53) -> 2710 | AM53: =AB53+AL53 -> 17527 | AN53: =ROUND(500/K53*O53,0) -> 500 | AO53: =AM53+AN53 -> 18027 | AP53: =ROUND(AO53*18%,0) -> 3245 | AQ53: =AO53+AP53 -> 21272 | AR53: 01-01-1981 | AS53: 504580381031 | AU53: #N/A
K55: Total | L55: =SUM(L6:L54) -> 1130.7 | M55: =SUM(M6:M52) -> 0 | N55: =SUM(N6:N52) -> 0 | O55: =SUM(O6:O54) -> 1130.7 | P55: =SUM(P6:P52) -> 678498 | Q55: =SUM(Q6:Q52) -> 5000 | R55: =SUM(R6:R52) -> 1000 | S55: =SUM(S6:S52) -> 0 | T55: =SUM(T6:T52) -> 684498 | U55: =SUM(U6:U52) -> 590066 | V55: =SUM(V6:V52) -> 5000 | W55: =SUM(W6:W52) -> 1000 | ... AQ55: =SUM(AQ6:AQ52) -> 902797
AF58: =+AF55+'Combined OT'!Q26 -> 581654 | AQ58: =+AQ55+'Combined OT'!V26 -> 944236.9

Sheet CBT Wages
A1: Location | B1: DEL111 | F1: Bill No. | G1: 0
A2: Month | B2: 45017 | F2: Head Count | G2: 46
A3: Vendor | B3: DM Industries | F3: Project | G3: DHL-Okhla-C-53 (HP-PPS)
A4: Employee's Particulars | K4: Attendance Summery | P4: Actual Rates | U4: Earning Summery | AC4: Employee's Deduction | AF4: Payble | AG4: Employer's Cost | AP4: Final Billing Cost
A5: S.No. | B5: MARS ID | C5: Vendor Code | D5: Name of Employee | E5: Father's Name | F5: DOJ | G5: Designation | H5: Category | I5: UAN | J5: ESIC | K5: Working Days | L5: No. of Present Days | M5: Paid Holiday | N5: Arrear Days | O5: Total No. of Payble Days | P5: Basic+VDA | Q5: HRA | R5: Conveyance Allow. | S5: Other Allowence Rate | T5: Total Monthly Gross | U5: Basic+VDA | V5: HRA | W5: Conveyance Allowence | X5: Other Allowence | Y5: Monthly Gross | Z5: Monthly Bonus (If Applicable) | AA5: Leave Encashment | AB5: Total Gross Earned (A) | AC5: Employee Contribution on ESIC (0.75%) | AD5: Employee Contribution on PF (12%) | AE5: Employee LWF Contribution | AF5: Net earning | AG5: Employer Contribution on ESIC (3.25%) | AH5: Employer Contribution PF (13%) | AI5: Employer Contribution on LWF | AJ5: Uniform | AK5: Attendance + Performance Incentive (If Any) | AL5: Insurance | AM5: Total (B) | AN5: Wage cost (A+B) | AO5: Agency Service Charge (C) | AP5: SUB TOTAL A+B+C=D | AQ5: GST 18% ON D | AR5: CTC
A6: 1 | B6: 3562016849 | C6: 4574 | D6: Mohit Garg | E6: Thakur Das | F6: 43344 | G6: DEO | H6: Skilled | I6: 100064441627 | J6: 6923778712 | K6: 25 | L6: 24 | M6: 0 | N6: 0 | O6: =SUM(L6:N6) -> 24 | P6: 18993 | Q6: 413 | R6: 0 | S6: 0 | T6: =ROUND(SUM(P6:S6),0) -> 19406 | U6: =ROUND(P6/$K6*$O6,0) -> 18233 | V6: =ROUND(Q6/$K6*$O6,0) -> 396 | W6: =ROUND(R6/$K6*$O6,0) -> 0 | X6: =ROUND(S6/$K6*$O6,0) -> 0 | Y6: =ROUND(SUM(U6:X6),0) -> 18629 | Z6: =ROUNDUP(U6*8.33/100,0) -> 1519 | AA6: =ROUND(Y6*5.76%,0) -> 1073 | AB6: =Y6+AA6+Z6 -> 21221 | AC6: =ROUNDUP(IF(T6>21000,0,AB6*0.75%),0) -> 160 | AD6: =ROUND(AB6-V6-Z6,0)*12% -> 2316.72 | AE6: 1 | AF6: =ROUND((AB6+AK6)-(AC6+AD6+AE6),0) -> 18743 | AG6: =ROUNDUP(AB6*3.25%,0) -> 690 | AH6: =ROUND(AB6-V6-Z6,0)*13% -> 2509.78 | AI6: 2 | AJ6: =ROUND(175/K6*O6,0) -> 168 | AK6: 0 | AL6: 0 | AM6: =SUM(AG6:AL6) -> 3369.78 | AN6: =AB6+AM6 -> 24590.78 | AO6: =ROUND(675/K6*O6,0) -> 648 | AP6: =AN6+AO6 -> 25238.78 | AQ6: =ROUND(AP6*18%,0) -> 4543 | AR6: =AP6+AQ6 -> 29781.78
A7: 2 | B7: 3562016837 | C7: 4578 | D7: Pradeep Burman | E7: Fatik Barman | F7: 43344 | G7: DEO | H7: Skilled | I7: 100014928885 | J7: 2013503576 | K7: 25 | L7: 19 | M7: 0 | N7: 0 | O7: =SUM(L7:N7) -> 19 | P7: 18993 | Q7: 0 | R7: 0 | S7: 0 | T7: =ROUND(SUM(P7:S7),0) -> 18993 | U7: =ROUND(P7/$K7*$O7,0) -> 14435 | V7: =ROUND(Q7/$K7*$O7,0) -> 0 | W7: =ROUND(R7/$K7*$O7,0) -> 0 | X7: =ROUND(S7/$K7*$O7,0) -> 0 | Y7: =ROUND(SUM(U7:X7),0) -> 14435 | Z7: =ROUNDUP(U7*8.33/100,0) -> 1203 | AA7: =ROUND(Y7*5.76%,0) -> 831 | AB7: =Y7+AA7+Z7 -> 16469 | AC7: =ROUNDUP(IF(T7>21000,0,AB7*0.75%),0) -> 124 | AD7: =ROUND(AB7-V7-Z7,0)*12% -> 1831.92 | AE7: 1 | AF7: =ROUND((AB7+AK7)-(AC7+AD7+AE7),0) -> 14512 | AG7: =ROUNDUP(AB7*3.25%,0) -> 536 | AH7: =ROUND(AB7-V7-Z7,0)*13% -> 1984.58 | AI7: 2 | AJ7: =ROUND(175/K7*O7,0) -> 133 | AK7: 0 | AL7: 0 | AM7: =SUM(AG7:AL7) -> 2655.58 | AN7: =AB7+AM7 -> 19124.58 | AO7: =ROUND(675/K7*O7,0) -> 513 | AP7: =AN7+AO7 -> 19637.58 | AQ7: =ROUND(AP7*18%,0) -> 3535 | AR7: =AP7+AQ7 -> 23172.58
A8: 3 | B8: 3562016838 | C8: 4579 | D8: Rakesh Rai | E8: Lt. Kameshwar Rai | F8: 43344 | G8: MHE | H8: Un-Skilled | I8: 100029192811 | J8: 6923778874 | K8: 25 | L8: 25 | M8: 0 | N8: 0 | O8: =SUM(L8:N8) -> 25 | P8: 17234 | Q8: 0 | R8: 0 | S8: 0 | T8: =ROUND(SUM(P8:S8),0) -> 17234 | U8: =ROUND(P8/$K8*$O8,0) -> 17234 | V8: =ROUND(Q8/$K8*$O8,0) -> 0 | W8: =ROUND(R8/$K8*$O8,0) -> 0 | X8: =ROUND(S8/$K8*$O8,0) -> 0 | Y8: =ROUND(SUM(U8:X8),0) -> 17234 | Z8: =ROUNDUP(U8*8.33/100,0) -> 1436 | AA8: =ROUND(Y8*5.76%,0) -> 993 | AB8: =Y8+AA8+Z8 -> 19663 | AC8: =ROUNDUP(IF(T8>21000,0,AB8*0.75%),0) -> 148 | AD8: =ROUND(AB8-V8-Z8,0)*12% -> 2187.24 | AE8: 1 | AF8: =ROUND((AB8+AK8)-(AC8+AD8+AE8),0) -> 17327 | AG8: =ROUNDUP(AB8*3.25%,0) -> 640 | AH8: =ROUND(AB8-V8-Z8,0)*13% -> 2369.51 | AI8: 2 | AJ8: =ROUND(175/K8*O8,0) -> 175 | AK8: 0 | AL8: 0 | AM8: =SUM(AG8:AL8) -> 3186.51 | AN8: =AB8+AM8 -> 22849.51 | AO8: =ROUND(675/K8*O8,0) -> 675 | AP8: =AN8+AO8 -> 23524.51 | AQ8: =ROUND(AP8*18%,0) -> 4234 | AR8: =AP8+AQ8 -> 27758.51
A9: 4 | B9: 3562016848 | C9: 4582 | D9: Monu Kumar | E9: Sahankar Shah | F9: 43344 | G9: MHE | H9: Un-Skilled | I9: 100052358838 | J9: 6923778820 | K9: 25 | L9: 24 | M9: 0 | N9: 0 | O9: =SUM(L9:N9) -> 24 | P9: 17234 | Q9: 0 | R9: 0 | S9: 0 | T9: =ROUND(SUM(P9:S9),0) -> 17234 | U9: =ROUND(P9/$K9*$O9,0) -> 16545 | V9: =ROUND(Q9/$K9*$O9,0) -> 0 | W9: =ROUND(R9/$K9*$O9,0) -> 0 | X9: =ROUND(S9/$K9*$O9,0) -> 0 | Y9: =ROUND(SUM(U9:X9),0) -> 16545 | Z9: =ROUNDUP(U9*8.33/100,0) -> 1379 | AA9: =ROUND(Y9*5.76%,0) -> 953 | AB9: =Y9+AA9+Z9 -> 18877 | AC9: =ROUNDUP(IF(T9>21000,0,AB9*0.75%),0) -> 142 | AD9: =ROUND(AB9-V9-Z9,0)*12% -> 2099.76 | AE9: 1 | AF9: =ROUND((AB9+AK9)-(AC9+AD9+AE9),0) -> 16634 | AG9: =ROUNDUP(AB9*3.25%,0) -> 614 | AH9: =ROUND(AB9-V9-Z9,0)*13% -> 2274.74 | AI9: 2 | AJ9: =ROUND(175/K9*O9,0) -> 168 | AK9: 0 | AL9: 0 | AM9: =SUM(AG9:AL9) -> 3058.74 | AN9: =AB9+AM9 -> 21935.74 | AO9: =ROUND(675/K9*O9,0) -> 648 | AP9: =AN9+AO9 -> 22583.74 | AQ9: =ROUND(AP9*18%,0) -> 4065 | AR9: =AP9+AQ9 -> 26648.74
A10: 5 | B10: 3562017091 | C10: 4584 | D10: Sukhram | E10: Prem Singh | F10: 43344 | G10: SUP | H10: Skilled | I10: 100042940061 | J10: 6923778693 | K10: 25 | L10: 23.5 | M10: 0 | N10: 0 | O10: =SUM(L10:N10) -> 23.5 | P10: 19070 | Q10: 760 | R10: 0 | S10: 0 | T10: =ROUND(SUM(P10:S10),0) -> 19830 | U10: =ROUND(P10/$K10*$O10,0) -> 17926 | V10: =ROUND(Q10/$K10*$O10,0) -> 714 | W10: =ROUND(R10/$K10*$O10,0) -> 0 | X10: =ROUND(S10/$K10*$O10,0) -> 0 | Y10: =ROUND(SUM(U10:X10),0) -> 18640 | Z10: =ROUNDUP(U10*8.33/100,0) -> 1494 | AA10: =ROUND(Y10*5.76%,0) -> 1074 | AB10: =Y10+AA10+Z10 -> 21208 | AC10: =ROUNDUP(IF(T10>21000,0,AB10*0.75%),0) -> 160 | AD10: =ROUND(AB10-V10-Z10,0)*12% -> 2280 | AE10: 1 | AF10: =ROUND((AB10+AK10)-(AC10+AD10+AE10),0) -> 18767 | AG10: =ROUNDUP(AB10*3.25%,0) -> 690 | AH10: =ROUND(AB10-V10-Z10,0)*13% -> 2470 | AI10: 2 | AJ10: =ROUND(175/K10*O10,0) -> 165 | AK10: 0 | AL10: 0 | AM10: =SUM(AG10:AL10) -> 3327 | AN10: =AB10+AM10 -> 24535 | AO10: =ROUND(675/K10*O10,0) -> 635 | AP10: =AN10+AO10 -> 25170 | AQ10: =ROUND(AP10*18%,0) -> 4531 | AR10: =AP10+AQ10 -> 29701
A11: 6 | B11: 3562016834 | C11: 4585 | D11: Manjeet Kumar | E11: Rajpal Singh Rudhir | F11: 43344 | G11: SUP | H11: Skilled | I11: 100045820193 | J11: 6923778590 | K11: 25 | L11: 25 | M11: 0 | N11: 0 | O11: =SUM(L11:N11) -> 25 | P11: 19070 | Q11: 2255 | R11: 0 | S11: 0 | T11: =ROUND(SUM(P11:S11),0) -> 21325 | U11: =ROUND(P11/$K11*$O11,0) -> 19070 | V11: =ROUND(Q11/$K11*$O11,0) -> 2255 | W11: =ROUND(R11/$K11*$O11,0) -> 0 | X11: =ROUND(S11/$K11*$O11,0) -> 0 | Y11: =ROUND(SUM(U11:X11),0) -> 21325 | Z11: =ROUNDUP(U11*8.33/100,0) -> 1589 | AA11: =ROUND(Y11*5.76%,0) -> 1228 | AB11: =Y11+AA11+Z11 -> 24142 | AC11: =ROUNDUP(IF(T11>21000,0,AB11*0.75%),0) -> 0 | AD11: =ROUND(AB11-V11-Z11,0)*12% -> 2435.76 | AE11: 1 | AF11: =ROUND((AB11+AK11)-(AC11+AD11+AE11),0) -> 21705 | AG11: 0 | AH11: =ROUND(AB11-V11-Z11,0)*13% -> 2638.74 | AI11: 2 | AJ11: =ROUND(175/K11*O11,0) -> 175 | AK11: 0 | AL11: 500 | AM11: =SUM(AG11:AL11) -> 3315.74 | AN11: =AB11+AM11 -> 27457.74 | AO11: =ROUND(675/K11*O11,0) -> 675 | AP11: =AN11+AO11 -> 28132.74 | AQ11: =ROUND(AP11*18%,0) -> 5064 | AR11: =AP11+AQ11 -> 33196.74
A12: 7 | B12: 3562016859 | C12: 4586 | D12: Ravi Singh | E12: Chandrma Singh | F12: 43344 | G12: MHE | H12: Un-Skilled | I12: 100602011514 | J12: 6925327635 | K12: 25 | L12: 23 | M12: 0 | N12: 0 | O12: =SUM(L12:N12) -> 23 | P12: 17234 | Q12: 0 | R12: 0 | S12: 0 | T12: =ROUND(SUM(P12:S12),0) -> 17234 | U12: =ROUND(P12/$K12*$O12,0) -> 15855 | V12: =ROUND(Q12/$K12*$O12,0) -> 0 | W12: =ROUND(R12/$K12*$O12,0) -> 0 | X12: =ROUND(S12/$K12*$O12,0) -> 0 | Y12: =ROUND(SUM(U12:X12),0) -> 15855 | Z12: =ROUNDUP(U12*8.33/100,0) -> 1321 | AA12: =ROUND(Y12*5.76%,0) -> 913 | AB12: =Y12+AA12+Z12 -> 18089 | AC12: =ROUNDUP(IF(T12>21000,0,AB12*0.75%),0) -> 136 | AD12: =ROUND(AB12-V12-Z12,0)*12% -> 2012.16 | AE12: 1 | AF12: =ROUND((AB12+AK12)-(AC12+AD12+AE12),0) -> 15940 | AG12: =ROUNDUP(AB12*3.25%,0) -> 588 | AH12: =ROUND(AB12-V12-Z12,0)*13% -> 2179.84 | AI12: 2 | AJ12: =ROUND(175/K12*O12,0) -> 161 | AK12: 0 | AL12: 0 | AM12: =SUM(AG12:AL12) -> 2930.84 | AN12: =AB12+AM12 -> 21019.84 | AO12: =ROUND(675/K12*O12,0) -> 621 | AP12: =AN12+AO12 -> 21640.84 | AQ12: =ROUND(AP12*18%,0) -> 3895 | AR12: =AP12+AQ12 -> 25535.84
A13: 8 | B13: 3562016860 | C13: 4587 | D13: Vishnu Singh Bhadauria | E13: Keshav Singh | F13: 43344 | G13: MHE | H13: Un-Skilled | I13: 100790454436 | J13: 6926208346 | K13: 25 | L13: 24 | M13: 0 | N13: 0 | O13: =SUM(L13:N13) -> 24 | P13: 17234 | Q13: 0 | R13: 0 | S13: 0 | T13: =ROUND(SUM(P13:S13),0) -> 17234 | U13: =ROUND(P13/$K13*$O13,0) -> 16545 | V13: =ROUND(Q13/$K13*$O13,0) -> 0 | W13: =ROUND(R13/$K13*$O13,0) -> 0 | X13: =ROUND(S13/$K13*$O13,0) -> 0 | Y13: =ROUND(SUM(U13:X13),0) -> 16545 | Z13: =ROUNDUP(U13*8.33/100,0) -> 1379 | AA13: =ROUND(Y13*5.76%,0) -> 953 | AB13: =Y13+AA13+Z13 -> 18877 | AC13: =ROUNDUP(IF(T13>21000,0,AB13*0.75%),0) -> 142 | AD13: =ROUND(AB13-V13-Z13,0)*12% -> 2099.76 | AE13: 1 | AF13: =ROUND((AB13+AK13)-(AC13+AD13+AE13),0) -> 16634 | AG13: =ROUNDUP(AB13*3.25%,0) -> 614 | AH13: =ROUND(AB13-V13-Z13,0)*13% -> 2274.74 | AI13: 2 | AJ13: =ROUND(175/K13*O13,0) -> 168 | AK13: 0 | AL13: 0 | AM13: =SUM(AG13:AL13) -> 3058.74 | AN13: =AB13+AM13 -> 21935.74 | AO13: =ROUND(675/K13*O13,0) -> 648 | AP13: =AN13+AO13 -> 22583.74 | AQ13: =ROUND(AP13*18%,0) -> 4065 | AR13: =AP13+AQ13 -> 26648.74
A14: 9 | B14: 3562018698 | C14: 4716 | D14: Rohit Kumar Jha | E14: PRADEEP JHA | F14: 43385 | G14: MHE | H14: Un-Skilled | I14: 101391614640 | J14: 6928479073 | K14: 25 | L14: 23 | M14: 0 | N14: 0 | O14: =SUM(L14:N14) -> 23 | P14: 17234 | Q14: 0 | R14: 0 | S14: 0 | T14: =ROUND(SUM(P14:S14),0) -> 17234 | U14: =ROUND(P14/$K14*$O14,0) -> 15855 | V14: =ROUND(Q14/$K14*$O14,0) -> 0 | W14: =ROUND(R14/$K14*$O14,0) -> 0 | X14: =ROUND(S14/$K14*$O14,0) -> 0 | Y14: =ROUND(SUM(U14:X14),0) -> 15855 | Z14: =ROUNDUP(U14*8.33/100,0) -> 1321 | AA14: =ROUND(Y14*5.76%,0) -> 913 | AB14: =Y14+AA14+Z14 -> 18089 | AC14: =ROUNDUP(IF(T14>21000,0,AB14*0.75%),0) -> 136 | AD14: =ROUND(AB14-V14-Z14,0)*12% -> 2012.16 | AE14: 1 | AF14: =ROUND((AB14+AK14)-(AC14+AD14+AE14),0) -> 15940 | AG14: =ROUNDUP(AB14*3.25%,0) -> 588 | AH14: =ROUND(AB14-V14-Z14,0)*13% -> 2179.84 | AI14: 2 | AJ14: =ROUND(175/K14*O14,0) -> 161 | AK14: 0 | AL14: 0 | AM14: =SUM(AG14:AL14) -> 2930.84 | AN14: =AB14+AM14 -> 21019.84 | AO14: =ROUND(675/K14*O14,0) -> 621 | AP14: =AN14+AO14 -> 21640.84 | AQ14: =ROUND(AP14*18%,0) -> 3895 | AR14: =AP14+AQ14 -> 25535.84
A15: 10 | B15: 3562017275 | C15: 4717 | D15: Sanjay Kumar sharma | E15: MUNESHWAR | F15: 43388 | G15: MHE | H15: Un-Skilled | I15: 100987276215 | J15: 6931232028 | K15: 25 | L15: 22.5 | M15: 0 | N15: 0 | O15: =SUM(L15:N15) -> 22.5 | P15: 17234 | Q15: 0 | R15: 0 | S15: 0 | T15: =ROUND(SUM(P15:S15),0) -> 17234 | U15: =ROUND(P15/$K15*$O15,0) -> 15511 | V15: =ROUND(Q15/$K15*$O15,0) -> 0 | W15: =ROUND(R15/$K15*$O15,0) -> 0 | X15: =ROUND(S15/$K15*$O15,0) -> 0 | Y15: =ROUND(SUM(U15:X15),0) -> 15511 | Z15: =ROUNDUP(U15*8.33/100,0) -> 1293 | AA15: =ROUND(Y15*5.76%,0) -> 893 | AB15: =Y15+AA15+Z15 -> 17697 | AC15: =ROUNDUP(IF(T15>21000,0,AB15*0.75%),0) -> 133 | AD15: =ROUND(AB15-V15-Z15,0)*12% -> 1968.48 | AE15: 1 | AF15: =ROUND((AB15+AK15)-(AC15+AD15+AE15),0) -> 15595 | AG15: =ROUNDUP(AB15*3.25%,0) -> 576 | AH15: =ROUND(AB15-V15-Z15,0)*13% -> 2132.52 | AI15: 2 | AJ15: =ROUND(175/K15*O15,0) -> 158 | AK15: 0 | AL15: 0 | AM15: =SUM(AG15:AL15) -> 2868.52 | AN15: =AB15+AM15 -> 20565.52 | AO15: =ROUND(675/K15*O15,0) -> 608 | AP15: =AN15+AO15 -> 21173.52 | AQ15: =ROUND(AP15*18%,0) -> 3811 | AR15: =AP15+AQ15 -> 24984.52
A16: 11 | B16: 3562018733 | C16: 5022 | D16: Sunil | E16: SHALIK RAM | F16: 43435 | G16: MHE | H16: Un-Skilled | I16: 100052616305 | J16: 6928684196 | K16: 25 | L16: 20.5 | M16: 0 | N16: 0 | O16: =SUM(L16:N16) -> 20.5 | P16: 17234 | Q16: 0 | R16: 0 | S16: 0 | T16: =ROUND(SUM(P16:S16),0) -> 17234 | U16: =ROUND(P16/$K16*$O16,0) -> 14132 | V16: =ROUND(Q16/$K16*$O16,0) -> 0 | W16: =ROUND(R16/$K16*$O16,0) -> 0 | X16: =ROUND(S16/$K16*$O16,0) -> 0 | Y16: =ROUND(SUM(U16:X16),0) -> 14132 | Z16: =ROUNDUP(U16*8.33/100,0) -> 1178 | AA16: =ROUND(Y16*5.76%,0) -> 814 | AB16: =Y16+AA16+Z16 -> 16124 | AC16: =ROUNDUP(IF(T16>21000,0,AB16*0.75%),0) -> 121 | AD16: =ROUND(AB16-V16-Z16,0)*12% -> 1793.52 | AE16: 1 | AF16: =ROUND((AB16+AK16)-(AC16+AD16+AE16),0) -> 14208 | AG16: =ROUNDUP(AB16*3.25%,0) -> 525 | AH16: =ROUND(AB16-V16-Z16,0)*13% -> 1942.98 | AI16: 2 | AJ16: =ROUND(175/K16*O16,0) -> 144 | AK16: 0 | AL16: 0 | AM16: =SUM(AG16:AL16) -> 2613.98 | AN16: =AB16+AM16 -> 18737.98 | AO16: =ROUND(675/K16*O16,0) -> 554 | AP16: =AN16+AO16 -> 19291.98 | AQ16: =ROUND(AP16*18%,0) -> 3473 | AR16: =AP16+AQ16 -> 22764.98
A17: 12 | B17: 3562018693 | C17: 5171 | D17: GOVIND SINGH BISHT | E17: SATYAPAL SINGH BISHT | F17: 43417 | G17: MHE | H17: Un-Skilled | I17: 100054044626 | J17: 6928605832 | K17: 25 | L17: 19 | M17: 0 | N17: 0 | O17: =SUM(L17:N17) -> 19 | P17: 17234 | Q17: 0 | R17: 0 | S17: 0 | T17: =ROUND(SUM(P17:S17),0) -> 17234 | U17: =ROUND(P17/$K17*$O17,0) -> 13098 | V17: =ROUND(Q17/$K17*$O17,0) -> 0 | W17: =ROUND(R17/$K17*$O17,0) -> 0 | X17: =ROUND(S17/$K17*$O17,0) -> 0 | Y17: =ROUND(SUM(U17:X17),0) -> 13098 | Z17: =ROUNDUP(U17*8.33/100,0) -> 1092 | AA17: =ROUND(Y17*5.76%,0) -> 754 | AB17: =Y17+AA17+Z17 -> 14944 | AC17: =ROUNDUP(IF(T17>21000,0,AB17*0.75%),0) -> 113 | AD17: =ROUND(AB17-V17-Z17,0)*12% -> 1662.24 | AE17: 1 | AF17: =ROUND((AB17+AK17)-(AC17+AD17+AE17),0) -> 13168 | AG17: =ROUNDUP(AB17*3.25%,0) -> 486 | AH17: =ROUND(AB17-V17-Z17,0)*13% -> 1800.76 | AI17: 2 | AJ17: =ROUND(175/K17*O17,0) -> 133 | AK17: 0 | AL17: 0 | AM17: =SUM(AG17:AL17) -> 2421.76 | AN17: =AB17+AM17 -> 17365.76 | AO17: =ROUND(675/K17*O17,0) -> 513 | AP17: =AN17+AO17 -> 17878.76 | AQ17: =ROUND(AP17*18%,0) -> 3218 | AR17: =AP17+AQ17 -> 21096.76
A18: 13 | B18: 3562018691 | C18: 5172 | D18: ALOPI NATH DHURIYA | E18: MOTI LAL | F18: 43423 | G18: MHE | H18: Un-Skilled | I18: 101314833334 | J18: 6923778505 | K18: 25 | L18: 23 | M18: 0 | N18: 0 | O18: =SUM(L18:N18) -> 23 | P18: 17234 | Q18: 0 | R18: 0 | S18: 0 | T18: =ROUND(SUM(P18:S18),0) -> 17234 | U18: =ROUND(P18/$K18*$O18,0) -> 15855 | V18: =ROUND(Q18/$K18*$O18,0) -> 0 | W18: =ROUND(R18/$K18*$O18,0) -> 0 | X18: =ROUND(S18/$K18*$O18,0) -> 0 | Y18: =ROUND(SUM(U18:X18),0) -> 15855 | Z18: =ROUNDUP(U18*8.33/100,0) -> 1321 | AA18: =ROUND(Y18*5.76%,0) -> 913 | AB18: =Y18+AA18+Z18 -> 18089 | AC18: =ROUNDUP(IF(T18>21000,0,AB18*0.75%),0) -> 136 | AD18: =ROUND(AB18-V18-Z18,0)*12% -> 2012.16 | AE18: 1 | AF18: =ROUND((AB18+AK18)-(AC18+AD18+AE18),0) -> 15940 | AG18: =ROUNDUP(AB18*3.25%,0) -> 588 | AH18: =ROUND(AB18-V18-Z18,0)*13% -> 2179.84 | AI18: 2 | AJ18: =ROUND(175/K18*O18,0) -> 161 | AK18: 0 | AL18: 0 | AM18: =SUM(AG18:AL18) -> 2930.84 | AN18: =AB18+AM18 -> 21019.84 | AO18: =ROUND(675/K18*O18,0) -> 621 | AP18: =AN18+AO18 -> 21640.84 | AQ18: =ROUND(AP18*18%,0) -> 3895 | AR18: =AP18+AQ18 -> 25535.84
A19: 14 | B19: 3562018690 | C19: 5173 | D19: Rakesh | E19: JANMEJAY UPDHYAY | F19: 43423 | G19: MHE | H19: Un-Skilled | I19: 101305290317 | J19: 2013722633 | K19: 25 | L19: 24 | M19: 0 | N19: 0 | O19: =SUM(L19:N19) -> 24 | P19: 17234 | Q19: 0 | R19: 0 | S19: 0 | T19: =ROUND(SUM(P19:S19),0) -> 17234 | U19: =ROUND(P19/$K19*$O19,0) -> 16545 | V19: =ROUND(Q19/$K19*$O19,0) -> 0 | W19: =ROUND(R19/$K19*$O19,0) -> 0 | X19: =ROUND(S19/$K19*$O19,0) -> 0 | Y19: =ROUND(SUM(U19:X19),0) -> 16545 | Z19: =ROUNDUP(U19*8.33/100,0) -> 1379 | AA19: =ROUND(Y19*5.76%,0) -> 953 | AB19: =Y19+AA19+Z19 -> 18877 | AC19: =ROUNDUP(IF(T19>21000,0,AB19*0.75%),0) -> 142 | AD19: =ROUND(AB19-V19-Z19,0)*12% -> 2099.76 | AE19: 1 | AF19: =ROUND((AB19+AK19)-(AC19+AD19+AE19),0) -> 16634 | AG19: =ROUNDUP(AB19*3.25%,0) -> 614 | AH19: =ROUND(AB19-V19-Z19,0)*13% -> 2274.74 | AI19: 2 | AJ19: =ROUND(175/K19*O19,0) -> 168 | AK19: 0 | AL19: 0 | AM19: =SUM(AG19:AL19) -> 3058.74 | AN19: =AB19+AM19 -> 21935.74 | AO19: =ROUND(675/K19*O19,0) -> 648 | AP19: =AN19+AO19 -> 22583.74 | AQ19: =ROUND(AP19*18%,0) -> 4065 | AR19: =AP19+AQ19 -> 26648.74
A20: 15 | B20: 3562018692 | C20: 5174 | D20: AAKASH SINGH | E20: SURENDER SINGH | F20: 43420 | G20: MHE | H20: Un-Skilled | I20: 101380346724 | J20: 6928605925 | K20: 25 | L20: 21.5 | M20: 0 | N20: 0 | O20: =SUM(L20:N20) -> 21.5 | P20: 17234 | Q20: 0 | R20: 0 | S20: 0 | T20: =ROUND(SUM(P20:S20),0) -> 17234 | U20: =ROUND(P20/$K20*$O20,0) -> 14821 | V20: =ROUND(Q20/$K20*$O20,0) -> 0 | W20: =ROUND(R20/$K20*$O20,0) -> 0 | X20: =ROUND(S20/$K20*$O20,0) -> 0 | Y20: =ROUND(SUM(U20:X20),0) -> 14821 | Z20: =ROUNDUP(U20*8.33/100,0) -> 1235 | AA20: =ROUND(Y20*5.76%,0) -> 854 | AB20: =Y20+AA20+Z20 -> 16910 | AC20: =ROUNDUP(IF(T20>21000,0,AB20*0.75%),0) -> 127 | AD20: =ROUND(AB20-V20-Z20,0)*12% -> 1881 | AE20: 1 | AF20: =ROUND((AB20+AK20)-(AC20+AD20+AE20),0) -> 14901 | AG20: =ROUNDUP(AB20*3.25%,0) -> 550 | AH20: =ROUND(AB20-V20-Z20,0)*13% -> 2037.75 | AI20: 2 | AJ20: =ROUND(175/K20*O20,0) -> 151 | AK20: 0 | AL20: 0 | AM20: =SUM(AG20:AL20) -> 2740.75 | AN20: =AB20+AM20 -> 19650.75 | AO20: =ROUND(675/K20*O20,0) -> 581 | AP20: =AN20+AO20 -> 20231.75 | AQ20: =ROUND(AP20*18%,0) -> 3642 | AR20: =AP20+AQ20 -> 23873.75
A21: 16 | B21: 3562018732 | C21: 5175 | D21: Rakesh SINGH | E21: KISHORI SINGH | F21: 43419 | G21: MHE | H21: Un-Skilled | I21: 101381078520 | J21: 6928605942 | K21: 25 | L21: 19.5 | M21: 0 | N21: 0 | O21: =SUM(L21:N21) -> 19.5 | P21: 17234 | Q21: 0 | R21: 0 | S21: 0 | T21: =ROUND(SUM(P21:S21),0) -> 17234 | U21: =ROUND(P21/$K21*$O21,0) -> 13443 | V21: =ROUND(Q21/$K21*$O21,0) -> 0 | W21: =ROUND(R21/$K21*$O21,0) -> 0 | X21: =ROUND(S21/$K21*$O21,0) -> 0 | Y21: =ROUND(SUM(U21:X21),0) -> 13443 | Z21: =ROUNDUP(U21*8.33/100,0) -> 1120 | AA21: =ROUND(Y21*5.76%,0) -> 774 | AB21: =Y21+AA21+Z21 -> 15337 | AC21: =ROUNDUP(IF(T21>21000,0,AB21*0.75%),0) -> 116 | AD21: =ROUND(AB21-V21-Z21,0)*12% -> 1706.04 | AE21: 1 | AF21: =ROUND((AB21+AK21)-(AC21+AD21+AE21),0) -> 13514 | AG21: =ROUNDUP(AB21*3.25%,0) -> 499 | AH21: =ROUND(AB21-V21-Z21,0)*13% -> 1848.21 | AI21: 2 | AJ21: =ROUND(175/K21*O21,0) -> 137 | AK21: 0 | AL21: 0 | AM21: =SUM(AG21:AL21) -> 2486.21 | AN21: =AB21+AM21 -> 17823.21 | AO21: =ROUND(675/K21*O21,0) -> 527 | AP21: =AN21+AO21 -> 18350.21 | AQ21: =ROUND(AP21*18%,0) -> 3303 | AR21: =AP21+AQ21 -> 21653.21
A22: 17 | B22: 3562018694 | C22: 5176 | D22: SONU KUMAR | E22: MATAL BADAL | F22: 43421 | G22: MHE | H22: Un-Skilled | I22: 101380345314 | J22: 6928605954 | K22: 25 | L22: 25 | M22: 0 | N22: 0 | O22: =SUM(L22:N22) -> 25 | P22: 17234 | Q22: 0 | R22: 0 | S22: 0 | T22: =ROUND(SUM(P22:S22),0) -> 17234 | U22: =ROUND(P22/$K22*$O22,0) -> 17234 | V22: =ROUND(Q22/$K22*$O22,0) -> 0 | W22: =ROUND(R22/$K22*$O22,0) -> 0 | X22: =ROUND(S22/$K22*$O22,0) -> 0 | Y22: =ROUND(SUM(U22:X22),0) -> 17234 | Z22: =ROUNDUP(U22*8.33/100,0) -> 1436 | AA22: =ROUND(Y22*5.76%,0) -> 993 | AB22: =Y22+AA22+Z22 -> 19663 | AC22: =ROUNDUP(IF(T22>21000,0,AB22*0.75%),0) -> 148 | AD22: =ROUND(AB22-V22-Z22,0)*12% -> 2187.24 | AE22: 1 | AF22: =ROUND((AB22+AK22)-(AC22+AD22+AE22),0) -> 17327 | AG22: =ROUNDUP(AB22*3.25%,0) -> 640 | AH22: =ROUND(AB22-V22-Z22,0)*13% -> 2369.51 | AI22: 2 | AJ22: =ROUND(175/K22*O22,0) -> 175 | AK22: 0 | AL22: 0 | AM22: =SUM(AG22:AL22) -> 3186.51 | AN22: =AB22+AM22 -> 22849.51 | AO22: =ROUND(675/K22*O22,0) -> 675 | AP22: =AN22+AO22 -> 23524.51 | AQ22: =ROUND(AP22*18%,0) -> 4234 | AR22: =AP22+AQ22 -> 27758.51
A23: 18 | B23: 3562016855 | C23: 4571 | D23: Amit Kumar | E23: Narsingh Lal | F23: 43344 | G23: Material Handler | H23: Un-Skilled | I23: 100693286743 | J23: 6924189334 | K23: 25 | L23: 25 | M23: 0 | N23: 0 | O23: =SUM(L23:N23) -> 25 | P23: 17234 | Q23: 0 | R23: 0 | S23: 0 | T23: =ROUND(SUM(P23:S23),0) -> 17234 | U23: =ROUND(P23/$K23*$O23,0) -> 17234 | V23: =ROUND(Q23/$K23*$O23,0) -> 0 | W23: =ROUND(R23/$K23*$O23,0) -> 0 | X23: =ROUND(S23/$K23*$O23,0) -> 0 | Y23: =ROUND(SUM(U23:X23),0) -> 17234 | Z23: =ROUNDUP(U23*8.33/100,0) -> 1436 | AA23: =ROUND(Y23*5.76%,0) -> 993 | AB23: =Y23+AA23+Z23 -> 19663 | AC23: =ROUNDUP(IF(T23>21000,0,AB23*0.75%),0) -> 148 | AD23: =ROUND(AB23-V23-Z23,0)*12% -> 2187.24 | AE23: 1 | AF23: =ROUND((AB23+AK23)-(AC23+AD23+AE23),0) -> 17327 | AG23: =ROUNDUP(AB23*3.25%,0) -> 640 | AH23: =ROUND(AB23-V23-Z23,0)*13% -> 2369.51 | AI23: 2 | AJ23: =ROUND(175/K23*O23,0) -> 175 | AK23: 0 | AL23: 0 | AM23: =SUM(AG23:AL23) -> 3186.51 | AN23: =AB23+AM23 -> 22849.51 | AO23: =ROUND(675/K23*O23,0) -> 675 | AP23: =AN23+AO23 -> 23524.51 | AQ23: =ROUND(AP23*18%,0) -> 4234 | AR23: =AP23+AQ23 -> 27758.51
A24: 19 | B24: 3562020946 | C24: 6363 | D24: Sujeet Kumar Singh | E24: Manohar Singh | F24: 43586 | G24: MHE | H24: Un-Skilled | I24: 100655312597 | J24: 6929096411 | K24: 25 | L24: 24 | M24: 0 | N24: 0 | O24: =SUM(L24:N24) -> 24 | P24: 17234 | Q24: 0 | R24: 0 | S24: 0 | T24: =ROUND(SUM(P24:S24),0) -> 17234 | U24: =ROUND(P24/$K24*$O24,0) -> 16545 | V24: =ROUND(Q24/$K24*$O24,0) -> 0 | W24: =ROUND(R24/$K24*$O24,0) -> 0 | X24: =ROUND(S24/$K24*$O24,0) -> 0 | Y24: =ROUND(SUM(U24:X24),0) -> 16545 | Z24: =ROUNDUP(U24*8.33/100,0) -> 1379 | AA24: =ROUND(Y24*5.76%,0) -> 953 | AB24: =Y24+AA24+Z24 -> 18877 | AC24: =ROUNDUP(IF(T24>21000,0,AB24*0.75%),0) -> 142 | AD24: =ROUND(AB24-V24-Z24,0)*12% -> 2099.76 | AE24: 1 | AF24: =ROUND((AB24+AK24)-(AC24+AD24+AE24),0) -> 16634 | AG24: =ROUNDUP(AB24*3.25%,0) -> 614 | AH24: =ROUND(AB24-V24-Z24,0)*13% -> 2274.74 | AI24: 2 | AJ24: =ROUND(175/K24*O24,0) -> 168 | AK24: 0 | AL24: 0 | AM24: =SUM(AG24:AL24) -> 3058.74 | AN24: =AB24+AM24 -> 21935.74 | AO24: =ROUND(675/K24*O24,0) -> 648 | AP24: =AN24+AO24 -> 22583.74 | AQ24: =ROUND(AP24*18%,0) -> 4065 | AR24: =AP24+AQ24 -> 26648.74
A25: 20 | B25: 3562027185 | D25: Dakshita Sisodiya | E25: RAJKUMAR | F25: 43666 | G25: DEO | H25: Skilled | I25: 101483586839 | J25: 6929280852 | K25: 25 | L25: 24.5 | M25: 0 | N25: 0 | O25: =SUM(L25:N25) -> 24.5 | P25: 19070 | Q25: 7040 | R25: 0 | S25: 0 | T25: =ROUND(SUM(P25:S25),0) -> 26110 | U25: =ROUND(P25/$K25*$O25,0) -> 18689 | V25: =ROUND(Q25/$K25*$O25,0) -> 6899 | W25: =ROUND(R25/$K25*$O25,0) -> 0 | X25: =ROUND(S25/$K25*$O25,0) -> 0 | Y25: =ROUND(SUM(U25:X25),0) -> 25588 | Z25: =ROUNDUP(U25*8.33/100,0) -> 1557 | AA25: =ROUND(Y25*5.76%,0) -> 1474 | AB25: =Y25+AA25+Z25 -> 28619 | AC25: =ROUNDUP(IF(T25>21000,0,AB25*0.75%),0) -> 0 | AD25: =ROUND(AB25-V25-Z25,0)*12% -> 2419.56 | AE25: 1 | AF25: =ROUND((AB25+AK25)-(AC25+AD25+AE25),0) -> 26198 | AG25: 0 | AH25: =ROUND(AB25-V25-Z25,0)*13% -> 2621.19 | AI25: 2 | AJ25: =ROUND(175/K25*O25,0) -> 172 | AK25: 0 | AL25: 500 | AM25: =SUM(AG25:AL25) -> 3295.19 | AN25: =AB25+AM25 -> 31914.19 | AO25: =ROUND(675/K25*O25,0) -> 662 | AP25: =AN25+AO25 -> 32576.19 | AQ25: =ROUND(AP25*18%,0) -> 5864 | AR25: =AP25+AQ25 -> 38440.19
A26: 21 | B26: 3562029833 | D26: SONU KUMAR | E26: JIVAN KISHOR KAM | F26: 43733 | G26: MHE | H26: Un-Skilled | I26: 101505827173 | J26: 6929454146 | K26: 25 | L26: 24 | M26: 0 | N26: 0 | O26: =SUM(L26:N26) -> 24 | P26: 17234 | Q26: 0 | R26: 0 | S26: 0 | T26: =ROUND(SUM(P26:S26),0) -> 17234 | U26: =ROUND(P26/$K26*$O26,0) -> 16545 | V26: =ROUND(Q26/$K26*$O26,0) -> 0 | W26: =ROUND(R26/$K26*$O26,0) -> 0 | X26: =ROUND(S26/$K26*$O26,0) -> 0 | Y26: =ROUND(SUM(U26:X26),0) -> 16545 | Z26: =ROUNDUP(U26*8.33/100,0) -> 1379 | AA26: =ROUND(Y26*5.76%,0) -> 953 | AB26: =Y26+AA26+Z26 -> 18877 | AC26: =ROUNDUP(IF(T26>21000,0,AB26*0.75%),0) -> 142 | AD26: =ROUND(AB26-V26-Z26,0)*12% -> 2099.76 | AE26: 1 | AF26: =ROUND((AB26+AK26)-(AC26+AD26+AE26),0) -> 16634 | AG26: =ROUNDUP(AB26*3.25%,0) -> 614 | AH26: =ROUND(AB26-V26-Z26,0)*13% -> 2274.74 | AI26: 2 | AJ26: =ROUND(175/K26*O26,0) -> 168 | AK26: 0 | AL26: 0 | AM26: =SUM(AG26:AL26) -> 3058.74 | AN26: =AB26+AM26 -> 21935.74 | AO26: =ROUND(675/K26*O26,0) -> 648 | AP26: =AN26+AO26 -> 22583.74 | AQ26: =ROUND(AP26*18%,0) -> 4065 | AR26: =AP26+AQ26 -> 26648.74
A27: 22 | B27: 3562029834 | D27: Sunil | E27: RAMESH CHAND | F27: 43725 | G27: MHE | H27: Un-Skilled | I27: 101191282570 | J27: 6929454183 | K27: 25 | L27: 25 | M27: 0 | N27: 0 | O27: =SUM(L27:N27) -> 25 | P27: 17234 | Q27: 0 | R27: 0 | S27: 0 | T27: =ROUND(SUM(P27:S27),0) -> 17234 | U27: =ROUND(P27/$K27*$O27,0) -> 17234 | V27: =ROUND(Q27/$K27*$O27,0) -> 0 | W27: =ROUND(R27/$K27*$O27,0) -> 0 | X27: =ROUND(S27/$K27*$O27,0) -> 0 | Y27: =ROUND(SUM(U27:X27),0) -> 17234 | Z27: =ROUNDUP(U27*8.33/100,0) -> 1436 | AA27: =ROUND(Y27*5.76%,0) -> 993 | AB27: =Y27+AA27+Z27 -> 19663 | AC27: =ROUNDUP(IF(T27>21000,0,AB27*0.75%),0) -> 148 | AD27: =ROUND(AB27-V27-Z27,0)*12% -> 2187.24 | AE27: 1 | AF27: =ROUND((AB27+AK27)-(AC27+AD27+AE27),0) -> 17327 | AG27: =ROUNDUP(AB27*3.25%,0) -> 640 | AH27: =ROUND(AB27-V27-Z27,0)*13% -> 2369.51 | AI27: 2 | AJ27: =ROUND(175/K27*O27,0) -> 175 | AK27: 0 | AL27: 0 | AM27: =SUM(AG27:AL27) -> 3186.51 | AN27: =AB27+AM27 -> 22849.51 | AO27: =ROUND(675/K27*O27,0) -> 675 | AP27: =AN27+AO27 -> 23524.51 | AQ27: =ROUND(AP27*18%,0) -> 4234 | AR27: =AP27+AQ27 -> 27758.51
A28: 23 | B28: 3562029838 | C28: 6733 | D28: Swapan kumar bera | E28: RADHANATH BERA | F28: 43706 | G28: MHE | H28: Un-Skilled | I28: 101498334854 | J28: 6929385081 | K28: 25 | L28: 24 | M28: 0 | N28: 0 | O28: =SUM(L28:N28) -> 24 | P28: 17234 | Q28: 0 | R28: 0 | S28: 0 | T28: =ROUND(SUM(P28:S28),0) -> 17234 | U28: =ROUND(P28/$K28*$O28,0) -> 16545 | V28: =ROUND(Q28/$K28*$O28,0) -> 0 | W28: =ROUND(R28/$K28*$O28,0) -> 0 | X28: =ROUND(S28/$K28*$O28,0) -> 0 | Y28: =ROUND(SUM(U28:X28),0) -> 16545 | Z28: =ROUNDUP(U28*8.33/100,0) -> 1379 | AA28: =ROUND(Y28*5.76%,0) -> 953 | AB28: =Y28+AA28+Z28 -> 18877 | AC28: =ROUNDUP(IF(T28>21000,0,AB28*0.75%),0) -> 142 | AD28: =ROUND(AB28-V28-Z28,0)*12% -> 2099.76 | AE28: 1 | AF28: =ROUND((AB28+AK28)-(AC28+AD28+AE28),0) -> 16634 | AG28: =ROUNDUP(AB28*3.25%,0) -> 614 | AH28: =ROUND(AB28-V28-Z28,0)*13% -> 2274.74 | AI28: 2 | AJ28: =ROUND(175/K28*O28,0) -> 168 | AK28: 0 | AL28: 0 | AM28: =SUM(AG28:AL28) -> 3058.74 | AN28: =AB28+AM28 -> 21935.74 | AO28: =ROUND(675/K28*O28,0) -> 648 | AP28: =AN28+AO28 -> 22583.74 | AQ28: =ROUND(AP28*18%,0) -> 4065 | AR28: =AP28+AQ28 -> 26648.74
A29: 24 | B29: 3562030596 | C29: 4581 | D29: MANI SHANKAR TIWARI | E29: RADHA MOHAN TIWARI | F29: 43425 | G29: DEO | H29: Skilled | I29: 101293014361 | J29: 6921010976 | K29: 25 | L29: 24 | M29: 0 | N29: 0 | O29: =SUM(L29:N29) -> 24 | P29: 19070 | Q29: 537 | R29: 0 | S29: 0 | T29: =ROUND(SUM(P29:S29),0) -> 19607 | U29: =ROUND(P29/$K29*$O29,0) -> 18307 | V29: =ROUND(Q29/$K29*$O29,0) -> 516 | W29: =ROUND(R29/$K29*$O29,0) -> 0 | X29: =ROUND(S29/$K29*$O29,0) -> 0 | Y29: =ROUND(SUM(U29:X29),0) -> 18823 | Z29: =ROUNDUP(U29*8.33/100,0) -> 1525 | AA29: =ROUND(Y29*5.76%,0) -> 1084 | AB29: =Y29+AA29+Z29 -> 21432 | AC29: =ROUNDUP(IF(T29>21000,0,AB29*0.75%),0) -> 161 | AD29: =ROUND(AB29-V29-Z29,0)*12% -> 2326.92 | AE29: 1 | AF29: =ROUND((AB29+AK29)-(AC29+AD29+AE29),0) -> 18943 | AG29: =ROUNDUP(AB29*3.25%,0) -> 697 | AH29: =ROUND(AB29-V29-Z29,0)*13% -> 2520.83 | AI29: 2 | AJ29: =ROUND(175/K29*O29,0) -> 168 | AK29: 0 | AL29: 0 | AM29: =SUM(AG29:AL29) -> 3387.83 | AN29: =AB29+AM29 -> 24819.83 | AO29: =ROUND(675/K29*O29,0) -> 648 | AP29: =AN29+AO29 -> 25467.83 | AQ29: =ROUND(AP29*18%,0) -> 4584 | AR29: =AP29+AQ29 -> 30051.83
A30: 25 | B30: 3562030597 | C30: 5166 | D30: AMITABH BACHCHAN | E30: MAHAVIR PRASAD | F30: 43420 | G30: DEO | H30: Skilled | I30: 100577021644 | J30: 1114607978 | K30: 25 | L30: 22 | M30: 0 | N30: 0 | O30: =SUM(L30:N30) -> 22 | P30: 19070 | Q30: 1401 | R30: 0 | S30: 0 | T30: =ROUND(SUM(P30:S30),0) -> 20471 | U30: =ROUND(P30/$K30*$O30,0) -> 16782 | V30: =ROUND(Q30/$K30*$O30,0) -> 1233 | W30: =ROUND(R30/$K30*$O30,0) -> 0 | X30: =ROUND(S30/$K30*$O30,0) -> 0 | Y30: =ROUND(SUM(U30:X30),0) -> 18015 | Z30: =ROUNDUP(U30*8.33/100,0) -> 1398 | AA30: =ROUND(Y30*5.76%,0) -> 1038 | AB30: =Y30+AA30+Z30 -> 20451 | AC30: =ROUNDUP(IF(T30>21000,0,AB30*0.75%),0) -> 154 | AD30: =ROUND(AB30-V30-Z30,0)*12% -> 2138.4 | AE30: 1 | AF30: =ROUND((AB30+AK30)-(AC30+AD30+AE30),0) -> 18158 | AG30: =ROUNDUP(AB30*3.25%,0) -> 665 | AH30: =ROUND(AB30-V30-Z30,0)*13% -> 2316.6 | AI30: 2 | AJ30: =ROUND(175/K30*O30,0) -> 154 | AK30: 0 | AL30: 0 | AM30: =SUM(AG30:AL30) -> 3137.6 | AN30: =AB30+AM30 -> 23588.6 | AO30: =ROUND(675/K30*O30,0) -> 594 | AP30: =AN30+AO30 -> 24182.6 | AQ30: =ROUND(AP30*18%,0) -> 4353 | AR30: =AP30+AQ30 -> 28535.6
A31: 26 | B31: 3562030600 | C31: 5167 | D31: KAMAL | E31: SURESH CHAND | F31: 43423 | G31: DEO | H31: Skilled | I31: 100199682299 | J31: 6928415844 | K31: 25 | L31: 24.5 | M31: 0 | N31: 0 | O31: =SUM(L31:N31) -> 24.5 | P31: 19070 | Q31: 1401 | R31: 0 | S31: 0 | T31: =ROUND(SUM(P31:S31),0) -> 20471 | U31: =ROUND(P31/$K31*$O31,0) -> 18689 | V31: =ROUND(Q31/$K31*$O31,0) -> 1373 | W31: =ROUND(R31/$K31*$O31,0) -> 0 | X31: =ROUND(S31/$K31*$O31,0) -> 0 | Y31: =ROUND(SUM(U31:X31),0) -> 20062 | Z31: =ROUNDUP(U31*8.33/100,0) -> 1557 | AA31: =ROUND(Y31*5.76%,0) -> 1156 | AB31: =Y31+AA31+Z31 -> 22775 | AC31: =ROUNDUP(IF(T31>21000,0,AB31*0.75%),0) -> 171 | AD31: =ROUND(AB31-V31-Z31,0)*12% -> 2381.4 | AE31: 1 | AF31: =ROUND((AB31+AK31)-(AC31+AD31+AE31),0) -> 20222 | AG31: =ROUNDUP(AB31*3.25%,0) -> 741 | AH31: =ROUND(AB31-V31-Z31,0)*13% -> 2579.85 | AI31: 2 | AJ31: =ROUND(175/K31*O31,0) -> 172 | AK31: 0 | AL31: 0 | AM31: =SUM(AG31:AL31) -> 3494.85 | AN31: =AB31+AM31 -> 26269.85 | AO31: =ROUND(675/K31*O31,0) -> 662 | AP31: =AN31+AO31 -> 26931.85 | AQ31: =ROUND(AP31*18%,0) -> 4848 | AR31: =AP31+AQ31 -> 31779.85
A32: 27 | B32: 3562030601 | C32: 5168 | D32: RINKU KUMAR | E32: RAJENDER SINGH | F32: 43424 | G32: DEO | H32: Skilled | I32: 101309479356 | J32: 6928605796 | K32: 25 | L32: 23.5 | M32: 0 | N32: 0 | O32: =SUM(L32:N32) -> 23.5 | P32: 18993 | Q32: 0 | R32: 0 | S32: 0 | T32: =ROUND(SUM(P32:S32),0) -> 18993 | U32: =ROUND(P32/$K32*$O32,0) -> 17853 | V32: =ROUND(Q32/$K32*$O32,0) -> 0 | W32: =ROUND(R32/$K32*$O32,0) -> 0 | X32: =ROUND(S32/$K32*$O32,0) -> 0 | Y32: =ROUND(SUM(U32:X32),0) -> 17853 | Z32: =ROUNDUP(U32*8.33/100,0) -> 1488 | AA32: =ROUND(Y32*5.76%,0) -> 1028 | AB32: =Y32+AA32+Z32 -> 20369 | AC32: =ROUNDUP(IF(T32>21000,0,AB32*0.75%),0) -> 153 | AD32: =ROUND(AB32-V32-Z32,0)*12% -> 2265.72 | AE32: 1 | AF32: =ROUND((AB32+AK32)-(AC32+AD32+AE32),0) -> 17949 | AG32: =ROUNDUP(AB32*3.25%,0) -> 662 | AH32: =ROUND(AB32-V32-Z32,0)*13% -> 2454.53 | AI32: 2 | AJ32: =ROUND(175/K32*O32,0) -> 165 | AK32: 0 | AL32: 0 | AM32: =SUM(AG32:AL32) -> 3283.53 | AN32: =AB32+AM32 -> 23652.53 | AO32: =ROUND(675/K32*O32,0) -> 635 | AP32: =AN32+AO32 -> 24287.53 | AQ32: =ROUND(AP32*18%,0) -> 4372 | AR32: =AP32+AQ32 -> 28659.53
A33: 28 | B33: 3562030603 | C33: 5169 | D33: AJIT SINGH | E33: OM PRAKASH | F33: 43434 | G33: DEO | H33: Skilled | I33: 101371052075 | J33: 6928605805 | K33: 25 | L33: 24 | M33: 0 | N33: 0 | O33: =SUM(L33:N33) -> 24 | P33: 19070 | Q33: 2041 | R33: 0 | S33: 0 | T33: =ROUND(SUM(P33:S33),0) -> 21111 | U33: =ROUND(P33/$K33*$O33,0) -> 18307 | V33: =ROUND(Q33/$K33*$O33,0) -> 1959 | W33: =ROUND(R33/$K33*$O33,0) -> 0 | X33: =ROUND(S33/$K33*$O33,0) -> 0 | Y33: =ROUND(SUM(U33:X33),0) -> 20266 | Z33: =ROUNDUP(U33*8.33/100,0) -> 1525 | AA33: =ROUND(Y33*5.76%,0) -> 1167 | AB33: =Y33+AA33+Z33 -> 22958 | AC33: =ROUNDUP(IF(T33>21000,0,AB33*0.75%),0) -> 0 | AD33: =ROUND(AB33-V33-Z33,0)*12% -> 2336.88 | AE33: 1 | AF33: =ROUND((AB33+AK33)-(AC33+AD33+AE33),0) -> 20620 | AG33: 0 | AH33: =ROUND(AB33-V33-Z33,0)*13% -> 2531.62 | AI33: 2 | AJ33: =ROUND(175/K33*O33,0) -> 168 | AK33: 0 | AL33: 500 | AM33: =SUM(AG33:AL33) -> 3201.62 | AN33: =AB33+AM33 -> 26159.62 | AO33: =ROUND(675/K33*O33,0) -> 648 | AP33: =AN33+AO33 -> 26807.62 | AQ33: =ROUND(AP33*18%,0) -> 4825 | AR33: =AP33+AQ33 -> 31632.62
A34: 29 | B34: 3562030602 | C34: 5023 | D34: Kamlesh Kumar | E34: RAVINDER LAL | F34: 43435 | G34: DEO | H34: Skilled | I34: 100050135649 | J34: 6923794371 | K34: 25 | L34: 24 | M34: 0 | N34: 0 | O34: =SUM(L34:N34) -> 24 | P34: 19070 | Q34: 960 | R34: 0 | S34: 0 | T34: =ROUND(SUM(P34:S34),0) -> 20030 | U34: =ROUND(P34/$K34*$O34,0) -> 18307 | V34: =ROUND(Q34/$K34*$O34,0) -> 922 | W34: =ROUND(R34/$K34*$O34,0) -> 0 | X34: =ROUND(S34/$K34*$O34,0) -> 0 | Y34: =ROUND(SUM(U34:X34),0) -> 19229 | Z34: =ROUNDUP(U34*8.33/100,0) -> 1525 | AA34: =ROUND(Y34*5.76%,0) -> 1108 | AB34: =Y34+AA34+Z34 -> 21862 | AC34: =ROUNDUP(IF(T34>21000,0,AB34*0.75%),0) -> 164 | AD34: =ROUND(AB34-V34-Z34,0)*12% -> 2329.8 | AE34: 1 | AF34: =ROUND((AB34+AK34)-(AC34+AD34+AE34),0) -> 19367 | AG34: =ROUNDUP(AB34*3.25%,0) -> 711 | AH34: =ROUND(AB34-V34-Z34,0)*13% -> 2523.95 | AI34: 2 | AJ34: =ROUND(175/K34*O34,0) -> 168 | AK34: 0 | AL34: 0 | AM34: =SUM(AG34:AL34) -> 3404.95 | AN34: =AB34+AM34 -> 25266.95 | AO34: =ROUND(675/K34*O34,0) -> 648 | AP34: =AN34+AO34 -> 25914.95 | AQ34: =ROUND(AP34*18%,0) -> 4665 | AR34: =AP34+AQ34 -> 30579.95
A35: 30 | B35: 3562030604 | C35: 5728 | D35: GEETA | E35: LAL SINGH | F35: 43510 | G35: DEO | H35: Un-Skilled | I35: 101424225304 | J35: 6928829168 | K35: 25 | L35: 22 | M35: 0 | N35: 0 | O35: =SUM(L35:N35) -> 22 | P35: 19070 | Q35: 92 | R35: 0 | S35: 0 | T35: =ROUND(SUM(P35:S35),0) -> 19162 | U35: =ROUND(P35/$K35*$O35,0) -> 16782 | V35: =ROUND(Q35/$K35*$O35,0) -> 81 | W35: =ROUND(R35/$K35*$O35,0) -> 0 | X35: =ROUND(S35/$K35*$O35,0) -> 0 | Y35: =ROUND(SUM(U35:X35),0) -> 16863 | Z35: =ROUNDUP(U35*8.33/100,0) -> 1398 | AA35: =ROUND(Y35*5.76%,0) -> 971 | AB35: =Y35+AA35+Z35 -> 19232 | AC35: =ROUNDUP(IF(T35>21000,0,AB35*0.75%),0) -> 145 | AD35: =ROUND(AB35-V35-Z35,0)*12% -> 2130.36 | AE35: 1 | AF35: =ROUND((AB35+AK35)-(AC35+AD35+AE35),0) -> 16956 | AG35: =ROUNDUP(AB35*3.25%,0) -> 626 | AH35: =ROUND(AB35-V35-Z35,0)*13% -> 2307.89 | AI35: 2 | AJ35: =ROUND(175/K35*O35,0) -> 154 | AK35: 0 | AL35: 0 | AM35: =SUM(AG35:AL35) -> 3089.89 | AN35: =AB35+AM35 -> 22321.89 | AO35: =ROUND(675/K35*O35,0) -> 594 | AP35: =AN35+AO35 -> 22915.89 | AQ35: =ROUND(AP35*18%,0) -> 4125 | AR35: =AP35+AQ35 -> 27040.89
A36: 31 | B36: 3562030607 | C36: 6187 | D36: Kundan Kumar | E36: Ramdev Ravidas | F36: 43582 | G36: MHE | H36: Un-Skilled | I36: 101193387601 | J36: 6928992954 | K36: 25 | L36: 25 | M36: 0 | N36: 0 | O36: =SUM(L36:N36) -> 25 | P36: 17234 | Q36: 0 | R36: 0 | S36: 0 | T36: =ROUND(SUM(P36:S36),0) -> 17234 | U36: =ROUND(P36/$K36*$O36,0) -> 17234 | V36: =ROUND(Q36/$K36*$O36,0) -> 0 | W36: =ROUND(R36/$K36*$O36,0) -> 0 | X36: =ROUND(S36/$K36*$O36,0) -> 0 | Y36: =ROUND(SUM(U36:X36),0) -> 17234 | Z36: =ROUNDUP(U36*8.33/100,0) -> 1436 | AA36: =ROUND(Y36*5.76%,0) -> 993 | AB36: =Y36+AA36+Z36 -> 19663 | AC36: =ROUNDUP(IF(T36>21000,0,AB36*0.75%),0) -> 148 | AD36: =ROUND(AB36-V36-Z36,0)*12% -> 2187.24 | AE36: 1 | AF36: =ROUND((AB36+AK36)-(AC36+AD36+AE36),0) -> 17327 | AG36: =ROUNDUP(AB36*3.25%,0) -> 640 | AH36: =ROUND(AB36-V36-Z36,0)*13% -> 2369.51 | AI36: 2 | AJ36: =ROUND(175/K36*O36,0) -> 175 | AK36: 0 | AL36: 0 | AM36: =SUM(AG36:AL36) -> 3186.51 | AN36: =AB36+AM36 -> 22849.51 | AO36: =ROUND(675/K36*O36,0) -> 675 | AP36: =AN36+AO36 -> 23524.51 | AQ36: =ROUND(AP36*18%,0) -> 4234 | AR36: =AP36+AQ36 -> 27758.51
A37: 32 | B37: 3562030606 | C37: 6188 | D37: Krishan | E37: Shyam Sharma | F37: 43579 | G37: MHE | H37: Un-Skilled | I37: 101446145807 | J37: 6928992988 | K37: 25 | L37: 25 | M37: 0 | N37: 0 | O37: =SUM(L37:N37) -> 25 | P37: 17234 | Q37: 0 | R37: 0 | S37: 0 | T37: =ROUND(SUM(P37:S37),0) -> 17234 | U37: =ROUND(P37/$K37*$O37,0) -> 17234 | V37: =ROUND(Q37/$K37*$O37,0) -> 0 | W37: =ROUND(R37/$K37*$O37,0) -> 0 | X37: =ROUND(S37/$K37*$O37,0) -> 0 | Y37: =ROUND(SUM(U37:X37),0) -> 17234 | Z37: =ROUNDUP(U37*8.33/100,0) -> 1436 | AA37: =ROUND(Y37*5.76%,0) -> 993 | AB37: =Y37+AA37+Z37 -> 19663 | AC37: =ROUNDUP(IF(T37>21000,0,AB37*0.75%),0) -> 148 | AD37: =ROUND(AB37-V37-Z37,0)*12% -> 2187.24 | AE37: 1 | AF37: =ROUND((AB37+AK37)-(AC37+AD37+AE37),0) -> 17327 | AG37: =ROUNDUP(AB37*3.25%,0) -> 640 | AH37: =ROUND(AB37-V37-Z37,0)*13% -> 2369.51 | AI37: 2 | AJ37: =ROUND(175/K37*O37,0) -> 175 | AK37: 0 | AL37: 0 | AM37: =SUM(AG37:AL37) -> 3186.51 | AN37: =AB37+AM37 -> 22849.51 | AO37: =ROUND(675/K37*O37,0) -> 675 | AP37: =AN37+AO37 -> 23524.51 | AQ37: =ROUND(AP37*18%,0) -> 4234 | AR37: =AP37+AQ37 -> 27758.51
A38: 33 | B38: 3562030608 | C38: 6189 | D38: Dheeraj Kumar Bharti | E38: Surender Singh | F38: 43580 | G38: MHE | H38: Un-Skilled | I38: 101335544057 | J38: 6928993012 | K38: 25 | L38: 17 | M38: 0 | N38: 0 | O38: =SUM(L38:N38) -> 17 | P38: 17234 | Q38: 0 | R38: 0 | S38: 0 | T38: =ROUND(SUM(P38:S38),0) -> 17234 | U38: =ROUND(P38/$K38*$O38,0) -> 11719 | V38: =ROUND(Q38/$K38*$O38,0) -> 0 | W38: =ROUND(R38/$K38*$O38,0) -> 0 | X38: =ROUND(S38/$K38*$O38,0) -> 0 | Y38: =ROUND(SUM(U38:X38),0) -> 11719 | Z38: =ROUNDUP(U38*8.33/100,0) -> 977 | AA38: =ROUND(Y38*5.76%,0) -> 675 | AB38: =Y38+AA38+Z38 -> 13371 | AC38: =ROUNDUP(IF(T38>21000,0,AB38*0.75%),0) -> 101 | AD38: =ROUND(AB38-V38-Z38,0)*12% -> 1487.28 | AE38: 1 | AF38: =ROUND((AB38+AK38)-(AC38+AD38+AE38),0) -> 11782 | AG38: =ROUNDUP(AB38*3.25%,0) -> 435 | AH38: =ROUND(AB38-V38-Z38,0)*13% -> 1611.22 | AI38: 2 | AJ38: =ROUND(175/K38*O38,0) -> 119 | AK38: 0 | AL38: 0 | AM38: =SUM(AG38:AL38) -> 2167.22 | AN38: =AB38+AM38 -> 15538.22 | AO38: =ROUND(675/K38*O38,0) -> 459 | AP38: =AN38+AO38 -> 15997.22 | AQ38: =ROUND(AP38*18%,0) -> 2879 | AR38: =AP38+AQ38 -> 18876.22
A39: 34 | B39: 3562030594 | C39: 6191 | D39: Sandeep kumar | E39: Shankar Lal | F39: 43584 | G39: MHE | H39: Un-Skilled | I39: 101452082251 | J39: 6928993096 | K39: 25 | L39: 18 | M39: 0 | N39: 0 | O39: =SUM(L39:N39) -> 18 | P39: 17234 | Q39: 0 | R39: 0 | S39: 0 | T39: =ROUND(SUM(P39:S39),0) -> 17234 | U39: =ROUND(P39/$K39*$O39,0) -> 12408 | V39: =ROUND(Q39/$K39*$O39,0) -> 0 | W39: =ROUND(R39/$K39*$O39,0) -> 0 | X39: =ROUND(S39/$K39*$O39,0) -> 0 | Y39: =ROUND(SUM(U39:X39),0) -> 12408 | Z39: =ROUNDUP(U39*8.33/100,0) -> 1034 | AA39: =ROUND(Y39*5.76%,0) -> 715 | AB39: =Y39+AA39+Z39 -> 14157 | AC39: =ROUNDUP(IF(T39>21000,0,AB39*0.75%),0) -> 107 | AD39: =ROUND(AB39-V39-Z39,0)*12% -> 1574.76 | AE39: 1 | AF39: =ROUND((AB39+AK39)-(AC39+AD39+AE39),0) -> 12474 | AG39: =ROUNDUP(AB39*3.25%,0) -> 461 | AH39: =ROUND(AB39-V39-Z39,0)*13% -> 1705.99 | AI39: 2 | AJ39: =ROUND(175/K39*O39,0) -> 126 | AK39: 0 | AL39: 0 | AM39: =SUM(AG39:AL39) -> 2294.99 | AN39: =AB39+AM39 -> 16451.99 | AO39: =ROUND(675/K39*O39,0) -> 486 | AP39: =AN39+AO39 -> 16937.99 | AQ39: =ROUND(AP39*18%,0) -> 3049 | AR39: =AP39+AQ39 -> 19986.99
A40: 35 | B40: 3562030595 | C40: 6192 | D40: Lavkush | E40: Kripal Singh | F40: 43582 | G40: MHE | H40: Un-Skilled | I40: 101446145784 | J40: 6928993120 | K40: 25 | L40: 24 | M40: 0 | N40: 0 | O40: =SUM(L40:N40) -> 24 | P40: 17234 | Q40: 0 | R40: 0 | S40: 0 | T40: =ROUND(SUM(P40:S40),0) -> 17234 | U40: =ROUND(P40/$K40*$O40,0) -> 16545 | V40: =ROUND(Q40/$K40*$O40,0) -> 0 | W40: =ROUND(R40/$K40*$O40,0) -> 0 | X40: =ROUND(S40/$K40*$O40,0) -> 0 | Y40: =ROUND(SUM(U40:X40),0) -> 16545 | Z40: =ROUNDUP(U40*8.33/100,0) -> 1379 | AA40: =ROUND(Y40*5.76%,0) -> 953 | AB40: =Y40+AA40+Z40 -> 18877 | AC40: =ROUNDUP(IF(T40>21000,0,AB40*0.75%),0) -> 142 | AD40: =ROUND(AB40-V40-Z40,0)*12% -> 2099.76 | AE40: 1 | AF40: =ROUND((AB40+AK40)-(AC40+AD40+AE40),0) -> 16634 | AG40: =ROUNDUP(AB40*3.25%,0) -> 614 | AH40: =ROUND(AB40-V40-Z40,0)*13% -> 2274.74 | AI40: 2 | AJ40: =ROUND(175/K40*O40,0) -> 168 | AK40: 0 | AL40: 0 | AM40: =SUM(AG40:AL40) -> 3058.74 | AN40: =AB40+AM40 -> 21935.74 | AO40: =ROUND(675/K40*O40,0) -> 648 | AP40: =AN40+AO40 -> 22583.74 | AQ40: =ROUND(AP40*18%,0) -> 4065 | AR40: =AP40+AQ40 -> 26648.74
A41: 36 | B41: 3562030613 | C41: 6193 | D41: Uma Kant Sharma | E41: Dharadhar | F41: 43585 | G41: MHE | H41: Un-Skilled | I41: 101462513887 | J41: 6928993135 | K41: 25 | L41: 23.5 | M41: 0 | N41: 0 | O41: =SUM(L41:N41) -> 23.5 | P41: 17234 | Q41: 0 | R41: 0 | S41: 0 | T41: =ROUND(SUM(P41:S41),0) -> 17234 | U41: =ROUND(P41/$K41*$O41,0) -> 16200 | V41: =ROUND(Q41/$K41*$O41,0) -> 0 | W41: =ROUND(R41/$K41*$O41,0) -> 0 | X41: =ROUND(S41/$K41*$O41,0) -> 0 | Y41: =ROUND(SUM(U41:X41),0) -> 16200 | Z41: =ROUNDUP(U41*8.33/100,0) -> 1350 | AA41: =ROUND(Y41*5.76%,0) -> 933 | AB41: =Y41+AA41+Z41 -> 18483 | AC41: =ROUNDUP(IF(T41>21000,0,AB41*0.75%),0) -> 139 | AD41: =ROUND(AB41-V41-Z41,0)*12% -> 2055.96 | AE41: 1 | AF41: =ROUND((AB41+AK41)-(AC41+AD41+AE41),0) -> 16287 | AG41: =ROUNDUP(AB41*3.25%,0) -> 601 | AH41: =ROUND(AB41-V41-Z41,0)*13% -> 2227.29 | AI41: 2 | AJ41: =ROUND(175/K41*O41,0) -> 165 | AK41: 0 | AL41: 0 | AM41: =SUM(AG41:AL41) -> 2995.29 | AN41: =AB41+AM41 -> 21478.29 | AO41: =ROUND(675/K41*O41,0) -> 635 | AP41: =AN41+AO41 -> 22113.29 | AQ41: =ROUND(AP41*18%,0) -> 3980 | AR41: =AP41+AQ41 -> 26093.29
A42: 37 | B42: 3562030622 | C42: 6785 | D42: Prince Kumar | E42: BHARAT SINGH | F42: 43720 | G42: MHE | H42: Un-Skilled | I42: 101398266054 | J42: 6929454169 | K42: 25 | L42: 18 | M42: 0 | N42: 0 | O42: =SUM(L42:N42) -> 18 | P42: 17234 | Q42: 0 | R42: 0 | S42: 0 | T42: =ROUND(SUM(P42:S42),0) -> 17234 | U42: =ROUND(P42/$K42*$O42,0) -> 12408 | V42: =ROUND(Q42/$K42*$O42,0) -> 0 | W42: =ROUND(R42/$K42*$O42,0) -> 0 | X42: =ROUND(S42/$K42*$O42,0) -> 0 | Y42: =ROUND(SUM(U42:X42),0) -> 12408 | Z42: =ROUNDUP(U42*8.33/100,0) -> 1034 | AA42: =ROUND(Y42*5.76%,0) -> 715 | AB42: =Y42+AA42+Z42 -> 14157 | AC42: =ROUNDUP(IF(T42>21000,0,AB42*0.75%),0) -> 107 | AD42: =ROUND(AB42-V42-Z42,0)*12% -> 1574.76 | AE42: 1 | AF42: =ROUND((AB42+AK42)-(AC42+AD42+AE42),0) -> 12474 | AG42: =ROUNDUP(AB42*3.25%,0) -> 461 | AH42: =ROUND(AB42-V42-Z42,0)*13% -> 1705.99 | AI42: 2 | AJ42: =ROUND(175/K42*O42,0) -> 126 | AK42: 0 | AL42: 0 | AM42: =SUM(AG42:AL42) -> 2294.99 | AN42: =AB42+AM42 -> 16451.99 | AO42: =ROUND(675/K42*O42,0) -> 486 | AP42: =AN42+AO42 -> 16937.99 | AQ42: =ROUND(AP42*18%,0) -> 3049 | AR42: =AP42+AQ42 -> 19986.99
A43: 38 | B43: 3562033965 | D43: MANISH KUMAR | E43: RAMDEV SINGH | F43: 43876 | G43: MHE | H43: Un-Skilled | I43: 101154255142 | J43: 6929916387 | K43: 25 | L43: 24 | M43: 0 | N43: 0 | O43: =SUM(L43:N43) -> 24 | P43: 17234 | Q43: 0 | R43: 0 | S43: 0 | T43: =ROUND(SUM(P43:S43),0) -> 17234 | U43: =ROUND(P43/$K43*$O43,0) -> 16545 | V43: =ROUND(Q43/$K43*$O43,0) -> 0 | W43: =ROUND(R43/$K43*$O43,0) -> 0 | X43: =ROUND(S43/$K43*$O43,0) -> 0 | Y43: =ROUND(SUM(U43:X43),0) -> 16545 | Z43: =ROUNDUP(U43*8.33/100,0) -> 1379 | AA43: =ROUND(Y43*5.76%,0) -> 953 | AB43: =Y43+AA43+Z43 -> 18877 | AC43: =ROUNDUP(IF(T43>21000,0,AB43*0.75%),0) -> 142 | AD43: =ROUND(AB43-V43-Z43,0)*12% -> 2099.76 | AE43: 1 | AF43: =ROUND((AB43+AK43)-(AC43+AD43+AE43),0) -> 16634 | AG43: =ROUNDUP(AB43*3.25%,0) -> 614 | AH43: =ROUND(AB43-V43-Z43,0)*13% -> 2274.74 | AI43: 2 | AJ43: =ROUND(175/K43*O43,0) -> 168 | AK43: 0 | AL43: 0 | AM43: =SUM(AG43:AL43) -> 3058.74 | AN43: =AB43+AM43 -> 21935.74 | AO43: =ROUND(675/K43*O43,0) -> 648 | AP43: =AN43+AO43 -> 22583.74 | AQ43: =ROUND(AP43*18%,0) -> 4065 | AR43: =AP43+AQ43 -> 26648.74
A44: 39 | B44: 3562030605 | C44: 6190 | D44: Yogesh Kashyap | E44: Jagdish Prasad | F44: 43591 | G44: MHE | H44: Un-Skilled | I44: 100769456094 | J44: 6928993069 | K44: 25 | L44: 24 | M44: 0 | N44: 0 | O44: =SUM(L44:N44) -> 24 | P44: 17234 | Q44: 0 | R44: 0 | S44: 0 | T44: =ROUND(SUM(P44:S44),0) -> 17234 | U44: =ROUND(P44/$K44*$O44,0) -> 16545 | V44: =ROUND(Q44/$K44*$O44,0) -> 0 | W44: =ROUND(R44/$K44*$O44,0) -> 0 | X44: =ROUND(S44/$K44*$O44,0) -> 0 | Y44: =ROUND(SUM(U44:X44),0) -> 16545 | Z44: =ROUNDUP(U44*8.33/100,0) -> 1379 | AA44: =ROUND(Y44*5.76%,0) -> 953 | AB44: =Y44+AA44+Z44 -> 18877 | AC44: =ROUNDUP(IF(T44>21000,0,AB44*0.75%),0) -> 142 | AD44: =ROUND(AB44-V44-Z44,0)*12% -> 2099.76 | AE44: 1 | AF44: =ROUND((AB44+AK44)-(AC44+AD44+AE44),0) -> 16634 | AG44: =ROUNDUP(AB44*3.25%,0) -> 614 | AH44: =ROUND(AB44-V44-Z44,0)*13% -> 2274.74 | AI44: 2 | AJ44: =ROUND(175/K44*O44,0) -> 168 | AK44: 0 | AL44: 0 | AM44: =SUM(AG44:AL44) -> 3058.74 | AN44: =AB44+AM44 -> 21935.74 | AO44: =ROUND(675/K44*O44,0) -> 648 | AP44: =AN44+AO44 -> 22583.74 | AQ44: =ROUND(AP44*18%,0) -> 4065 | AR44: =AP44+AQ44 -> 26648.74
A45: 40 | B45: 3562016852 | C45: 4568 | D45: Omprakash | E45: HIRA LAL | F45: 43344 | G45: MHE | H45: Un-Skilled | I45: 100019118604 | J45: 6923778767 | K45: 25 | L45: 22.5 | M45: 0 | N45: 0 | O45: =SUM(L45:N45) -> 22.5 | P45: 17234 | Q45: 0 | R45: 0 | S45: 0 | T45: =ROUND(SUM(P45:S45),0) -> 17234 | U45: =ROUND(P45/$K45*$O45,0) -> 15511 | V45: =ROUND(Q45/$K45*$O45,0) -> 0 | W45: =ROUND(R45/$K45*$O45,0) -> 0 | X45: =ROUND(S45/$K45*$O45,0) -> 0 | Y45: =ROUND(SUM(U45:X45),0) -> 15511 | Z45: =ROUNDUP(U45*8.33/100,0) -> 1293 | AA45: =ROUND(Y45*5.76%,0) -> 893 | AB45: =Y45+AA45+Z45 -> 17697 | AC45: =ROUNDUP(IF(T45>21000,0,AB45*0.75%),0) -> 133 | AD45: =ROUND(AB45-V45-Z45,0)*12% -> 1968.48 | AE45: 1 | AF45: =ROUND((AB45+AK45)-(AC45+AD45+AE45),0) -> 15595 | AG45: =ROUNDUP(AB45*3.25%,0) -> 576 | AH45: =ROUND(AB45-V45-Z45,0)*13% -> 2132.52 | AI45: 2 | AJ45: =ROUND(175/K45*O45,0) -> 158 | AK45: 0 | AL45: 0 | AM45: =SUM(AG45:AL45) -> 2868.52 | AN45: =AB45+AM45 -> 20565.52 | AO45: =ROUND(675/K45*O45,0) -> 608 | AP45: =AN45+AO45 -> 21173.52 | AQ45: =ROUND(AP45*18%,0) -> 3811 | AR45: =AP45+AQ45 -> 24984.52
A46: 41 | B46: 3562041796 | D46: AAN SINGH | E46: VIRENDRA SINGH | F46: 15/10/2020 | G46: MHE | H46: Un-Skilled | I46: 101159150500 | J46: 6930503778 | K46: 25 | L46: 24 | M46: 0 | N46: 0 | O46: =SUM(L46:N46) -> 24 | P46: 17234 | Q46: 0 | R46: 0 | T46: =ROUND(SUM(P46:S46),0) -> 17234 | U46: =ROUND(P46/$K46*$O46,0) -> 16545 | V46: =ROUND(Q46/$K46*$O46,0) -> 0 | W46: =ROUND(R46/$K46*$O46,0) -> 0 | X46: =ROUND(S46/$K46*$O46,0) -> 0 | Y46: =ROUND(SUM(U46:X46),0) -> 16545 | Z46: =ROUNDUP(U46*8.33/100,0) -> 1379 | AA46: =ROUND(Y46*5.76%,0) -> 953 | AB46: =Y46+AA46+Z46 -> 18877 | AC46: =ROUNDUP(IF(T46>21000,0,AB46*0.75%),0) -> 142 | AD46: =ROUND(AB46-V46-Z46,0)*12% -> 2099.76 | AE46: 1 | AF46: =ROUND((AB46+AK46)-(AC46+AD46+AE46),0) -> 16634 | AG46: =ROUNDUP(AB46*3.25%,0) -> 614 | AH46: =ROUND(AB46-V46-Z46,0)*13% -> 2274.74 | AI46: 2 | AJ46: =ROUND(175/K46*O46,0) -> 168 | AK46: 0 | AL46: 0 | AM46: =SUM(AG46:AL46) -> 3058.74 | AN46: =AB46+AM46 -> 21935.74 | AO46: =ROUND(675/K46*O46,0) -> 648 | AP46: =AN46+AO46 -> 22583.74 | AQ46: =ROUND(AP46*18%,0) -> 4065 | AR46: =AP46+AQ46 -> 26648.74
A47: 42 | B47: 3562047404 | D47: SURAJ KASHYAP | E47: RAMVILASH KASHYAP | F47: 44263 | G47: DEO | H47: Skilled | I47: 101505695221 | J47: 6930985511 | K47: 25 | L47: 25 | M47: 0 | N47: 0 | O47: =SUM(L47:N47) -> 25 | P47: 18993 | Q47: 1019 | R47: 0 | T47: =ROUND(SUM(P47:S47),0) -> 20012 | U47: =ROUND(P47/$K47*$O47,0) -> 18993 | V47: =ROUND(Q47/$K47*$O47,0) -> 1019 | W47: =ROUND(R47/$K47*$O47,0) -> 0 | X47: =ROUND(S47/$K47*$O47,0) -> 0 | Y47: =ROUND(SUM(U47:X47),0) -> 20012 | Z47: =ROUNDUP(U47*8.33/100,0) -> 1583 | AA47: =ROUND(Y47*5.76%,0) -> 1153 | AB47: =Y47+AA47+Z47 -> 22748 | AC47: =ROUNDUP(IF(T47>21000,0,AB47*0.75%),0) -> 171 | AD47: =ROUND(AB47-V47-Z47,0)*12% -> 2417.52 | AE47: 1 | AF47: =ROUND((AB47+AK47)-(AC47+AD47+AE47),0) -> 20158 | AG47: =ROUNDUP(AB47*3.25%,0) -> 740 | AH47: =ROUND(AB47-V47-Z47,0)*13% -> 2618.98 | AI47: 2 | AJ47: =ROUND(175/K47*O47,0) -> 175 | AK47: 0 | AL47: 0 | AM47: =SUM(AG47:AL47) -> 3535.98 | AN47: =AB47+AM47 -> 26283.98 | AO47: =ROUND(675/K47*O47,0) -> 675 | AP47: =AN47+AO47 -> 26958.98 | AQ47: =ROUND(AP47*18%,0) -> 4853 | AR47: =AP47+AQ47 -> 31811.98
A48: 43 | B48: 3562054967 | D48: Kiran NA | E48: Tribhuvan Singh Nayal | F48: 25/08/2021 | G48: DEO | H48: Skilled | I48: 101723112370 | J48: 6931457469 | K48: 25 | L48: 24 | M48: 0 | N48: 0 | O48: =SUM(L48:N48) -> 24 | P48: 18993 | Q48: 0 | R48: 0 | T48: =ROUND(SUM(P48:S48),0) -> 18993 | U48: =ROUND(P48/$K48*$O48,0) -> 18233 | V48: =ROUND(Q48/$K48*$O48,0) -> 0 | W48: =ROUND(R48/$K48*$O48,0) -> 0 | X48: =ROUND(S48/$K48*$O48,0) -> 0 | Y48: =ROUND(SUM(U48:X48),0) -> 18233 | Z48: =ROUNDUP(U48*8.33/100,0) -> 1519 | AA48: =ROUND(Y48*5.76%,0) -> 1050 | AB48: =Y48+AA48+Z48 -> 20802 | AC48: =ROUNDUP(IF(T48>21000,0,AB48*0.75%),0) -> 157 | AD48: =ROUND(IF((AB48-V48)*12%>1800,1800,(AB48-V48)*12%),0) -> 1800 | AE48: 1 | AF48: =ROUND((AB48+AK48)-(AC48+AD48+AE48),0) -> 18844 | AG48: =ROUNDUP(AB48*3.25%,0) -> 677 | AH48: =ROUND(IF(($AB48+Z48)*12%>1950,1950,(AB48-Z48)*13%),0) -> 1950 | AI48: 2 | AJ48: =ROUND(175/K48*O48,0) -> 168 | AK48: 0 | AL48: 0 | AM48: =SUM(AG48:AL48) -> 2797 | AN48: =AB48+AM48 -> 23599 | AO48: =ROUND(675/K48*O48,0) -> 648 | AP48: =AN48+AO48 -> 24247 | AQ48: =ROUND(AP48*18%,0) -> 4364 | AR48: =AP48+AQ48 -> 28611
A49: 44 | B49: 3562030599 | C49: 5165 | D49: PRIYA | E49: VIJAY PRASAD SHRIVASTAV | F49: 43428 | G49: DEO | H49: Skilled | I49: 101208007225 | J49: 6928605709 | K49: 25 | L49: 16 | M49: 0 | N49: 0 | O49: =SUM(L49:N49) -> 16 | P49: 19070 | Q49: 315 | R49: 0 | S49: 0 | T49: =ROUND(SUM(P49:S49),0) -> 19385 | U49: =ROUND(P49/$K49*$O49,0) -> 12205 | V49: =ROUND(Q49/$K49*$O49,0) -> 202 | W49: =ROUND(R49/$K49*$O49,0) -> 0 | X49: =ROUND(S49/$K49*$O49,0) -> 0 | Y49: =ROUND(SUM(U49:X49),0) -> 12407 | Z49: =ROUNDUP(U49*8.33/100,0) -> 1017 | AA49: =ROUND(Y49*5.76%,0) -> 715 | AB49: =Y49+AA49+Z49 -> 14139 | AC49: =ROUNDUP(IF(T49>21000,0,AB49*0.75%),0) -> 107 | AD49: =ROUND(AB49-V49-Z49,0)*12% -> 1550.4 | AE49: 1 | AF49: =ROUND((AB49+AK49)-(AC49+AD49+AE49),0) -> 12481 | AG49: =ROUNDUP(AB49*3.25%,0) -> 460 | AH49: =ROUND(AB49-V49-Z49,0)*13% -> 1679.6 | AI49: 2 | AJ49: =ROUND(175/K49*O49,0) -> 112 | AK49: 0 | AL49: 0 | AM49: =SUM(AG49:AL49) -> 2253.6 | AN49: =AB49+AM49 -> 16392.6 | AO49: =ROUND(675/K49*O49,0) -> 432 | AP49: =AN49+AO49 -> 16824.6 | AQ49: =ROUND(AP49*18%,0) -> 3028 | AR49: =AP49+AQ49 -> 19852.6
A50: 45 | B50: 3562057760 | D50: Rohit Chaudhary | E50: Chitaranjan Chaudhary | F50: 44473 | G50: Picker | H50: Lenovo (India) Private Ltd | I50: 101742184713 | J50: 6931623169 | K50: 25 | L50: 24.5 | M50: 0 | N50: 0 | O50: =SUM(L50:N50) -> 24.5 | P50: 17234 | Q50: 0 | R50: 0 | S50: 0 | T50: =ROUND(SUM(P50:S50),0) -> 17234 | U50: =ROUND(P50/$K50*$O50,0) -> 16889 | V50: =ROUND(Q50/$K50*$O50,0) -> 0 | W50: =ROUND(R50/$K50*$O50,0) -> 0 | X50: =ROUND(S50/$K50*$O50,0) -> 0 | Y50: =ROUND(SUM(U50:X50),0) -> 16889 | Z50: =ROUNDUP(U50*8.33/100,0) -> 1407 | AA50: =ROUND(Y50*5.76%,0) -> 973 | AB50: =Y50+AA50+Z50 -> 19269 | AC50: =ROUNDUP(IF(T50>21000,0,AB50*0.75%),0) -> 145 | AD50: =ROUND(IF(AB50-V50-Z50>1800,1800,(AB50-V50-Z50)*12%),0) -> 1800 | AE50: 1 | AF50: =ROUND((AB50+AK50)-(AC50+AD50+AE50),0) -> 17323 | AG50: =ROUNDUP(AB50*3.25%,0) -> 627 | AH50: =ROUND(IF(($AB50+Z50)*12%>1950,1950,(AB50-Z50)*13%),0) -> 1950 | AI50: 2 | AJ50: =ROUND(175/K50*O50,0) -> 172 | AK50: 0 | AL50: 0 | AM50: =SUM(AG50:AL50) -> 2751 | AN50: =AB50+AM50 -> 22020 | AO50: =ROUND(675/K50*O50,0) -> 662 | AP50: =AN50+AO50 -> 22682 | AQ50: =ROUND(AP50*18%,0) -> 4083 | AR50: =AP50+AQ50 -> 26765
A51: 46 | B51: 3562079721 | D51: Ravi Kumar | E51: Kartar Singh | F51: 44573 | G51: Picker | I51: 100878837700 | J51: 6933081613 | K51: 25 | L51: 21.5 | M51: 0 | N51: 0 | O51: =SUM(L51:N51) -> 21.5 | P51: 17234 | Q51: 0 | T51: =ROUND(SUM(P51:S51),0) -> 17234 | U51: =ROUND(P51/$K51*$O51,0) -> 14821 | V51: =ROUND(Q51/$K51*$O51,0) -> 0 | W51: =ROUND(R51/$K51*$O51,0) -> 0 | X51: =ROUND(S51/$K51*$O51,0) -> 0 | Y51: =ROUND(SUM(U51:X51),0) -> 14821 | Z51: =ROUNDUP(U51*8.33/100,0) -> 1235 | AA51: =ROUND(Y51*5.76%,0) -> 854 | AB51: =Y51+AA51+Z51 -> 16910 | AC51: =ROUNDUP(IF(T51>21000,0,AB51*0.75%),0) -> 127 | AD51: =ROUND(IF(AB51-V51-Z51>1800,1800,(AB51-V51-Z51)*12%),0) -> 1800 | AE51: 1 | AF51: =ROUND((AB51+AK51)-(AC51+AD51+AE51),0) -> 14982 | AG51: =ROUNDUP(AB51*3.25%,0) -> 550 | AH51: =ROUND(IF(($AB51+Z51)*12%>1950,1950,(AB51-Z51)*13%),0) -> 1950 | AI51: 2 | AJ51: =ROUND(175/K51*O51,0) -> 151 | AK51: 0 | AL51: 0 | AM51: =SUM(AG51:AL51) -> 2653 | AN51: =AB51+AM51 -> 19563 | AO51: =ROUND(675/K51*O51,0) -> 581 | AP51: =AN51+AO51 -> 20144 | AQ51: =ROUND(AP51*18%,0) -> 3626 | AR51: =AP51+AQ51 -> 23770
K53: Total | L53: =SUM(L6:L52) -> 1052 | M53: =SUM(M6:M52) -> 0 | N53: =SUM(N6:N52) -> 0 | O53: =SUM(O6:O52) -> 1052 | P53: =SUM(P6:P52) -> 819919 | Q53: =SUM(Q6:Q52) -> 18234 | R53: =SUM(R6:R52) -> 0 | S53: =SUM(S6:S52) -> 0 | ... AR53: =SUM(AR6:AR52) -> 1227330.3

Sheet Combined OT
A1: Location | B1: DEL111 | G1: Bill No. | H1: 0
A2: Month | B2: 43556 | G2: Head Count | H2: 2
A3: Vendor | B3: DM Industries | G3: Project | H3: DHL-Okhla-C-53 (HP-PPS)
A4: Employee's Particulars | I4: OT Summery | M4: Actual Rates | O4: Earning Summery | P4: Employee's Deduction | R4: Employer's Cost | U4: Final Billing Cost
A5: S.No. | B5: MARS ID | C5: Vendor Code | D5: Name of Employee | E5: Father's Name | F5: DOJ | G5: Designation | H5: ESIC | I5: Working Days | J5: OT Hrs | K5: Arrear OT Hrs. | L5: Total OT Hrs. Payble | M5: Basic+VDA | N5: Per Hours OT Amount | O5: OT Amount (A) | P5: Employee Contribution on ESIC (1.75%) | Q5: Net Earning | R5: Employer Contribution on ESIC (4.75%) | S5: Total (B) | T5: Wage cost (A+B) = C | U5: GST 18% ON D | V5: CTC
A6: 1 | B6: 3562016834 | C6: 4585 | D6: Manjeet Kumar | E6: Rajpal Singh Rudhir | F6: 43344 | G6: SUP | H6: 6923778590 | I6: 26 | J6: =VLOOKUP(B6,'[2]CBT OT'!$B$2:$F$14,5,0) -> 15 | L6: =SUM(J6:K6) -> 15 | M6: 15427 | N6: =ROUNDDOWN((M6/26/8)*2,2) -> 148.33 | O6: =N6*L6 -> 2224.95 | P6: =ROUNDUP(O6*1.75%,0) -> 39 | Q6: =ROUND(O6-P6,0) -> 2186 | R6: =ROUNDUP(O6*4.75%,0) -> 106 | S6: =SUM(R6:R6) -> 106 | T6: =(ROUNDUP(N6*4.75%,0)+N6)*L6 -> 2344.95 | U6: =ROUND(T6*18%,0) -> 422 | V6: =T6+U6 -> 2766.95 | W6: 120
A7: 2 | B7: 3562016837 | C7: 4578 | D7: Pradeep Burman | E7: Fatik Barman | F7: 43344 | G7: MHE | H7: 2013503576 | I7: 26 | J7: =VLOOKUP(B7,'[2]CBT OT'!$B$2:$F$14,5,0) -> 17 | L7: =SUM(J7:K7) -> 17 | M7: 14025 | N7: =ROUNDDOWN((M7/26/8)*2,2) -> 134.85 | O7: =N7*L7 -> 2292.45 | P7: =ROUNDUP(O7*1.75%,0) -> 41 | Q7: =ROUND(O7-P7,0) -> 2251 | R7: =ROUNDUP(O7*4.75%,0) -> 109 | S7: =SUM(R7:R7) -> 109 | T7: =(ROUNDUP(N7*4.75%,0)+N7)*L7 -> 2411.45 | U7: =ROUND(T7*18%,0) -> 434 | V7: =T7+U7 -> 2845.45 | W7: 119
A8: 3 | B8: 3562016847 | C8: 4577 | D8: Devender | E8: Ramesh Chand | F8: 43344 | G8: MHE | H8: 6923778869 | I8: 26 | J8: =VLOOKUP(B8,'[2]CBT OT'!$B$2:$F$14,5,0) -> 8 | L8: =SUM(J8:K8) -> 8 | M8: 14025 | N8: =ROUNDDOWN((M8/26/8)*2,2) -> 134.85 | O8: =N8*L8 -> 1078.8 | P8: =ROUNDUP(O8*1.75%,0) -> 19 | Q8: =ROUND(O8-P8,0) -> 1060 | R8: =ROUNDUP(O8*4.75%,0) -> 52 | S8: =SUM(R8:R8) -> 52 | T8: =(ROUNDUP(N8*4.75%,0)+N8)*L8 -> 1134.8 | U8: =ROUND(T8*18%,0) -> 204 | V8: =T8+U8 -> 1338.8 | W8: 56
A9: 4 | B9: 3562016848 | C9: 4582 | D9: Monu Kumar | E9: Sahankar Shah | F9: 43344 | G9: MHE | H9: 6923778820 | I9: 26 | J9: =VLOOKUP(B9,'[2]CBT OT'!$B$2:$F$14,5,0) -> 3 | L9: =SUM(J9:K9) -> 3 | M9: 14025 | N9: =ROUNDDOWN((M9/26/8)*2,2) -> 134.85 | O9: =N9*L9 -> 404.55 | P9: =ROUNDUP(O9*1.75%,0) -> 8 | Q9: =ROUND(O9-P9,0) -> 397 | R9: =ROUNDUP(O9*4.75%,0) -> 20 | S9: =SUM(R9:R9) -> 20 | T9: =(ROUNDUP(N9*4.75%,0)+N9)*L9 -> 425.55 | U9: =ROUND(T9*18%,0) -> 77 | V9: =T9+U9 -> 502.55 | W9: 21
A10: 5 | B10: 3562016852 | C10: 4568 | D10: Omprakash | E10: HIRA LAL | F10: 43344 | G10: MHE | H10: 6923778767 | I10: 26 | J10: =VLOOKUP(B10,'[2]CBT OT'!$B$2:$F$14,5,0) -> 12 | L10: =SUM(J10:K10) -> 12 | M10: 14025 | N10: =ROUNDDOWN((M10/26/8)*2,2) -> 134.85 | O10: =N10*L10 -> 1618.2 | P10: =ROUNDUP(O10*1.75%,0) -> 29 | Q10: =ROUND(O10-P10,0) -> 1589 | R10: =ROUNDUP(O10*4.75%,0) -> 77 | S10: =SUM(R10:R10) -> 77 | T10: =(ROUNDUP(N10*4.75%,0)+N10)*L10 -> 1702.2 | U10: =ROUND(T10*18%,0) -> 306 | V10: =T10+U10 -> 2008.2 | W10: 84
A11: 6 | B11: 3562016853 | C11: 4569 | D11: Krishan Pal | E11: Rampal | F11: 43344 | G11: Material Handler | H11: 6712905741 | I11: 26 | J11: =VLOOKUP(B11,'[2]CBT OT'!$B$2:$F$14,5,0) -> 3 | L11: =SUM(J11:K11) -> 3 | M11: 14025 | N11: =ROUNDDOWN((M11/26/8)*2,2) -> 134.85 | O11: =N11*L11 -> 404.55 | P11: =ROUNDUP(O11*1.75%,0) -> 8 | Q11: =ROUND(O11-P11,0) -> 397 | R11: =ROUNDUP(O11*4.75%,0) -> 20 | S11: =SUM(R11:R11) -> 20 | T11: =(ROUNDUP(N11*4.75%,0)+N11)*L11 -> 425.55 | U11: =ROUND(T11*18%,0) -> 77 | V11: =T11+U11 -> 502.55 | W11: 21
A12: 7 | B12: 3562016855 | C12: 4571 | D12: Amit Kumar | E12: Narsingh Lal | F12: 43344 | G12: Material Handler | H12: 6924189334 | I12: 26 | J12: =VLOOKUP(B12,'[2]CBT OT'!$B$2:$F$14,5,0) -> 7 | L12: =SUM(J12:K12) -> 7 | M12: 14025 | N12: =ROUNDDOWN((M12/26/8)*2,2) -> 134.85 | O12: =N12*L12 -> 943.95 | P12: =ROUNDUP(O12*1.75%,0) -> 17 | Q12: =ROUND(O12-P12,0) -> 927 | R12: =ROUNDUP(O12*4.75%,0) -> 45 | S12: =SUM(R12:R12) -> 45 | T12: =(ROUNDUP(N12*4.75%,0)+N12)*L12 -> 992.95 | U12: =ROUND(T12*18%,0) -> 179 | V12: =T12+U12 -> 1171.95 | W12: 49
A13: 8 | B13: 3562016856 | C13: 4588 | D13: Vicky Malhotra | E13: Kamal | F13: 43344 | G13: HK | H13: 6924638559 | I13: 26 | J13: =VLOOKUP(B13,'[2]CBT OT'!$B$2:$F$14,5,0) -> 4 | L13: =SUM(J13:K13) -> 4 | M13: 14025 | N13: =ROUNDDOWN((M13/26/8)*2,2) -> 134.85 | O13: =N13*L13 -> 539.4 | P13: =ROUNDUP(O13*1.75%,0) -> 10 | Q13: =ROUND(O13-P13,0) -> 529 | R13: =ROUNDUP(O13*4.75%,0) -> 26 | S13: =SUM(R13:R13) -> 26 | T13: =(ROUNDUP(N13*4.75%,0)+N13)*L13 -> 567.4 | U13: =ROUND(T13*18%,0) -> 102 | V13: =T13+U13 -> 669.4 | W13: 28
A14: 9 | B14: 3562016859 | C14: 4586 | D14: Ravi Singh | E14: Chandrma Singh | F14: 43344 | G14: MHE | H14: 6925327635 | I14: 26 | J14: =VLOOKUP(B14,'[2]CBT OT'!$B$2:$F$14,5,0) -> 8 | L14: =SUM(J14:K14) -> 8 | M14: 14025 | N14: =ROUNDDOWN((M14/26/8)*2,2) -> 134.85 | O14: =N14*L14 -> 1078.8 | P14: =ROUNDUP(O14*1.75%,0) -> 19 | Q14: =ROUND(O14-P14,0) -> 1060 | R14: =ROUNDUP(O14*4.75%,0) -> 52 | S14: =SUM(R14:R14) -> 52 | T14: =(ROUNDUP(N14*4.75%,0)+N14)*L14 -> 1134.8 | U14: =ROUND(T14*18%,0) -> 204 | V14: =T14+U14 -> 1338.8 | W14: 56
A15: 10 | B15: 3562018691 | C15: 5172 | D15: ALOPI NATH DHURIYA | E15: MOTI LAL | F15: 43423 | G15: MHE | H15: 6928605851 | I15: 26 | J15: =VLOOKUP(B15,'[2]CBT OT'!$B$2:$F$14,5,0) -> 12 | L15: =SUM(J15:K15) -> 12 | M15: 14025 | N15: =ROUNDDOWN((M15/26/8)*2,2) -> 134.85 | O15: =N15*L15 -> 1618.2 | P15: =ROUNDUP(O15*1.75%,0) -> 29 | Q15: =ROUND(O15-P15,0) -> 1589 | R15: =ROUNDUP(O15*4.75%,0) -> 77 | S15: =SUM(R15:R15) -> 77 | T15: =(ROUNDUP(N15*4.75%,0)+N15)*L15 -> 1702.2 | U15: =ROUND(T15*18%,0) -> 306 | V15: =T15+U15 -> 2008.2 | W15: 84
A16: 11 | B16: 3562018694 | C16: 5176 | D16: SONU KUMAR | E16: MATAL BADAL | F16: 43421 | G16: MHE | H16: 6928605954 | I16: 26 | J16: =VLOOKUP(B16,'[2]CBT OT'!$B$2:$F$14,5,0) -> 18 | L16: =SUM(J16:K16) -> 18 | M16: 14025 | N16: =ROUNDDOWN((M16/26/8)*2,2) -> 134.85 | O16: =N16*L16 -> 2427.3 | P16: =ROUNDUP(O16*1.75%,0) -> 43 | Q16: =ROUND(O16-P16,0) -> 2384 | R16: =ROUNDUP(O16*4.75%,0) -> 116 | S16: =SUM(R16:R16) -> 116 | T16: =(ROUNDUP(N16*4.75%,0)+N16)*L16 -> 2553.3 | U16: =ROUND(T16*18%,0) -> 460 | V16: =T16+U16 -> 3013.3 | W16: 126
A17: 12 | B17: 3562018698 | C17: 4716 | D17: Rohit Kumar Jha | E17: PRADEEP JHA | F17: 43385 | G17: MHE | H17: 6928479073 | I17: 26 | J17: =VLOOKUP(B17,'[2]CBT OT'!$B$2:$F$14,5,0) -> 9 | L17: =SUM(J17:K17) -> 9 | M17: 14025 | N17: =ROUNDDOWN((M17/26/8)*2,2) -> 134.85 | O17: =N17*L17 -> 1213.65 | P17: =ROUNDUP(O17*1.75%,0) -> 22 | Q17: =ROUND(O17-P17,0) -> 1192 | R17: =ROUNDUP(O17*4.75%,0) -> 58 | S17: =SUM(R17:R17) -> 58 | T17: =(ROUNDUP(N17*4.75%,0)+N17)*L17 -> 1276.65 | U17: =ROUND(T17*18%,0) -> 230 | V17: =T17+U17 -> 1506.65 | W17: 63
A18: 13 | B18: 3562018733 | C18: 5022 | D18: Sunil | E18: SHALIK RAM | F18: 43435 | G18: MHE | H18: 6928684196 | I18: 26 | J18: =VLOOKUP(B18,'[2]CBT OT'!$B$2:$F$14,5,0) -> 12 | L18: =SUM(J18:K18) -> 12 | M18: 14025 | N18: =ROUNDDOWN((M18/26/8)*2,2) -> 134.85 | O18: =N18*L18 -> 1618.2 | P18: =ROUNDUP(O18*1.75%,0) -> 29 | Q18: =ROUND(O18-P18,0) -> 1589 | R18: =ROUNDUP(O18*4.75%,0) -> 77 | S18: =SUM(R18:R18) -> 77 | T18: =(ROUNDUP(N18*4.75%,0)+N18)*L18 -> 1702.2 | U18: =ROUND(T18*18%,0) -> 306 | V18: =T18+U18 -> 2008.2 | W18: 84
A19: 14 | C19: 5166 | D19: AMITABH BACHCHAN | E19: MAHAVIR PRASAD | F19: 43420 | G19: DEO | H19: 6928605750 | I19: 26 | J19: 9 | L19: =SUM(J19:K19) -> 9 | M19: 15410 | N19: =ROUNDDOWN((M19/26/8)*2,2) -> 148.17 | O19: =N19*L19 -> 1333.53 | P19: =ROUNDUP(O19*1.75%,0) -> 24 | Q19: =ROUND(O19-P19,0) -> 1310 | R19: =ROUNDUP(O19*4.75%,0) -> 64 | S19: =SUM(R19:R19) -> 64 | T19: =(ROUNDUP(N19*4.75%,0)+N19)*L19 -> 1405.53 | U19: =ROUND(T19*18%,0) -> 253 | V19: =T19+U19 -> 1658.53 | W19: #N/A
A20: 15 | C20: 5167 | D20: KAMAL | E20: SURESH CHAND | F20: 43423 | G20: DEO | H20: 6928605770 | I20: 26 | J20: 34 | L20: =SUM(J20:K20) -> 34 | M20: 15410 | N20: =ROUNDDOWN((M20/26/8)*2,2) -> 148.17 | O20: =N20*L20 -> 5037.78 | P20: =ROUNDUP(O20*1.75%,0) -> 89 | Q20: =ROUND(O20-P20,0) -> 4949 | R20: =ROUNDUP(O20*4.75%,0) -> 240 | S20: =SUM(R20:R20) -> 240 | T20: =(ROUNDUP(N20*4.75%,0)+N20)*L20 -> 5309.78 | U20: =ROUND(T20*18%,0) -> 956 | V20: =T20+U20 -> 6265.78 | W20: #N/A
A21: 16 | C21: 5168 | D21: RINKU KUMAR | E21: RAJENDER SINGH | F21: 43424 | G21: DEO | H21: 6928605796 | I21: 26 | J21: 20 | L21: =SUM(J21:K21) -> 20 | M21: 15410 | N21: =ROUNDDOWN((M21/26/8)*2,2) -> 148.17 | O21: =N21*L21 -> 2963.4 | P21: =ROUNDUP(O21*1.75%,0) -> 52 | Q21: =ROUND(O21-P21,0) -> 2911 | R21: =ROUNDUP(O21*4.75%,0) -> 141 | S21: =SUM(R21:R21) -> 141 | T21: =(ROUNDUP(N21*4.75%,0)+N21)*L21 -> 3123.4 | U21: =ROUND(T21*18%,0) -> 562 | V21: =T21+U21 -> 3685.4 | W21: #N/A
A22: 17 | C22: 5169 | D22: AJIT SINGH | E22: OM PRAKASH | F22: 43434 | G22: DEO | H22: 6928605805 | I22: 26 | J22: 8 | L22: =SUM(J22:K22) -> 8 | M22: 15410 | N22: =ROUNDDOWN((M22/26/8)*2,2) -> 148.17 | O22: =N22*L22 -> 1185.36 | P22: =ROUNDUP(O22*1.75%,0) -> 21 | Q22: =ROUND(O22-P22,0) -> 1164 | R22: =ROUNDUP(O22*4.75%,0) -> 57 | S22: =SUM(R22:R22) -> 57 | T22: =(ROUNDUP(N22*4.75%,0)+N22)*L22 -> 1249.36 | U22: =ROUND(T22*18%,0) -> 225 | V22: =T22+U22 -> 1474.36 | W22: #N/A
A23: 18 | C23: 5023 | D23: Kamlesh Kumar | E23: RAVINDER LAL | F23: 43435 | G23: DEO | H23: 6928684260 | I23: 26 | J23: 9 | L23: =SUM(J23:K23) -> 9 | M23: 15410 | N23: =ROUNDDOWN((M23/26/8)*2,2) -> 148.17 | O23: =N23*L23 -> 1333.53 | P23: =ROUNDUP(O23*1.75%,0) -> 24 | Q23: =ROUND(O23-P23,0) -> 1310 | R23: =ROUNDUP(O23*4.75%,0) -> 64 | S23: =SUM(R23:R23) -> 64 | T23: =(ROUNDUP(N23*4.75%,0)+N23)*L23 -> 1405.53 | U23: =ROUND(T23*18%,0) -> 253 | V23: =T23+U23 -> 1658.53 | W23: #N/A
A24: 19 | C24: 6189 | D24: Dheeraj Kumar Bharti | E24: Surender Singh | F24: 43580 | G24: MHE | H24: 6928993012 | I24: 26 | J24: 30 | L24: =SUM(J24:K24) -> 30 | M24: 14010 | N24: =ROUNDDOWN((M24/26/8)*2,2) -> 134.71 | O24: =N24*L24 -> 4041.3 | P24: =ROUNDUP(O24*1.75%,0) -> 71 | Q24: =ROUND(O24-P24,0) -> 3970 | R24: =ROUNDUP(O24*4.75%,0) -> 192 | S24: =SUM(R24:R24) -> 192 | T24: =(ROUNDUP(N24*4.75%,0)+N24)*L24 -> 4251.3 | U24: =ROUND(T24*18%,0) -> 765 | V24: =T24+U24 -> 5016.3 | W24: #N/A
I26: Total | J26: =SUM(J6:J25) -> 238 | K26: =SUM(K6:K25) -> 0 | L26: =SUM(L6:L25) -> 238 | M26: =SUM(M6:M25) -> 274787 | N26: =SUM(N6:N25) -> 2642.09 | O26: =SUM(O6:O25) -> 33357.9 | P26: =SUM(P6:P25) -> 594 | Q26: =SUM(Q6:Q25) -> 32764 | ... V26: =SUM(V6:V25) -> 41439.9

Sheet New Joinees
A1: S.No. | B1: MARS ID | C1: Vendor Code | D1: Name of Employee | E1: Father's Name | F1: DOJ | G1: Designation
A2: 1
A3: 2
A4: 3
A5: 4

Sheet Exit Employees
A1: S.No. | B1: MARS ID | C1: Vendor Code | D1: Name of Employee | E1: Father's Name | F1: DOJ | G1: Designation | H1: DOE
A2: 1 | C2: 2005 | D2: DEEPCHANDRA | E2: DHEERAJ SINGH | F2: 43425 | G2: DEO
A3: 2 | C3: 2016 | D3: Ramveer Sing | F3: 43419 | G3: MHE
A4: 3 | C4: 2018 | D4: Karan Mohan | F4: 43430 | G4: MHE
A5: 4

Sheet F&F Status
A1: F&F
A2: S.No. | B2: MARS ID | C2: Vendor Code | D2: Name of Employee | E2: Father's Name | F2: DOJ | G2: Designation | H2: DOE | I2: Status
A3: 1
A4: 2
A5: 3
A6: 4

Sheet CBT OT
A1: Location | B1: DEL111 | F1: Bill No. | G1: 0
A2: Month | B2: 45017 | F2: Head Count | G2: 46
A3: Vendor | B3: DM Industries | F3: Project | G3: DHL-Okhla-C-53 (HP-PPS)
A4: Employee's Particulars | I4: OT Summery | M4: Actual Rates | O4: Earning Summery | P4: Employee's Deduction | R4: Employer's Cost | U4: Final Billing Cost
A5: S.No. | B5: MARS ID | C5: Vendor Code | D5: Name of Employee | E5: Father's Name | F5: DOJ | G5: Designation | H5: ESIC | I5: Working Days | J5: OT Hrs | K5: Arrear OT Hrs. | L5: Total OT Hrs. Payble | M5: Basic+VDA | N5: Per Hours OT Amount | O5: OT Amount (A) | P5: Employee Contribution on ESIC (0.75%) | Q5: Net Earning | R5: Employer Contribution on ESIC (3.25%) | S5: Total (B) | T5: Wage cost (A+B) = C | U5: GST 18% ON D | V5: CTC
A6: 1 | B6: 3562016849 | C6: 4574 | D6: Mohit Garg | E6: Thakur Das | F6: 43344 | G6: DEO | I6: 27 | J6: 0 | K6: 0 | L6: =SUM(J6:K6) -> 0 | M6: 18993 | N6: =ROUNDDOWN((M6/26/8)*2,2) -> 182.62 | O6: =N6*L6 -> 0 | P6: =ROUNDUP(O6*0.75%,0) -> 0 | Q6: =ROUND(O6-P6,0) -> 0 | R6: =ROUND(O6*3.25/100,0) -> 0 | S6: =SUM(R6:R6) -> 0 | T6: =O6+S6 -> 0 | U6: =ROUND(T6*18%,0) -> 0 | V6: =T6+U6 -> 0
A7: 2 | B7: 3562016837 | C7: 4578 | D7: Pradeep Burman | E7: Fatik Barman | F7: 43344 | G7: DEO | I7: 27 | J7: 0 | K7: 0 | L7: =SUM(J7:K7) -> 0 | M7: 18993 | N7: =ROUNDDOWN((M7/26/8)*2,2) -> 182.62 | O7: =N7*L7 -> 0 | P7: =ROUNDUP(O7*0.75%,0) -> 0 | Q7: =ROUND(O7-P7,0) -> 0 | R7: =ROUND(O7*3.25/100,0) -> 0 | S7: =SUM(R7:R7) -> 0 | T7: =O7+S7 -> 0 | U7: =ROUND(T7*18%,0) -> 0 | V7: =T7+U7 -> 0
A8: 3 | B8: 3562016838 | C8: 4579 | D8: Rakesh Rai | E8: Lt. Kameshwar Rai | F8: 43344 | G8: MHE | I8: 27 | J8: 0 | K8: 0 | L8: =SUM(J8:K8) -> 0 | M8: 17234 | N8: =ROUNDDOWN((M8/26/8)*2,2) -> 165.71 | O8: =N8*L8 -> 0 | P8: =ROUNDUP(O8*0.75%,0) -> 0 | Q8: =ROUND(O8-P8,0) -> 0 | R8: =ROUND(O8*3.25/100,0) -> 0 | S8: =SUM(R8:R8) -> 0 | T8: =O8+S8 -> 0 | U8: =ROUND(T8*18%,0) -> 0 | V8: =T8+U8 -> 0
A9: 4 | B9: 3562016848 | C9: 4582 | D9: Monu Kumar | E9: Sahankar Shah | F9: 43344 | G9: MHE | I9: 27 | J9: 0 | K9: 0 | L9: =SUM(J9:K9) -> 0 | M9: 17234 | N9: =ROUNDDOWN((M9/26/8)*2,2) -> 165.71 | O9: =N9*L9 -> 0 | P9: =ROUNDUP(O9*0.75%,0) -> 0 | Q9: =ROUND(O9-P9,0) -> 0 | R9: =ROUND(O9*3.25/100,0) -> 0 | S9: =SUM(R9:R9) -> 0 | T9: =O9+S9 -> 0 | U9: =ROUND(T9*18%,0) -> 0 | V9: =T9+U9 -> 0
A10: 5 | B10: 3562017091 | C10: 4584 | D10: Sukhram | E10: Prem Singh | F10: 43344 | G10: SUP | I10: 27 | J10: 0 | K10: 0 | L10: =SUM(J10:K10) -> 0 | M10: 19070 | N10: =ROUNDDOWN((M10/26/8)*2,2) -> 183.36 | O10: =N10*L10 -> 0 | P10: =ROUNDUP(O10*0.75%,0) -> 0 | Q10: =ROUND(O10-P10,0) -> 0 | R10: =ROUND(O10*3.25/100,0) -> 0 | S10: =SUM(R10:R10) -> 0 | T10: =O10+S10 -> 0 | U10: =ROUND(T10*18%,0) -> 0 | V10: =T10+U10 -> 0
A11: 6 | B11: 3562016834 | C11: 4585 | D11: Manjeet Kumar | E11: Rajpal Singh Rudhir | F11: 43344 | G11: SUP | I11: 27 | J11: 6.32 | K11: 0 | L11: =SUM(J11:K11) -> 6.32 | M11: 19070 | N11: =ROUNDDOWN((M11/26/8)*2,2) -> 183.36 | O11: =N11*L11 -> 1158.8352 | P11: =ROUNDUP(O11*0.75%,0) -> 9 | Q11: =ROUND(O11-P11,0) -> 1150 | R11: =ROUND(O11*3.25/100,0) -> 38 | S11: =SUM(R11:R11) -> 38 | T11: =O11+S11 -> 1196.8352 | U11: =ROUND(T11*18%,0) -> 215 | V11: =T11+U11 -> 1411.8352
A12: 7 | B12: 3562016859 | C12: 4586 | D12: Ravi Singh | E12: Chandrma Singh | F12: 43344 | G12: MHE | I12: 27 | J12: 0 | K12: 0 | L12: =SUM(J12:K12) -> 0 | M12: 17234 | N12: =ROUNDDOWN((M12/26/8)*2,2) -> 165.71 | O12: =N12*L12 -> 0 | P12: =ROUNDUP(O12*0.75%,0) -> 0 | Q12: =ROUND(O12-P12,0) -> 0 | R12: =ROUND(O12*3.25/100,0) -> 0 | S12: =SUM(R12:R12) -> 0 | T12: =O12+S12 -> 0 | U12: =ROUND(T12*18%,0) -> 0 | V12: =T12+U12 -> 0
A13: 8 | B13: 3562016860 | C13: 4587 | D13: Vishnu Singh Bhadauria | E13: Keshav Singh | F13: 43344 | G13: MHE | I13: 27 | J13: 0 | K13: 0 | L13: =SUM(J13:K13) -> 0 | M13: 17234 | N13: =ROUNDDOWN((M13/26/8)*2,2) -> 165.71 | O13: =N13*L13 -> 0 | P13: =ROUNDUP(O13*0.75%,0) -> 0 | Q13: =ROUND(O13-P13,0) -> 0 | R13: =ROUND(O13*3.25/100,0) -> 0 | S13: =SUM(R13:R13) -> 0 | T13: =O13+S13 -> 0 | U13: =ROUND(T13*18%,0) -> 0 | V13: =T13+U13 -> 0
A14: 9 | B14: 3562018698 | C14: 4716 | D14: Rohit Kumar Jha | E14: PRADEEP JHA | F14: 43385 | G14: MHE | I14: 27 | J14: 0 | K14: 0 | L14: =SUM(J14:K14) -> 0 | M14: 17234 | N14: =ROUNDDOWN((M14/26/8)*2,2) -> 165.71 | O14: =N14*L14 -> 0 | P14: =ROUNDUP(O14*0.75%,0) -> 0 | Q14: =ROUND(O14-P14,0) -> 0 | R14: =ROUND(O14*3.25/100,0) -> 0 | S14: =SUM(R14:R14) -> 0 | T14: =O14+S14 -> 0 | U14: =ROUND(T14*18%,0) -> 0 | V14: =T14+U14 -> 0
A15: 10 | B15: 3562017275 | C15: 4717 | D15: Sanjay Kumar sharma | E15: MUNESHWAR | F15: 43388 | G15: MHE | I15: 27 | J15: 0 | K15: 0 | L15: =SUM(J15:K15) -> 0 | M15: 17234 | N15: =ROUNDDOWN((M15/26/8)*2,2) -> 165.71 | O15: =N15*L15 -> 0 | P15: =ROUNDUP(O15*0.75%,0) -> 0 | Q15: =ROUND(O15-P15,0) -> 0 | R15: =ROUND(O15*3.25/100,0) -> 0 | S15: =SUM(R15:R15) -> 0 | T15: =O15+S15 -> 0 | U15: =ROUND(T15*18%,0) -> 0 | V15: =T15+U15 -> 0
A16: 11 | B16: 3562018733 | C16: 5022 | D16: Sunil | E16: SHALIK RAM | F16: 43435 | G16: MHE | I16: 27 | J16: 0 | K16: 0 | L16: =SUM(J16:K16) -> 0 | M16: 17234 | N16: =ROUNDDOWN((M16/26/8)*2,2) -> 165.71 | O16: =N16*L16 -> 0 | P16: =ROUNDUP(O16*0.75%,0) -> 0 | Q16: =ROUND(O16-P16,0) -> 0 | R16: =ROUND(O16*3.25/100,0) -> 0 | S16: =SUM(R16:R16) -> 0 | T16: =O16+S16 -> 0 | U16: =ROUND(T16*18%,0) -> 0 | V16: =T16+U16 -> 0
A17: 12 | B17: 3562018693 | C17: 5171 | D17: GOVIND SINGH BISHT | E17: SATYAPAL SINGH BISHT | F17: 43417 | G17: MHE | I17: 27 | J17: 0 | K17: 0 | L17: =SUM(J17:K17) -> 0 | M17: 17234 | N17: =ROUNDDOWN((M17/26/8)*2,2) -> 165.71 | O17: =N17*L17 -> 0 | P17: =ROUNDUP(O17*0.75%,0) -> 0 | Q17: =ROUND(O17-P17,0) -> 0 | R17: =ROUND(O17*3.25/100,0) -> 0 | S17: =SUM(R17:R17) -> 0 | T17: =O17+S17 -> 0 | U17: =ROUND(T17*18%,0) -> 0 | V17: =T17+U17 -> 0
... A24: 19 | B24: 3562020946 | C24: 6363 | D24: Sujeet Kumar Singh | E24: Manohar Singh | F24: 43586 | G24: MHE | I24: 27 | J24: 6.7 | K24: 0 | L24: =SUM(J24:K24) -> 6.7 | M24: 17234 | N24: =ROUNDDOWN((M24/26/8)*2,2) -> 165.71 | O24: =N24*L24 -> 1110.257 | P24: =ROUNDUP(O24*0.75%,0) -> 9 | Q24: =ROUND(O24-P24,0) -> 1101 | R24: =ROUND(O24*3.25/100,0) -> 36 | S24: =SUM(R24:R24) -> 36 | T24: =O24+S24 -> 1146.257 | U24: =ROUND(T24*18%,0) -> 206 | V24: =T24+U24 -> 1352.257
A25: 20 | B25: 3562027185 | D25: Dakshita Sisodiya | E25: RAJKUMAR | F25: 43666 | G25: DEO | I25: 27 | J25: 0.5 | K25: 0 | L25: =SUM(J25:K25) -> 0.5 | M25: 19070 | N25: =ROUNDDOWN((M25/26/8)*2,2) -> 183.36 | O25: =N25*L25 -> 91.68 | P25: =ROUNDUP(O25*0.75%,0) -> 1 | Q25: =ROUND(O25-P25,0) -> 91 | R25: =ROUND(O25*3.25/100,0) -> 3 | S25: =SUM(R25:R25) -> 3 | T25: =O25+S25 -> 94.68 | U25: =ROUND(T25*18%,0) -> 17 | V25: =T25+U25 -> 111.68
A26: 21 | B26: 3562029833 | D26: SONU KUMAR | E26: JIVAN KISHOR KAM | F26: 43733 | G26: MHE | I26: 27 | J26: 0 | K26: 0 | L26: =SUM(J26:K26) -> 0 | M26: 17234 | N26: =ROUNDDOWN((M26/26/8)*2,2) -> 165.71 | O26: =N26*L26 -> 0 | P26: =ROUNDUP(O26*0.75%,0) -> 0 | Q26: =ROUND(O26-P26,0) -> 0 | R26: =ROUND(O26*3.25/100,0) -> 0 | S26: =SUM(R26:R26) -> 0 | T26: =O26+S26 -> 0 | U26: =ROUND(T26*18%,0) -> 0 | V26: =T26+U26 -> 0
A27: 22 | B27: 3562029834 | D27: Sunil | E27: RAMESH CHAND | F27: 43725 | G27: MHE | I27: 27 | J27: 0 | K27: 0 | L27: =SUM(J27:K27) -> 0 | M27: 17234 | N27: =ROUNDDOWN((M27/26/8)*2,2) -> 165.71 | O27: =N27*L27 -> 0 | P27: =ROUNDUP(O27*0.75%,0) -> 0 | Q27: =ROUND(O27-P27,0) -> 0 | R27: =ROUND(O27*3.25/100,0) -> 0 | S27: =SUM(R27:R27) -> 0 | T27: =O27+S27 -> 0 | U27: =ROUND(T27*18%,0) -> 0 | V27: =T27+U27 -> 0
A28: 23 | B28: 3562029838 | C28: 6733 | D28: Swapan kumar bera | E28: RADHANATH BERA | F28: 43706 | G28: MHE | I28: 27 | J28: 0 | K28: 0 | L28: =SUM(J28:K28) -> 0 | M28: 17234 | N28: =ROUNDDOWN((M28/26/8)*2,2) -> 165.71 | O28: =N28*L28 -> 0 | P28: =ROUNDUP(O28*0.75%,0) -> 0 | Q28: =ROUND(O28-P28,0) -> 0 | R28: =ROUND(O28*3.25/100,0) -> 0 | S28: =SUM(R28:R28) -> 0 | T28: =O28+S28 -> 0 | U28: =ROUND(T28*18%,0) -> 0 | V28: =T28+U28 -> 0
A29: 24 | B29: 3562030596 | C29: 4581 | D29: MANI SHANKAR TIWARI | E29: RADHA MOHAN TIWARI | F29: 43425 | G29: DEO | I29: 27 | J29: 0 | K29: 0 | L29: =SUM(J29:K29) -> 0 | M29: 19070 | N29: =ROUNDDOWN((M29/26/8)*2,2) -> 183.36 | O29: =N29*L29 -> 0 | P29: =ROUNDUP(O29*0.75%,0) -> 0 | Q29: =ROUND(O29-P29,0) -> 0 | R29: =ROUND(O29*3.25/100,0) -> 0 | S29: =SUM(R29:R29) -> 0 | T29: =O29+S29 -> 0 | U29: =ROUND(T29*18%,0) -> 0 | V29: =T29+U29 -> 0
A30: 25 | B30: 3562030597 | C30: 5166 | D30: AMITABH BACHCHAN | E30: MAHAVIR PRASAD | F30: 43420 | G30: DEO | I30: 27 | J30: 0 | K30: 0 | L30: =SUM(J30:K30) -> 0 | M30: 19070 | N30: =ROUNDDOWN((M30/26/8)*2,2) -> 183.36 | O30: =N30*L30 -> 0 | P30: =ROUNDUP(O30*0.75%,0) -> 0 | Q30: =ROUND(O30-P30,0) -> 0 | R30: =ROUND(O30*3.25/100,0) -> 0 | S30: =SUM(R30:R30) -> 0 | T30: =O30+S30 -> 0 | U30: =ROUND(T30*18%,0) -> 0 | V30: =T30+U30 -> 0
A31: 26 | B31: 3562030600 | C31: 5167 | D31: KAMAL | E31: SURESH CHAND | F31: 43423 | G31: DEO | I31: 27 | J31: 9.18 | K31: 0 | L31: =SUM(J31:K31) -> 9.18 | M31: 19070 | N31: =ROUNDDOWN((M31/26/8)*2,2) -> 183.36 | O31: =N31*L31 -> 1683.2448 | P31: =ROUNDUP(O31*0.75%,0) -> 13 | Q31: =ROUND(O31-P31,0) -> 1670 | R31: =ROUND(O31*3.25/100,0) -> 55 | S31: =SUM(R31:R31) -> 55 | T31: =O31+S31 -> 1738.2448 | U31: =ROUND(T31*18%,0) -> 313 | V31: =T31+U31 -> 2051.2448
A32: 27 | B32: 3562030601 | C32: 5168 | D32: RINKU KUMAR | E32: RAJENDER SINGH | F32: 43424 | G32: DEO | I32: 27 | J32: 0 | K32: 0 | L32: =SUM(J32:K32) -> 0 | M32: 18993 | N32: =ROUNDDOWN((M32/26/8)*2,2) -> 182.62 | O32: =N32*L32 -> 0 | P32: =ROUNDUP(O32*0.75%,0) -> 0 | Q32: =ROUND(O32-P32,0) -> 0 | R32: =ROUND(O32*3.25/100,0) -> 0 | S32: =SUM(R32:R32) -> 0 | T32: =O32+S32 -> 0 | U32: =ROUND(T32*18%,0) -> 0 | V32: =T32+U32 -> 0
A33: 28 | B33: 3562030603 | C33: 5169 | D33: AJIT SINGH | E33: OM PRAKASH | F33: 43434 | G33: DEO | I33: 27 | J33: 3.7 | K33: 0 | L33: =SUM(J33:K33) -> 3.7 | M33: 19070 | N33: =ROUNDDOWN((M33/26/8)*2,2) -> 183.36 | O33: =N33*L33 -> 678.432 | P33: 0 | Q33: =ROUND(O33-P33,0) -> 678 | R33: 0 | S33: =SUM(R33:R33) -> 0 | T33: =O33+S33 -> 678.432 | U33: =ROUND(T33*18%,0) -> 122 | V33: =T33+U33 -> 800.432
A34: 29 | B34: 3562030602 | C34: 5023 | D34: Kamlesh Kumar | E34: RAVINDER LAL | F34: 43435 | G34: DEO | I34: 27 | J34: 0 | K34: 0 | L34: =SUM(J34:K34) -> 0 | M34: 19070 | N34: =ROUNDDOWN((M34/26/8)*2,2) -> 183.36 | O34: =N34*L34 -> 0 | P34: =ROUNDUP(O34*0.75%,0) -> 0 | Q34: =ROUND(O34-P34,0) -> 0 | R34: =ROUND(O34*3.25/100,0) -> 0 | S34: =SUM(R34:R34) -> 0 | T34: =O34+S34 -> 0 | U34: =ROUND(T34*18%,0) -> 0 | V34: =T34+U34 -> 0
A35: 30 | B35: 3562030604 | C35: 5728 | D35: GEETA | E35: LAL SINGH | F35: 43510 | G35: DEO | I35: 27 | J35: 0 | K35: 0 | L35: =SUM(J35:K35) -> 0 | M35: 19070 | N35: =ROUNDDOWN((M35/26/8)*2,2) -> 183.36 | O35: =N35*L35 -> 0 | P35: =ROUNDUP(O35*0.75%,0) -> 0 | Q35: =ROUND(O35-P35,0) -> 0 | R35: =ROUND(O35*3.25/100,0) -> 0 | S35: =SUM(R35:R35) -> 0 | T35: =O35+S35 -> 0 | U35: =ROUND(T35*18%,0) -> 0 | V35: =T35+U35 -> 0
A36: 31 | B36: 3562030607 | C36: 6187 | D36: Kundan Kumar | E36: Ramdev Ravidas | F36: 43582 | G36: MHE | I36: 27 | J36: 0 | K36: 0 | L36: =SUM(J36:K36) -> 0 | M36: 17234 | N36: =ROUNDDOWN((M36/26/8)*2,2) -> 165.71 | O36: =N36*L36 -> 0 | P36: =ROUNDUP(O36*0.75%,0) -> 0 | Q36: =ROUND(O36-P36,0) -> 0 | R36: =ROUND(O36*3.25/100,0) -> 0 | S36: =SUM(R36:R36) -> 0 | T36: =O36+S36 -> 0 | U36: =ROUND(T36*18%,0) -> 0 | V36: =T36+U36 -> 0
A37: 32 | B37: 3562030606 | C37: 6188 | D37: Krishan | E37: Shyam Sharma | F37: 43579 | G37: MHE | I37: 27 | J37: 5.35 | K37: 0 | L37: =SUM(J37:K37) -> 5.35 | M37: 17234 | N37: =ROUNDDOWN((M37/26/8)*2,2) -> 165.71 | O37: =N37*L37 -> 886.5485 | P37: =ROUNDUP(O37*0.75%,0) -> 7 | Q37: =ROUND(O37-P37,0) -> 880 | R37: =ROUND(O37*3.25/100,0) -> 29 | S37: =SUM(R37:R37) -> 29 | T37: =O37+S37 -> 915.5485 | U37: =ROUND(T37*18%,0) -> 165 | V37: =T37+U37 -> 1080.5485
A38: 33 | B38: 3562030608 | C38: 6189 | D38: Dheeraj Kumar Bharti | E38: Surender Singh | F38: 43580 | G38: MHE | I38: 27 | J38: 0 | K38: 0 | L38: =SUM(J38:K38) -> 0 | M38: 17234 | N38: =ROUNDDOWN((M38/26/8)*2,2) -> 165.71 | O38: =N38*L38 -> 0 | P38: =ROUNDUP(O38*0.75%,0) -> 0 | Q38: =ROUND(O38-P38,0) -> 0 | R38: =ROUND(O38*3.25/100,0) -> 0 | S38: =SUM(R38:R38) -> 0 | T38: =O38+S38 -> 0 | U38: =ROUND(T38*18%,0) -> 0 | V38: =T38+U38 -> 0
A39: 34 | B39: 3562030594 | C39: 6191 | D39: Sandeep kumar | E39: Shankar Lal | F39: 43584 | G39: MHE | I39: 27 | J39: 0 | K39: 0 | L39: =SUM(J39:K39) -> 0 | M39: 17234 | N39: =ROUNDDOWN((M39/26/8)*2,2) -> 165.71 | O39: =N39*L39 -> 0 | P39: =ROUNDUP(O39*0.75%,0) -> 0 | Q39: =ROUND(O39-P39,0) -> 0 | R39: =ROUND(O39*3.25/100,0) -> 0 | S39: =SUM(R39:R39) -> 0 | T39: =O39+S39 -> 0 | U39: =ROUND(T39*18%,0) -> 0 | V39: =T39+U39 -> 0
A40: 35 | B40: 3562030595 | C40: 6192 | D40: Lavkush | E40: Kripal Singh | F40: 43582 | G40: MHE | I40: 27 | J40: 0.73 | K40: 0 | L40: =SUM(J40:K40) -> 0.73 | M40: 17234 | N40: =ROUNDDOWN((M40/26/8)*2,2) -> 165.71 | O40: =N40*L40 -> 120.9683 | P40: =ROUNDUP(O40*0.75%,0) -> 1 | Q40: =ROUND(O40-P40,0) -> 120 | R40: =ROUND(O40*3.25/100,0) -> 4 | S40: =SUM(R40:R40) -> 4 | T40: =O40+S40 -> 124.9683 | U40: =ROUND(T40*18%,0) -> 22 | V40: =T40+U40 -> 146.9683
A41: 36 | B41: 3562030613 | C41: 6193 | D41: Uma Kant Sharma | E41: Dharadhar | F41: 43585 | G41: MHE | I41: 27 | J41: 0 | K41: 0 | L41: =SUM(J41:K41) -> 0 | M41: 17234 | N41: =ROUNDDOWN((M41/26/8)*2,2) -> 165.71 | O41: =N41*L41 -> 0 | P41: =ROUNDUP(O41*0.75%,0) -> 0 | Q41: =ROUND(O41-P41,0) -> 0 | R41: =ROUND(O41*3.25/100,0) -> 0 | S41: =SUM(R41:R41) -> 0 | T41: =O41+S41 -> 0 | U41: =ROUND(T41*18%,0) -> 0 | V41: =T41+U41 -> 0
A42: 37 | B42: 3562030622 | C42: 6785 | D42: Prince Kumar | E42: BHARAT SINGH | F42: 43720 | G42: MHE | I42: 27 | J42: 0 | K42: 0 | L42: =SUM(J42:K42) -> 0 | M42: 17234 | N42: =ROUNDDOWN((M42/26/8)*2,2) -> 165.71 | O42: =N42*L42 -> 0 | P42: =ROUNDUP(O42*0.75%,0) -> 0 | Q42: =ROUND(O42-P42,0) -> 0 | R42: =ROUND(O42*3.25/100,0) -> 0 | S42: =SUM(R42:R42) -> 0 | T42: =O42+S42 -> 0 | U42: =ROUND(T42*18%,0) -> 0 | V42: =T42+U42 -> 0
A43: 38 | B43: 3562033965 | D43: MANISH KUMAR | E43: RAMDEV SINGH | F43: 43876 | G43: MHE | I43: 27 | J43: 0 | K43: 0 | L43: =SUM(J43:K43) -> 0 | M43: 17234 | N43: =ROUNDDOWN((M43/26/8)*2,2) -> 165.71 | O43: =N43*L43 -> 0 | P43: =ROUNDUP(O43*0.75%,0) -> 0 | Q43: =ROUND(O43-P43,0) -> 0 | R43: =ROUND(O43*3.25/100,0) -> 0 | S43: =SUM(R43:R43) -> 0 | T43: =O43+S43 -> 0 | U43: =ROUND(T43*18%,0) -> 0 | V43: =T43+U43 -> 0
A44: 39 | B44: 3562030605 | C44: 6190 | D44: Yogesh Kashyap | E44: Jagdish Prasad | F44: 43591 | G44: MHE | I44: 27 | J44: 5.02 | K44: 0 | L44: =SUM(J44:K44) -> 5.02 | M44: 17234 | N44: =ROUNDDOWN((M44/26/8)*2,2) -> 165.71 | O44: =N44*L44 -> 831.8642 | P44: =ROUNDUP(O44*0.75%,0) -> 7 | Q44: =ROUND(O44-P44,0) -> 825 | R44: =ROUND(O44*3.25/100,0) -> 27 | S44: =SUM(R44:R44) -> 27 | T44: =O44+S44 -> 858.8642 | U44: =ROUND(T44*18%,0) -> 155 | V44: =T44+U44 -> 1013.8642
A45: 40 | B45: 3562016852 | C45: 4568 | D45: Omprakash | E45: HIRA LAL | F45: 43344 | G45: MHE | I45: 27 | J45: 0 | K45: 0 | L45: =SUM(J45:K45) -> 0 | M45: 17234 | N45: =ROUNDDOWN((M45/26/8)*2,2) -> 165.71 | O45: =N45*L45 -> 0 | P45: =ROUNDUP(O45*0.75%,0) -> 0 | Q45: =ROUND(O45-P45,0) -> 0 | R45: =ROUND(O45*3.25/100,0) -> 0 | S45: =SUM(R45:R45) -> 0 | T45: =O45+S45 -> 0 | U45: =ROUND(T45*18%,0) -> 0 | V45: =T45+U45 -> 0
A46: 41 | B46: 3562041796 | D46: AAN SINGH | E46: VIRENDRA SINGH | F46: 15/10/2020 | G46: MHE | I46: 27 | J46: 0 | K46: 0 | L46: =SUM(J46:K46) -> 0 | M46: 17234 | N46: =ROUNDDOWN((M46/26/8)*2,2) -> 165.71 | O46: =N46*L46 -> 0 | P46: =ROUNDUP(O46*0.75%,0) -> 0 | Q46: =ROUND(O46-P46,0) -> 0 | R46: =ROUND(O46*3.25/100,0) -> 0 | S46: =SUM(R46:R46) -> 0 | T46: =O46+S46 -> 0 | U46: =ROUND(T46*18%,0) -> 0 | V46: =T46+U46 -> 0
A47: 42 | B47: 3562047404 | D47: SURAJ KASHYAP | E47: RAMVILASH KASHYAP | F47: 44263 | G47: DEO | I47: 27 | J47: 1.6 | K47: 0 | L47: =SUM(J47:K47) -> 1.6 | M47: 18993 | N47: =ROUNDDOWN((M47/26/8)*2,2) -> 182.62 | O47: =N47*L47 -> 292.192 | P47: =ROUNDUP(O47*0.75%,0) -> 3 | Q47: =ROUND(O47-P47,0) -> 289 | R47: =ROUND(O47*3.25/100,0) -> 9 | S47: =SUM(R47:R47) -> 9 | T47: =O47+S47 -> 301.192 | U47: =ROUND(T47*18%,0) -> 54 | V47: =T47+U47 -> 355.192
A48: 43 | B48: 3562054967 | D48: Kiran NA | E48: Tribhuvan Singh Nayal | F48: 25/08/2021 | G48: DEO | I48: 27 | J48: 0 | K48: 0 | L48: =SUM(J48:K48) -> 0 | M48: 18993 | N48: =ROUNDDOWN((M48/26/8)*2,2) -> 182.62 | O48: =N48*L48 -> 0 | P48: =ROUNDUP(O48*0.75%,0) -> 0 | Q48: =ROUND(O48-P48,0) -> 0 | R48: =ROUND(O48*3.25/100,0) -> 0 | S48: =SUM(R48:R48) -> 0 | T48: =O48+S48 -> 0 | U48: =ROUND(T48*18%,0) -> 0 | V48: =T48+U48 -> 0
A49: 44 | B49: 3562030599 | C49: 5165 | D49: PRIYA | E49: VIJAY PRASAD SHRIVASTAV | F49: 43428 | G49: DEO | I49: 27 | J49: 0 | K49: 0 | L49: =SUM(J49:K49) -> 0 | M49: 19070 | N49: =ROUNDDOWN((M49/26/8)*2,2) -> 183.36 | O49: =N49*L49 -> 0 | P49: =ROUNDUP(O49*0.75%,0) -> 0 | Q49: =ROUND(O49-P49,0) -> 0 | R49: =ROUND(O49*3.25/100,0) -> 0 | S49: =SUM(R49:R49) -> 0 | T49: =O49+S49 -> 0 | U49: =ROUND(T49*18%,0) -> 0 | V49: =T49+U49 -> 0
A50: 45 | B50: 3562057760 | D50: Rohit Chaudhary | E50: Chitaranjan Chaudhary | F50: 44473 | G50: Picker | I50: 27 | J50: 5.77 | K50: 0 | L50: =SUM(J50:K50) -> 5.77 | M50: 17234 | N50: =ROUNDDOWN((M50/26/8)*2,2) -> 165.71 | O50: =N50*L50 -> 956.1467 | P50: =ROUNDUP(O50*0.75%,0) -> 8 | Q50: =ROUND(O50-P50,0) -> 948 | R50: =ROUND(O50*3.25/100,0) -> 31 | S50: =SUM(R50:R50) -> 31 | T50: =O50+S50 -> 987.1467 | U50: =ROUND(T50*18%,0) -> 178 | V50: =T50+U50 -> 1165.1467
A51: 46 | B51: 3562079721 | D51: Ravi Kumar | E51: Kartar Singh | F51: 44573 | G51: Picker | I51: 27 | J51: 0 | K51: 0 | L51: =SUM(J51:K51) -> 0 | M51: 17234 | N51: =ROUNDDOWN((M51/26/8)*2,2) -> 165.71 | O51: =N51*L51 -> 0 | P51: =ROUNDUP(O51*0.75%,0) -> 0 | Q51: =ROUND(O51-P51,0) -> 0 | R51: =ROUND(O51*3.25/100,0) -> 0 | S51: =SUM(R51:R51) -> 0 | T51: =O51+S51 -> 0 | U51: =ROUND(T51*18%,0) -> 0 | V51: =T51+U51 -> 0
I53: Total | J53: =SUM(J6:J52) -> 44.87 | K53: =SUM(K6:K52) -> 0 | L53: =SUM(L6:L52) -> 44.87 | M53: =SUM(M6:M52) -> 819919 | N53: =SUM(N6:N52) -> 7883.71 | O53: =SUM(O6:O52) -> 7810.1687 | P53: =SUM(P6:P52) -> 58 | Q53: =SUM(Q6:Q52) -> 7752 | ... V53: =SUM(V6:V52) -> 9489.1687
P63: =P61-P62 -> 0

Sheet CBT Wages (2)
A1: Location | B1: DEL111 | F1: Bill No. | G1: 0
A2: Month | B2: 43831 | F2: Head Count | G2: 54
A3: Vendor | B3: DM Industries | F3: Project | G3: DHL-Okhla-C-53 (HP-PPS)
A4: Employee's Particulars | K4: Attendance Summery | P4: Actual Rates | U4: Earning Summery | AC4: Employee's Deduction | AF4: Payble | AG4: Employer's Cost | AO4: Final Billing Cost
A5: S.No. | B5: MARS ID | C5: Vendor Code | D5: Name of Employee | E5: Father's Name | F5: DOJ | G5: Designation | H5: Category | I5: UAN | J5: ESIC | K5: Working Days | L5: No. of Present Days | M5: Paid Holiday | N5: Arrear Days | O5: Total No. of Payble Days | P5: Basic+VDA | Q5: HRA | R5: Conveyance Allow. | S5: Other Allowence Rate | T5: Total Monthly Gross | U5: Basic+VDA | V5: HRA | W5: Conveyance Allowence | X5: Other Allowence | Y5: Monthly Gross | Z5: Monthly Bonus (If Applicable) | AA5: Leave Encashment | AB5: Total Gross Earned (A) | AC5: Employee Contribution on ESIC (0.75%) | AD5: Employee Contribution on PF (12%) | AE5: Employee LWF Contribution | AF5: Net earning | AG5: Employer Contribution on ESIC (3.25%) | AH5: Employer Contribution PF (13%) | AI5: Employer Contribution on LWF | AJ5: Uniform | AK5: Attendance + Performance Incentive (If Any) | AL5: Total (B) | AM5: Wage cost (A+B) | AN5: Agency Service Charge (C) | AO5: SUB TOTAL A+B+C=D | AP5: GST 18% ON D | AQ5: CTC | AR5: DOB | AS5: Company | AT5: PF Wages | AU5: PAN NO. | AV5: ACC. NO. | AW5: IFSC CODE | AX5: BANK NAME | AY5: AS PER ACC. NAME
A6: 1 | B6: 3562016849 | C6: 4574 | D6: Mohit Garg | E6: Thakur Das | F6: 43344 | G6: MHE | H6: Un-Skilled | I6: 100064441627 | J6: 6923778712 | K6: 27 | L6: 6 | M6: 0 | O6: =SUM(L6:N6) -> 6 | P6: 17996 | Q6: 8998 | R6: 10000 | S6: 3599 | T6: =ROUND(SUM(P6:S6),0) -> 40593 | U6: =ROUND(P6/$K6*$O6,0) -> 3999 | V6: =ROUND(Q6/$K6*$O6,0) -> 2000 | W6: =ROUND(R6/$K6*$O6,0) -> 2222 | X6: =ROUND(S6/$K6*$O6,0) -> 800 | Y6: =ROUND(SUM(U6:X6),0) -> 9021 | AA6: 1800 | AB6: =Y6+AA6+Z6 -> 10821 | AC6: =ROUNDUP(IF(T6>21000,0,AB6*0.75%),0) -> 0 | AD6: 0 | AE6: 0 | AF6: =ROUND((AB6+AK6)-(AC6+AD6+AE6),0) -> 10821 | AG6: =ROUNDUP(AB6*3.25%,0) -> 352 | AH6: =ROUND(AB6-V6-Z6,0)*13% -> 1146.73 | AI6: 2 | AJ6: =ROUND(183/K6*O6,0) -> 41 | AL6: =SUM(AG6:AK6) -> 1541.73 | AM6: =AB6+AL6 -> 12362.73 | AN6: =ROUND(500/K6*O6,0) -> 111 | AO6: =AM6+AN6 -> 12473.73 | AP6: =ROUND(AO6*18%,0) -> 2245 | AQ6: =AO6+AP6 -> 14718.73 | AS6: C-53 | AT6: =AB6-V6 -> 8821
K7: Total | L7: =+SUM(L6:L6) -> 6 | M7: =+SUM(M6:M6) -> 0 | N7: =+SUM(N6:N6) -> 0 | O7: =+SUM(O6:O6) -> 6 | P7: =+SUM(P6:P6) -> 17996 | Q7: =+SUM(Q6:Q6) -> 8998 | R7: =+SUM(R6:R6) -> 10000 | S7: =+SUM(S6:S6) -> 3599 | ... AQ7: =+SUM(AQ6:AQ6) -> 14718.73
Y9: =#REF!*5.76% -> #REF! | AF9: =AF7+'CBT OT'!Q51 -> 10821

Sheet Salary Slip
A1: DM INDUSTRIES | E1: Salary Slip Oct 2019
C2: F-405, New Palam Vihar, Phase-II, Near Dwarka Expressway, Gurgaon - 122017
A3: EMP CODE | B3: UAN NO | D3: ESIC NO | E3: Total Day | F3: Pay Days | G3: DOJ | H3: LEAVE | I3: AUTH. | K3: BALANCE | Q3: =+J10 -> 18743.28 | R3: 3562016849 | S3: 12554 | T3: =VLOOKUP(R3,'CBT OT'!B6:V27,16,0) -> #N/A | U3: =+S3+T3 -> #N/A | V3: =+Q3-U3 -> #N/A
A4: =+'CBT Wages'!B6 -> 3562016849 | B4: =VLOOKUP($A4,'CBT Wages'!$B$6:$AE$49,8,0) -> 100064441627 | D4: =VLOOKUP($A4,'CBT Wages'!$B$6:$AE$49,9,0) -> 6923778712 | E4: =VLOOKUP($A4,'CBT Wages'!$B$6:$AE$49,10,0) -> 25 | F4: =VLOOKUP($A4,'CBT Wages'!$B$6:$AE$49,14,0) -> 24 | G4: =VLOOKUP($A4,'CBT Wages'!$B$6:$AE$49,5,0) -> 43344 | H4: EL | I4: 0 | K4: 0 | Q4: =+J28 -> #REF! | R4: 3562016847 | S4: 12795 | T4: =VLOOKUP(R4,'CBT OT'!B7:V27,16,0) -> #N/A | U4: =+S4+T4 -> #N/A | V4: =+Q4-U4 -> #REF!
A5: NAME | B5: =VLOOKUP($A4,'CBT Wages'!$B$6:$AE$49,3,0) -> Mohit Garg | H5: CL | I5: 0 | K5: 0 | Q5: =+J46 -> 14512.08 | R5: 3562016837 | S5: 13037 | T5: =VLOOKUP(R5,'CBT OT'!B7:V28,16,0) -> #N/A | U5: =+S5+T5 -> #N/A | V5: =+Q5-U5 -> #N/A
A6: FATHER NAME | B6: =VLOOKUP($A4,'CBT Wages'!$B$6:$AE$49,4,0) -> Thakur Das | E6: OT Hrs | F6: =VLOOKUP($A4,'CBT OT'!$B$6:$O$431,9,0) -> 0 | Q6: =+J64 -> 17326.76 | R6: 3562016838 | S6: 12554 | T6: =VLOOKUP(R6,'CBT OT'!B8:V29,16,0) -> #N/A | U6: =+S6+T6 -> #N/A | V6: =+Q6-U6 -> #N/A
A7: UNIT | B7: =VLOOKUP($A4,'CBT Wages'!$B$6:$AR$49,44,0) -> #REF! | E7: Amount | F7: =VLOOKUP($A4,'CBT OT'!$B$6:$V$431,16,0) -> 0 | H7: SL | I7: 0 | K7: 0 | Q7: =+J82 -> 16634.24 | R7: 3562016848 | S7: 11589 | T7: =VLOOKUP(R7,'CBT OT'!B9:V29,16,0) -> #N/A | U7: =+S7+T7 -> #N/A | V7: =+Q7-U7 -> #N/A
A8: RATES | C8: EARNINGS | F8: TOTAL | H8: DEDUCTIONS | J8: NET SALARY | Q8: =+J100 -> 18767 | R8: 3562017091 | S8: 11153 | T8: =VLOOKUP(R8,'CBT OT'!B10:V29,16,0) -> #N/A | U8: =+S8+T8 -> #N/A | V8: =+Q8-U8 -> #N/A
A9: BASIC | B9: =VLOOKUP($A4,'CBT Wages'!$B$6:$AE$49,15,0) -> 18993 | C9: =VLOOKUP($A4,'CBT Wages'!$B$6:$AE$49,20,0) -> 18233 | F9: =SUM(C9:E9) -> 18233 | H9: PF (12%) | I9: =VLOOKUP($A4,'CBT Wages'!$B$6:$AE$49,29,0) -> 2316.72 | Q9: =+J118 -> 22855.24 | R9: 3562016834 | S9: 14341 | T9: =VLOOKUP(R9,'CBT OT'!B11:V29,16,0) -> #N/A | U9: =+S9+T9 -> #N/A | V9: =+Q9-U9 -> #N/A
A10: HRA | B10: =VLOOKUP($A4,'CBT Wages'!$B$6:$AE$49,16,0) -> 413 | C10: =VLOOKUP($A4,'CBT Wages'!$B$6:$AE$49,21,0) -> 396 | F10: =SUM(C10:E10) -> 396 | H10: ESI (0.75%) | I10: =VLOOKUP($A4,'CBT Wages'!$B$6:$AE$49,28,0) -> 160 | J10: =F17-I17 -> 18743.28 | Q10: =+J136 -> 15939.84 | R10: 3562016859 | S10: 13037 | T10: =VLOOKUP(R10,'CBT OT'!B12:V30,16,0) -> #N/A | U10: =+S10+T10 -> #N/A | V10: =+Q10-U10 -> #N/A
A11: CONVEN | B11: =VLOOKUP($A4,'CBT Wages'!$B$6:$AE$49,17,0) -> 0 | C11: =VLOOKUP($A4,'CBT Wages'!$B$6:$AE$49,22,0) -> 0 | F11: =SUM(C11:E11) -> 0 | H11: LWF | I11: =VLOOKUP($A4,'CBT Wages'!$B$6:$AE$49,30,0) -> 1 | J11: SIGNATURE | Q11: =+J154 -> 16634.24 | R11: 3562016860 | S11: 13037 | T11: =VLOOKUP(R11,'CBT OT'!B13:V31,16,0) -> #N/A | U11: =+S11+T11 -> #N/A | V11: =+Q11-U11 -> #N/A
A12: SPL.ALLOW | B12: 0 | C12: 0 | F12: =SUM(D12:E12) -> 0 | H12: ADVANCE | Q12: =+J172 -> #REF! | R12: 3562016856 | S12: 12554 | T12: =VLOOKUP(R12,'CBT OT'!B14:V31,16,0) -> #N/A | U12: =+S12+T12 -> #N/A | V12: =+Q12-U12 -> #REF!
A13: OTH.ALLOW | B13: =VLOOKUP($A4,'CBT Wages'!$B$6:$AE$49,18,0) -> 0 | C13: =VLOOKUP($A4,'CBT Wages'!$B$6:$AE$49,23,0) -> 0 | F13: =SUM(C13:E13) -> 0 | H13: OTHER | Q13: =+J190 -> #REF! | R13: 3562016857 | S13: 13037 | T13: =VLOOKUP(R13,'CBT OT'!B14:V31,16,0) -> #N/A | U13: =+S13+T13 -> #N/A | V13: =+Q13-U13 -> #REF!
A14: BONUS | B14: 0 | C14: =VLOOKUP($A4,'CBT Wages'!$B$6:$AE$49,25,0) -> 1519 | F14: =SUM(C14:E14) -> 1519 | Q14: =+J208 -> #REF! | R14: 3562016858 | S14: 13037 | T14: =VLOOKUP(R14,'CBT OT'!B14:V31,16,0) -> #N/A | U14: =+S14+T14 -> #N/A | V14: =+Q14-U14 -> #REF!
A15: LEAVE ALL. | B15: 0 | C15: =VLOOKUP($A4,'CBT Wages'!$B$6:$AE$49,26,0) -> 1073 | F15: =SUM(C15:E15) -> 1073 | Q15: =+J226 -> 15939.84 | R15: 3562018698 | S15: 10623 | T15: =VLOOKUP(R15,'CBT OT'!B14:V31,16,0) -> #N/A | U15: =+S15+T15 -> #N/A | V15: =+Q15-U15 -> #N/A
A16: ATT.AWARD | F16: =SUM(D16:E16) -> 0 | Q16: =+J244 -> 15594.52 | R16: 3562017275 | S16: 12795 | T16: =VLOOKUP(R16,'CBT OT'!B15:V31,16,0) -> #N/A | U16: =+S16+T16 -> #N/A | V16: =+Q16-U16 -> #N/A
A17: Total | B17: =SUM(B9:B16) -> 19406 | C17: =SUM(C9:D16) -> 21221 | F17: =SUM(F9:F16)+F7 -> 21221 | G17: =SUM(G9:G16) -> 0 | I17: =SUM(I9:I16) -> 2477.72 | J17: Desig. | K17: =VLOOKUP($A4,'CBT Wages'!$B$6:$AF$49,6,0) -> DEO | Q17: =+J262 -> #REF! | R17: 3562016852 | S17: 13037 | T17: =VLOOKUP(R17,'CBT OT'!B16:V31,16,0) -> #N/A | U17: =+S17+T17 -> #N/A | V17: =+Q17-U17 -> #REF!
Q18: =+J280 -> 14208.48 | R18: 3562018733 | S18: 12071 | T18: =VLOOKUP(R18,'CBT OT'!B17:V31,16,0) -> #N/A | U18: =+S18+T18 -> #N/A | V18: =+Q18-U18 -> #N/A
A19: DM INDUSTRIES | E19: =+$E$1 -> Salary Slip Oct 2019 | Q19: =+J298 -> 13167.76 | R19: 3562018693 | S19: 11347 | T19: =VLOOKUP(R19,'CBT OT'!B18:V31,16,0) -> #N/A | U19: =+S19+T19 -> #N/A | V19: =+Q19-U19 -> #N/A
C20: F-405, New Palam Vihar, Phase-II, Near Dwarka Expressway, Gurgaon - 122017 | Q20: =+J316 -> 15939.84 | R20: 3562018691 | S20: 12071 | T20: =VLOOKUP(R20,'CBT OT'!B19:V31,16,0) -> #N/A | U20: =+S20+T20 -> #N/A | V20: =+Q20-U20 -> #N/A
A21: EMP CODE | B21: UAN NO | D21: ESIC NO | E21: Total Day | F21: Pay Days | G21: DOJ | H21: LEAVE | I21: AUTH. | K21: BALANCE | Q21: =+J334 -> 16634.24 | R21: 3562018690 | S21: 13037 | T21: =VLOOKUP(R21,'CBT OT'!B20:V31,16,0) -> #N/A | U21: =+S21+T21 -> #N/A | V21: =+Q21-U21 -> #N/A
A22: =+'CBT Wages'!#REF! -> #REF! | B22: =VLOOKUP($A22,'CBT Wages'!$B$6:$AE$49,8,0) -> #REF! | D22: =VLOOKUP($A22,'CBT Wages'!$B$6:$AE$49,9,0) -> #REF! | E22: =VLOOKUP($A22,'CBT Wages'!$B$6:$AE$49,10,0) -> #REF! | F22: =VLOOKUP($A22,'CBT Wages'!$B$6:$AE$49,14,0) -> #REF! | G22: =VLOOKUP($A22,'CBT Wages'!$B$6:$AE$49,5,0) -> #REF! | H22: EL | I22: 0 | K22: 0 | Q22: =+J352 -> 14901 | R22: 3562018692 | S22: 11589 | T22: =VLOOKUP(R22,'CBT OT'!B21:V31,16,0) -> #N/A | U22: =+S22+T22 -> #N/A | V22: =+Q22-U22 -> #N/A
A23: NAME | B23: =VLOOKUP($A22,'CBT Wages'!$B$6:$AE$49,3,0) -> #REF! | H23: CL | I23: 0 | K23: 0 | Q23: =+J370 -> 13513.96 | R23: 3562018732 | S23: 11589 | T23: =VLOOKUP(R23,'CBT OT'!B22:V31,16,0) -> #N/A | U23: =+S23+T23 -> #N/A | V23: =+Q23-U23 -> #N/A
A24: FATHER NAME | B24: =VLOOKUP($A22,'CBT Wages'!$B$6:$AE$49,4,0) -> #REF! | E24: OT Hrs | F24: =VLOOKUP($A22,'CBT OT'!$B$6:$O$431,9,0) -> #REF! | Q24: =+J388 -> 17326.76 | R24: 3562018694 | S24: 11589 | T24: =VLOOKUP(R24,'CBT OT'!B23:V31,16,0) -> #N/A | U24: =+S24+T24 -> #N/A | V24: =+Q24-U24 -> #N/A
A25: UNIT | B25: =VLOOKUP($A22,'CBT Wages'!$B$6:$AR$49,44,0) -> #REF! | E25: Amount | F25: =VLOOKUP($A22,'CBT OT'!$B$6:$V$431,16,0) -> #REF! | H25: SL | I25: 0 | K25: 0 | Q25: =+J406 -> #REF! | R25: 3562016853 | S25: 12071 | T25: =VLOOKUP(R25,'CBT OT'!B24:V31,16,0) -> #N/A | U25: =+S25+T25 -> #N/A | V25: =+Q25-U25 -> #REF!
A26: RATES | C26: EARNINGS | F26: TOTAL | H26: DEDUCTIONS | J26: NET SALARY | Q26: =+J424 -> 17326.76 | R26: 3562016855 | S26: 13037 | T26: =VLOOKUP(R26,'CBT OT'!B25:V31,16,0) -> #N/A | U26: =+S26+T26 -> #N/A | V26: =+Q26-U26 -> #N/A
A27: BASIC | B27: =VLOOKUP($A22,'CBT Wages'!$B$6:$AE$49,15,0) -> #REF! | C27: =VLOOKUP($A22,'CBT Wages'!$B$6:$AE$49,20,0) -> #REF! | F27: =SUM(C27:E27) -> #REF! | H27: PF (12%) | I27: =VLOOKUP($A22,'CBT Wages'!$B$6:$AE$49,29,0) -> #REF! | Q27: =+J442 -> #REF! | R27: 3562019550 | S27: 12481 | T27: =VLOOKUP(R27,'CBT OT'!B26:V31,16,0) -> #N/A | U27: =+S27+T27 -> #N/A | V27: =+Q27-U27 -> #REF!
A28: HRA | B28: =VLOOKUP($A22,'CBT Wages'!$B$6:$AE$49,16,0) -> #REF! | C28: =VLOOKUP($A22,'CBT Wages'!$B$6:$AE$49,21,0) -> #REF! | F28: =SUM(C28:E28) -> #REF! | H28: ESI (0.75%) | I28: =VLOOKUP($A22,'CBT Wages'!$B$6:$AE$49,28,0) -> #REF! | J28: =F35-I35 -> #REF! | Q28: =+J460 -> 17735.24 | R28: 3562020946 | S28: 13037 | T28: =VLOOKUP(R28,'CBT OT'!B27:V31,16,0) -> #N/A | U28: =+S28+T28 -> #N/A | V28: =+Q28-U28 -> #N/A
A29: CONVEN | B29: =VLOOKUP($A22,'CBT Wages'!$B$6:$AE$49,17,0) -> #REF! | C29: =VLOOKUP($A22,'CBT Wages'!$B$6:$AE$49,22,0) -> #REF! | F29: =SUM(C29:E29) -> #REF! | H29: LWF | I29: =VLOOKUP($A22,'CBT Wages'!$B$6:$AE$49,30,0) -> #REF! | J29: SIGNATURE | P29: 478 | Q29: =+J478 -> #REF! | R29: 3562020914 | S29: 18818 | T29: =VLOOKUP(R29,'CBT OT'!B28:V31,16,0) -> #N/A | U29: =+S29+T29 -> #N/A | V29: =+Q29-U29 -> #REF!
A30: SPL.ALLOW | B30: 0 | C30: 0 | F30: =SUM(D30:E30) -> 0 | H30: ADVANCE | P30: =+P29+18 -> 496 | Q30: =+J496 -> 26289.44 | R30: 3562027185 | S30: 11938 | T30: =VLOOKUP(R30,'CBT OT'!B28:V31,16,0) -> #N/A | U30: =+S30+T30 -> #N/A | V30: =+Q30-U30 -> #N/A
A31: OTH.ALLOW | B31: =VLOOKUP($A22,'CBT Wages'!$B$6:$AE$49,18,0) -> #REF! | C31: =VLOOKUP($A22,'CBT Wages'!$B$6:$AE$49,23,0) -> #REF! | F31: =SUM(C31:E31) -> #REF! | H31: OTHER | P31: =+P30+18 -> 514 | Q31: =+J514 -> #REF! | R31: 3562027184 | S31: 12468 | T31: =VLOOKUP(R31,'CBT OT'!B28:V31,16,0) -> #N/A | U31: =+S31+T31 -> #N/A | V31: =+Q31-U31 -> #REF!
A32: BONUS | B32: 0 | C32: =VLOOKUP($A22,'CBT Wages'!$B$6:$AE$49,25,0) -> #REF! | F32: =SUM(C32:E32) -> #REF! | P32: =+P31+18 -> 532 | Q32: =+J532 -> #REF! | R32: 3562027478 | S32: 12071 | T32: =VLOOKUP(R32,'CBT OT'!B28:V32,16,0) -> #N/A | U32: =+S32+T32 -> #N/A | V32: =+Q32-U32 -> #REF!
A33: LEAVE ALL. | B33: 0 | C33: =VLOOKUP($A22,'CBT Wages'!$B$6:$AE$49,26,0) -> #REF! | F33: =SUM(C33:E33) -> #REF! | P33: =+P32+18 -> 550 | Q33: =+J550 -> #REF! | R33: 3562029795 | S33: 5038 | T33: =VLOOKUP(R33,'CBT OT'!B29:V33,16,0) -> #N/A | U33: =+S33+T33 -> #N/A | V33: =+Q33-U33 -> #REF!
A34: ATT.AWARD | F34: =SUM(D34:E34) -> 0 | P34: =+P33+18 -> 568 | Q34: =+J568 -> 16634.24 | R34: 3562029833 | S34: 13037 | T34: =VLOOKUP(R34,'CBT OT'!B30:V34,16,0) -> #N/A | U34: =+S34+T34 -> #N/A | V34: =+Q34-U34 -> #N/A
A35: Total | B35: =SUM(B27:B34) -> #REF! | C35: =SUM(C27:D34) -> #REF! | F35: =SUM(F27:F34)+F25 -> #REF! | G35: =SUM(G27:G34) -> 0 | I35: =SUM(I27:I34) -> #REF! | J35: Desig. | K35: =VLOOKUP($A22,'CBT Wages'!$B$6:$AF$49,6,0) -> #REF! | P35: =+P34+18 -> 586 | Q35: =+J586 -> 17326.76 | R35: 3562029834 | S35: 13037 | T35: =VLOOKUP(R35,'CBT OT'!B30:V35,16,0) -> #N/A | U35: =+S35+T35 -> #N/A | V35: =+Q35-U35 -> #N/A
P36: =+P35+18 -> 604 | Q36: =+J604 -> #REF! | R36: 3562029836 | S36: 13037 | T36: =VLOOKUP(R36,'CBT OT'!B30:V36,16,0) -> #N/A | U36: =+S36+T36 -> #N/A | V36: =+Q36-U36 -> #REF!
A37: DM INDUSTRIES | E37: =+$E$1 -> Salary Slip Oct 2019 | P37: =+P36+18 -> 622 | Q37: =+J622 -> 16634.24 | R37: 3562029838 | S37: 13023 | T37: =VLOOKUP(R37,'CBT OT'!B30:V37,16,0) -> #N/A | U37: =+S37+T37 -> #N/A | V37: =+Q37-U37 -> #N/A
C38: F-405, New Palam Vihar, Phase-II, Near Dwarka Expressway, Gurgaon - 122017 | P38: =+P37+18 -> 640 | Q38: =+J640 -> #REF! | R38: 3562030289 | S38: 9656 | T38: =VLOOKUP(R38,'CBT OT'!B31:V38,16,0) -> #N/A | U38: =+S38+T38 -> #N/A | V38: =+Q38-U38 -> #REF!
A39: EMP CODE | B39: UAN NO | D39: ESIC NO | E39: Total Day | F39: Pay Days | G39: DOJ | H39: LEAVE | I39: AUTH. | K39: BALANCE | P39: =+P38+18 -> 658 | Q39: =+J658 -> #REF! | R39: 3562001051 | S39: 20793 | T39: =VLOOKUP(R39,'CBT OT'!B32:V38,16,0) -> #N/A | U39: =+S39+T39 -> #N/A | V39: =+Q39-U39 -> #REF!
A40: =+'CBT Wages'!B7 -> 3562016837 | B40: =VLOOKUP($A40,'CBT Wages'!$B$6:$AE$49,8,0) -> 100014928885 | D40: =VLOOKUP($A40,'CBT Wages'!$B$6:$AE$49,9,0) -> 2013503576 | E40: =VLOOKUP($A40,'CBT Wages'!$B$6:$AE$49,10,0) -> 25 | F40: =VLOOKUP($A40,'CBT Wages'!$B$6:$AE$49,14,0) -> 19 | G40: =VLOOKUP($A40,'CBT Wages'!$B$6:$AE$49,5,0) -> 43344 | H40: EL | I40: 0 | K40: 0 | P40: =+P39+18 -> 676 | Q40: =+J676 -> #REF! | R40: 5165 | S40: 13264 | T40: =VLOOKUP(R40,'CBT OT'!B32:V39,16,0) -> #N/A | U40: =+S40+T40 -> #N/A | V40: =+Q40-U40 -> #REF!
A41: NAME | B41: =VLOOKUP($A40,'CBT Wages'!$B$6:$AE$49,3,0) -> Pradeep Burman | H41: CL | I41: 0 | K41: 0 | P41: =+P40+18 -> 694 | Q41: =+J694 -> #REF! | R41: 4581 | S41: 14325 | T41: =VLOOKUP(R41,'CBT OT'!B32:V40,16,0) -> #N/A | U41: =+S41+T41 -> #N/A | V41: =+Q41-U41 -> #REF!
A42: FATHER NAME | B42: =VLOOKUP($A40,'CBT Wages'!$B$6:$AE$49,4,0) -> Fatik Barman | E42: OT Hrs | F42: =VLOOKUP($A40,'CBT OT'!$B$6:$O$431,9,0) -> 0 | P42: =+P41+18 -> 712 | Q42: =+J712 -> #REF! | R42: 5166 | S42: 13794 | T42: =VLOOKUP(R42,'CBT OT'!B32:V41,16,0) -> #N/A | U42: =+S42+T42 -> #N/A | V42: =+Q42-U42 -> #REF!
A43: UNIT | B43: =VLOOKUP($A40,'CBT Wages'!$B$6:$AR$49,44,0) -> #REF! | E43: Amount | F43: =VLOOKUP($A40,'CBT OT'!$B$6:$V$431,16,0) -> 0 | H43: SL | I43: 0 | K43: 0 | P43: =+P42+18 -> 730 | Q43: =+J730 -> #REF! | R43: 5167 | S43: 14325 | T43: =VLOOKUP(R43,'CBT OT'!B32:V42,16,0) -> #N/A | U43: =+S43+T43 -> #N/A | V43: =+Q43-U43 -> #REF!
A44: RATES | C44: EARNINGS | F44: TOTAL | H44: DEDUCTIONS | J44: NET SALARY | P44: =+P43+18 -> 748 | Q44: =+J748 -> #REF! | R44: 5168 | S44: 14325 | T44: =VLOOKUP(R44,'CBT OT'!B32:V43,16,0) -> #N/A | U44: =+S44+T44 -> #N/A | V44: =+Q44-U44 -> #REF!
A45: BASIC | B45: =VLOOKUP($A40,'CBT Wages'!$B$6:$AE$49,15,0) -> 18993 | C45: =VLOOKUP($A40,'CBT Wages'!$B$6:$AE$49,20,0) -> 14435 | F45: =SUM(C45:E45) -> 14435 | H45: PF (12%) | I45: =VLOOKUP($A40,'CBT Wages'!$B$6:$AE$49,29,0) -> 1831.92 | P45: =+P44+18 -> 766 | Q45: =+J766 -> #REF! | R45: 5169 | S45: 14325 | T45: =VLOOKUP(R45,'CBT OT'!B32:V44,16,0) -> #N/A | U45: =+S45+T45 -> #N/A | V45: =+Q45-U45 -> #REF!
A46: HRA | B46: =VLOOKUP($A40,'CBT Wages'!$B$6:$AE$49,16,0) -> 0 | C46: =VLOOKUP($A40,'CBT Wages'!$B$6:$AE$49,21,0) -> 0 | F46: =SUM(C46:E46) -> 0 | H46: ESI (0.75%) | I46: =VLOOKUP($A40,'CBT Wages'!$B$6:$AE$49,28,0) -> 124 | J46: =F53-I53 -> 14512.08 | P46: =+P45+18 -> 784 | Q46: =+J784 -> #REF! | R46: 5170 | S46: 13794 | T46: =VLOOKUP(R46,'CBT OT'!B32:V44,16,0) -> #N/A | U46: =+S46+T46 -> #N/A | V46: =+Q46-U46 -> #REF!
A47: CONVEN | B47: =VLOOKUP($A40,'CBT Wages'!$B$6:$AE$49,17,0) -> 0 | C47: =VLOOKUP($A40,'CBT Wages'!$B$6:$AE$49,22,0) -> 0 | F47: =SUM(C47:E47) -> 0 | H47: LWF | I47: =VLOOKUP($A40,'CBT Wages'!$B$6:$AE$49,30,0) -> 1 | J47: SIGNATURE | P47: =+P46+18 -> 802 | Q47: =+J802 -> #REF! | R47: 5023 | S47: 14325 | T47: =VLOOKUP(R47,'CBT OT'!B32:V44,16,0) -> #N/A | U47: =+S47+T47 -> #N/A | V47: =+Q47-U47 -> #REF!
A48: SPL.ALLOW | B48: 0 | C48: 0 | F48: =SUM(D48:E48) -> 0 | H48: ADVANCE | P48: =+P47+18 -> 820 | Q48: =+J820 -> #REF! | R48: 5178 | S48: 13023 | T48: =VLOOKUP(R48,'CBT OT'!B32:V44,16,0) -> #N/A | U48: =+S48+T48 -> #N/A | V48: =+Q48-U48 -> #REF!
A49: OTH.ALLOW | B49: =VLOOKUP($A40,'CBT Wages'!$B$6:$AE$49,18,0) -> 0 | C49: =VLOOKUP($A40,'CBT Wages'!$B$6:$AE$49,23,0) -> 0 | F49: =SUM(C49:E49) -> 0 | H49: OTHER | P49: =+P48+18 -> 838 | Q49: =+J838 -> #REF! | R49: 5728 | S49: 13794 | T49: =VLOOKUP(R49,'CBT OT'!B32:V45,16,0) -> #N/A | U49: =+S49+T49 -> #N/A | V49: =+Q49-U49 -> #REF!
A50: BONUS | B50: 0 | C50: =VLOOKUP($A40,'CBT Wages'!$B$6:$AE$49,25,0) -> 1203 | F50: =SUM(C50:E50) -> 1203 | P50: =+P49+18 -> 856 | Q50: =+J856 -> #REF! | R50: 6187 | S50: 7234 | T50: =VLOOKUP(R50,'CBT OT'!B32:V46,16,0) -> #N/A | U50: =+S50+T50 -> #N/A | V50: =+Q50-U50 -> #REF!
A51: LEAVE ALL. | B51: 0 | C51: =VLOOKUP($A40,'CBT Wages'!$B$6:$AE$49,26,0) -> 831 | F51: =SUM(C51:E51) -> 831 | P51: =+P50+18 -> 874 | Q51: =+J874 -> #REF! | R51: 6188 | S51: 13023 | T51: =VLOOKUP(R51,'CBT OT'!B32:V47,16,0) -> #N/A | U51: =+S51+T51 -> #N/A | V51: =+Q51-U51 -> #REF!
A52: ATT.AWARD | F52: =SUM(D52:E52) -> 0 | P52: =+P51+18 -> 892 | Q52: =+J892 -> #REF! | R52: 6189 | S52: 12540 | T52: =VLOOKUP(R52,'CBT OT'!B32:V51,16,0) -> #N/A | U52: =+S52+T52 -> #N/A | V52: =+Q52-U52 -> #REF!
A53: Total | B53: =SUM(B45:B52) -> 18993 | C53: =SUM(C45:D52) -> 16469 | F53: =SUM(F45:F52)+F43 -> 16469 | G53: =SUM(G45:G52) -> 0 | I53: =SUM(I45:I52) -> 1956.92 | J53: Desig. | K53: =VLOOKUP($A40,'CBT Wages'!$B$6:$AF$49,6,0) -> DEO | P53: =+P52+18 -> 910 | Q53: =+J910 -> #REF! | R53: 6190 | S53: 12540 | T53: =VLOOKUP(R53,'CBT OT'!B32:V51,16,0) -> #N/A | U53: =+S53+T53 -> #N/A | V53: =+Q53-U53 -> #REF!
P54: =+P53+18 -> 928 | Q54: =+J928 -> #REF! | R54: 6191 | S54: 13023 | T54: =VLOOKUP(R54,'CBT OT'!B32:V51,16,0) -> #N/A | U54: =+S54+T54 -> #N/A | V54: =+Q54-U54 -> #REF!
A55: DM INDUSTRIES | E55: =+$E$1 -> Salary Slip Oct 2019 | P55: =+P54+18 -> 946 | Q55: =+J946 -> #REF! | R55: 6192 | S55: 12540 | T55: =VLOOKUP(R55,'CBT OT'!B32:V51,16,0) -> #N/A | U55: =+S55+T55 -> #N/A | V55: =+Q55-U55 -> #REF!
C56: F-405, New Palam Vihar, Phase-II, Near Dwarka Expressway, Gurgaon - 122017 | P56: =+P55+18 -> 964 | Q56: =+J964 -> #REF! | R56: 6193 | S56: 12058 | T56: =VLOOKUP(R56,'CBT OT'!B32:V51,16,0) -> #N/A | U56: =+S56+T56 -> #N/A | V56: =+Q56-U56 -> #REF!
A57: EMP CODE | B57: UAN NO | D57: ESIC NO | E57: Total Day | F57: Pay Days | G57: DOJ | H57: LEAVE | I57: AUTH. | K57: BALANCE | P57: =+P56+18 -> 982 | Q57: =+J982 -> #REF! | R57: 8209 | S57: 13023 | T57: =VLOOKUP(R57,'CBT OT'!B32:V51,16,0) -> #N/A | U57: =+S57+T57 -> #N/A | V57: =+Q57-U57 -> #REF!
A58: =+'CBT Wages'!B8 -> 3562016838 | B58: =VLOOKUP($A58,'CBT Wages'!$B$6:$AE$49,8,0) -> 100029192811 | D58: =VLOOKUP($A58,'CBT Wages'!$B$6:$AE$49,9,0) -> 6923778874 | E58: =VLOOKUP($A58,'CBT Wages'!$B$6:$AE$49,10,0) -> 25 | F58: =VLOOKUP($A58,'CBT Wages'!$B$6:$AE$49,14,0) -> 25 | G58: =VLOOKUP($A58,'CBT Wages'!$B$6:$AE$49,5,0) -> 43344 | H58: EL | I58: 0 | K58: 0 | P58: =+P57+18 -> 1000 | Q58: =+J1000 -> #REF! | R58: 6785 | S58: 13023 | T58: =VLOOKUP(R58,'CBT OT'!B32:V51,16,0) -> #N/A | U58: =+S58+T58 -> #N/A | V58: =+Q58-U58 -> #REF!
A59: NAME | B59: =VLOOKUP($A58,'CBT Wages'!$B$6:$AE$49,3,0) -> Rakesh Rai | H59: CL | I59: 0 | K59: 0 | P59: =+P58+18 -> 1018 | Q59: =+J1018 -> #REF! | T59: =VLOOKUP(R59,'CBT OT'!B32:V51,16,0) -> #N/A | U59: =+S59+T59 -> #N/A | V59: =+Q59-U59 -> #REF!
A60: FATHER NAME | B60: =VLOOKUP($A58,'CBT Wages'!$B$6:$AE$49,4,0) -> Lt. Kameshwar Rai | E60: OT Hrs | F60: =VLOOKUP($A58,'CBT OT'!$B$6:$O$431,9,0) -> 0 | P60: =+P59+18 -> 1036 | Q60: =+J1036 -> #REF! | T60: =VLOOKUP(R60,'CBT OT'!B33:V51,16,0) -> #N/A | U60: =+S60+T60 -> #N/A | V60: =+Q60-U60 -> #REF!
A61: UNIT | B61: =VLOOKUP($A58,'CBT Wages'!$B$6:$AR$49,44,0) -> #REF! | E61: Amount | F61: =VLOOKUP($A58,'CBT OT'!$B$6:$V$431,16,0) -> 0 | H61: SL | I61: 0 | K61: 0 | P61: =+P60+18 -> 1054 | Q61: =+J1054 -> #REF! | T61: =VLOOKUP(R61,'CBT OT'!B34:V51,16,0) -> #N/A | U61: =+S61+T61 -> #N/A | V61: =+Q61-U61 -> #REF!
A62: RATES | C62: EARNINGS | F62: TOTAL | H62: DEDUCTIONS | J62: NET SALARY | P62: =+P61+18 -> 1072 | Q62: =+J1072 -> #REF! | T62: =VLOOKUP(R62,'CBT OT'!B35:V51,16,0) -> #N/A | U62: =+S62+T62 -> #N/A | V62: =+Q62-U62 -> #REF!
A63: BASIC | B63: =VLOOKUP($A58,'CBT Wages'!$B$6:$AE$49,15,0) -> 17234 | C63: =VLOOKUP($A58,'CBT Wages'!$B$6:$AE$49,20,0) -> 17234 | F63: =SUM(C63:E63) -> 17234 | H63: PF (12%) | I63: =VLOOKUP($A58,'CBT Wages'!$B$6:$AE$49,29,0) -> 2187.24 | P63: =+P62+18 -> 1090 | Q63: =+J1090 -> #REF! | T63: =VLOOKUP(R63,'CBT OT'!B36:V51,16,0) -> #N/A | U63: =+S63+T63 -> #N/A | V63: =+Q63-U63 -> #REF!
A64: HRA | B64: =VLOOKUP($A58,'CBT Wages'!$B$6:$AE$49,16,0) -> 0 | C64: =VLOOKUP($A58,'CBT Wages'!$B$6:$AE$49,21,0) -> 0 | F64: =SUM(C64:E64) -> 0 | H64: ESI (0.75%) | I64: =VLOOKUP($A58,'CBT Wages'!$B$6:$AE$49,28,0) -> 148 | J64: =F71-I71 -> 17326.76 | P64: =+P63+18 -> 1108 | Q64: =+J1108 -> #REF! | T64: =VLOOKUP(R64,'CBT OT'!B37:V51,16,0) -> #N/A | U64: =+S64+T64 -> #N/A | V64: =+Q64-U64 -> #REF!
A65: CONVEN | B65: =VLOOKUP($A58,'CBT Wages'!$B$6:$AE$49,17,0) -> 0 | C65: =VLOOKUP($A58,'CBT Wages'!$B$6:$AE$49,22,0) -> 0 | F65: =SUM(C65:E65) -> 0 | H65: LWF | I65: =VLOOKUP($A58,'CBT Wages'!$B$6:$AE$49,30,0) -> 1 | J65: SIGNATURE | P65: =+P64+18 -> 1126 | Q65: =+J1126 -> #REF! | T65: =VLOOKUP(R65,'CBT OT'!B38:V51,16,0) -> #N/A | U65: =+S65+T65 -> #N/A | V65: =+Q65-U65 -> #REF!
A66: SPL.ALLOW | B66: 0 | C66: 0 | F66: =SUM(D66:E66) -> 0 | H66: ADVANCE | P66: =+P65+18 -> 1144 | Q66: =+J1144 -> #REF! | T66: =VLOOKUP(R66,'CBT OT'!B39:V51,16,0) -> #N/A | U66: =+S66+T66 -> #N/A | V66: =+Q66-U66 -> #REF!
A67: OTH.ALLOW | B67: =VLOOKUP($A58,'CBT Wages'!$B$6:$AE$49,18,0) -> 0 | C67: =VLOOKUP($A58,'CBT Wages'!$B$6:$AE$49,23,0) -> 0 | F67: =SUM(C67:E67) -> 0 | H67: OTHER | P67: =+P66+18 -> 1162 | Q67: =+J1162 -> #REF! | T67: =VLOOKUP(R67,'CBT OT'!B39:V51,16,0) -> #N/A | U67: =+S67+T67 -> #N/A | V67: =+Q67-U67 -> #REF!
A68: BONUS | B68: 0 | C68: =VLOOKUP($A58,'CBT Wages'!$B$6:$AE$49,25,0) -> 1436 | F68: =SUM(C68:E68) -> 1436 | P68: =+P67+18 -> 1180 | Q68: =+J1180 -> #REF! | T68: =VLOOKUP(R68,'CBT OT'!B40:V51,16,0) -> #N/A | U68: =+S68+T68 -> #N/A | V68: =+Q68-U68 -> #REF!
A69: LEAVE ALL. | B69: 0 | C69: =VLOOKUP($A58,'CBT Wages'!$B$6:$AE$49,26,0) -> 993 | F69: =SUM(C69:E69) -> 993 | P69: =+P68+18 -> 1198 | Q69: =+J1198 -> #REF! | T69: =VLOOKUP(R69,'CBT OT'!B41:V51,16,0) -> #N/A | U69: =+S69+T69 -> #N/A | V69: =+Q69-U69 -> #REF!
A70: ATT.AWARD | F70: =SUM(D70:E70) -> 0 | P70: =+P69+18 -> 1216 | Q70: =+J1216 -> #REF! | T70: =VLOOKUP(R70,'CBT OT'!B42:V51,16,0) -> #N/A | U70: =+S70+T70 -> #N/A | V70: =+Q70-U70 -> #REF!
A71: Total | B71: =SUM(B63:B70) -> 17234 | C71: =SUM(C63:D70) -> 19663 | F71: =SUM(F63:F70)+F61 -> 19663 | G71: =SUM(G63:G70) -> 0 | I71: =SUM(I63:I70) -> 2336.24 | J71: Desig. | K71: =VLOOKUP($A58,'CBT Wages'!$B$6:$AF$49,6,0) -> MHE | P71: =+P70+18 -> 1234 | Q71: =+J1234 -> #REF! | T71: =VLOOKUP(R71,'CBT OT'!B43:V51,16,0) -> #N/A | U71: =+S71+T71 -> #N/A | V71: =+Q71-U71 -> #REF!
P72: =+P71+18 -> 1252 | Q72: =+J1252 -> #REF! | T72: =VLOOKUP(R72,'CBT OT'!B44:V51,16,0) -> #N/A | U72: =+S72+T72 -> #N/A | V72: =+Q72-U72 -> #REF!
A73: DM INDUSTRIES | E73: =+$E$1 -> Salary Slip Oct 2019 | P73: =+P72+18 -> 1270 | Q73: =+J1270 -> #REF! | T73: =VLOOKUP(R73,'CBT OT'!B45:V51,16,0) -> #N/A | U73: =+S73+T73 -> #N/A | V73: =+Q73-U73 -> #REF!
C74: F-405, New Palam Vihar, Phase-II, Near Dwarka Expressway, Gurgaon - 122017 | P74: =+P73+18 -> 1288 | Q74: =+J1288 -> #REF! | T74: =VLOOKUP(R74,'CBT OT'!B45:V51,16,0) -> #N/A | U74: =+S74+T74 -> #N/A | V74: =+Q74-U74 -> #REF!
A75: EMP CODE | B75: UAN NO | D75: ESIC NO | E75: Total Day | F75: Pay Days | G75: DOJ | H75: LEAVE | I75: AUTH. | K75: BALANCE | P75: =+P74+18 -> 1306 | Q75: =+J1306 -> #REF! | T75: =VLOOKUP(R75,'CBT OT'!B45:V51,16,0) -> #N/A | U75: =+S75+T75 -> #N/A | V75: =+Q75-U75 -> #REF!
A76: =+'CBT Wages'!B9 -> 3562016848 | B76: =VLOOKUP($A76,'CBT Wages'!$B$6:$AE$49,8,0) -> 100052358838 | D76: =VLOOKUP($A76,'CBT Wages'!$B$6:$AE$49,9,0) -> 6923778820 | E76: =VLOOKUP($A76,'CBT Wages'!$B$6:$AE$49,10,0) -> 25 | F76: =VLOOKUP($A76,'CBT Wages'!$B$6:$AE$49,14,0) -> 24 | G76: =VLOOKUP($A76,'CBT Wages'!$B$6:$AE$49,5,0) -> 43344 | H76: EL | I76: 0 | K76: 0 | P76: =+P75+18 -> 1324 | Q76: =+J1324 -> 18943.08 | T76: =VLOOKUP(R76,'CBT OT'!B45:V51,16,0) -> #N/A | U76: =+S76+T76 -> #N/A | V76: =+Q76-U76 -> #N/A
A77: NAME | B77: =VLOOKUP($A76,'CBT Wages'!$B$6:$AE$49,3,0) -> Monu Kumar | H77: CL | I77: 0 | K77: 0 | P77: =+P76+18 -> 1342 | Q77: =+J1342 -> 18157.6 | T77: =VLOOKUP(R77,'CBT OT'!B46:V51,16,0) -> #N/A | U77: =+S77+T77 -> #N/A | V77: =+Q77-U77 -> #N/A
A78: FATHER NAME | B78: =VLOOKUP($A76,'CBT Wages'!$B$6:$AE$49,4,0) -> Sahankar Shah | E78: OT Hrs | F78: =VLOOKUP($A76,'CBT OT'!$B$6:$O$431,9,0) -> 0 | P78: =+P77+18 -> 1360 | Q78: =+J1360 -> 21891.6 | T78: =VLOOKUP(R78,'CBT OT'!B47:V51,16,0) -> #N/A | U78: =+S78+T78 -> #N/A | V78: =+Q78-U78 -> #N/A
A79: UNIT | B79: =VLOOKUP($A76,'CBT Wages'!$B$6:$AR$49,44,0) -> #REF! | E79: Amount | F79: =VLOOKUP($A76,'CBT OT'!$B$6:$V$431,16,0) -> 0 | H79: SL | I79: 0 | K79: 0 | P79: =+P78+18 -> 1378 | Q79: =+J1378 -> 17949.28 | T79: =VLOOKUP(R79,'CBT OT'!B51:V51,16,0) -> #N/A | U79: =+S79+T79 -> #N/A | V79: =+Q79-U79 -> #N/A
A80: RATES | C80: EARNINGS | F80: TOTAL | H80: DEDUCTIONS | J80: NET SALARY | P80: =+P79+18 -> 1396 | Q80: =+J1396 -> 21298.12 | T80: =VLOOKUP(R80,'CBT OT'!#REF!,16,0) -> #REF! | U80: =+S80+T80 -> #REF! | V80: =+Q80-U80 -> #REF!
A81: BASIC | B81: =VLOOKUP($A76,'CBT Wages'!$B$6:$AE$49,15,0) -> 17234 | C81: =VLOOKUP($A76,'CBT Wages'!$B$6:$AE$49,20,0) -> 16545 | F81: =SUM(C81:E81) -> 16545 | H81: PF (12%) | I81: =VLOOKUP($A76,'CBT Wages'!$B$6:$AE$49,29,0) -> 2099.76 | P81: =+P80+18 -> 1414 | Q81: =+J1414 -> #REF! | T81: =VLOOKUP(R81,'CBT OT'!#REF!,16,0) -> #REF! | U81: =+S81+T81 -> #REF! | V81: =+Q81-U81 -> #REF!
A82: HRA | B82: =VLOOKUP($A76,'CBT Wages'!$B$6:$AE$49,16,0) -> 0 | C82: =VLOOKUP($A76,'CBT Wages'!$B$6:$AE$49,21,0) -> 0 | F82: =SUM(C82:E82) -> 0 | H82: ESI (0.75%) | I82: =VLOOKUP($A76,'CBT Wages'!$B$6:$AE$49,28,0) -> 142 | J82: =F89-I89 -> 16634.24 | P82: =+P81+18 -> 1432 | Q82: =+J1432 -> 19367.2 | T82: =VLOOKUP(R82,'CBT OT'!#REF!,16,0) -> #REF! | U82: =+S82+T82 -> #REF! | V82: =+Q82-U82 -> #REF!
A83: CONVEN | B83: =VLOOKUP($A76,'CBT Wages'!$B$6:$AE$49,17,0) -> 0 | C83: =VLOOKUP($A76,'CBT Wages'!$B$6:$AE$49,22,0) -> 0 | F83: =SUM(C83:E83) -> 0 | H83: LWF | I83: =VLOOKUP($A76,'CBT Wages'!$B$6:$AE$49,30,0) -> 1 | J83: SIGNATURE | P83: =+P82+18 -> 1450 | Q83: =+J1450 -> #REF! | T83: =VLOOKUP(R83,'CBT OT'!#REF!,16,0) -> #REF! | U83: =+S83+T83 -> #REF! | V83: =+Q83-U83 -> #REF!
A84: SPL.ALLOW | B84: 0 | C84: 0 | F84: =SUM(D84:E84) -> 0 | H84: ADVANCE | P84: =+P83+18 -> 1468 | Q84: =+J1468 -> 16955.64 | T84: =VLOOKUP(R84,'CBT OT'!#REF!,16,0) -> #REF! | U84: =+S84+T84 -> #REF! | V84: =+Q84-U84 -> #REF!
A85: OTH.ALLOW | B85: =VLOOKUP($A76,'CBT Wages'!$B$6:$AE$49,18,0) -> 0 | C85: =VLOOKUP($A76,'CBT Wages'!$B$6:$AE$49,23,0) -> 0 | F85: =SUM(C85:E85) -> 0 | H85: OTHER | P85: =+P84+18 -> 1486 | Q85: =+J1486 -> 17326.76 | T85: =VLOOKUP(R85,'CBT OT'!#REF!,16,0) -> #REF! | U85: =+S85+T85 -> #REF! | V85: =+Q85-U85 -> #REF!
A86: BONUS | B86: 0 | C86: =VLOOKUP($A76,'CBT Wages'!$B$6:$AE$49,25,0) -> 1379 | F86: =SUM(C86:E86) -> 1379 | P86: =+P85+18 -> 1504 | Q86: =+J1504 -> 18206.76 | T86: =VLOOKUP(R86,'CBT OT'!#REF!,16,0) -> #REF! | U86: =+S86+T86 -> #REF! | V86: =+Q86-U86 -> #REF!
A87: LEAVE ALL. | B87: 0 | C87: =VLOOKUP($A76,'CBT Wages'!$B$6:$AE$49,26,0) -> 953 | F87: =SUM(C87:E87) -> 953 | P87: =+P86+18 -> 1522 | Q87: =+J1522 -> 11781.72 | T87: =VLOOKUP(R87,'CBT OT'!#REF!,16,0) -> #REF! | U87: =+S87+T87 -> #REF! | V87: =+Q87-U87 -> #REF!
A88: ATT.AWARD | F88: =SUM(D88:E88) -> 0 | P88: =+P87+18 -> 1540 | Q88: =+J1540 -> #REF! | T88: =VLOOKUP(R88,'CBT OT'!#REF!,16,0) -> #REF! | U88: =+S88+T88 -> #REF! | V88: =+Q88-U88 -> #REF!
A89: Total | B89: =SUM(B81:B88) -> 17234 | C89: =SUM(C81:D88) -> 18877 | F89: =SUM(F81:F88)+F79 -> 18877 | G89: =SUM(G81:G88) -> 0 | I89: =SUM(I81:I88) -> 2242.76 | J89: Desig. | K89: =VLOOKUP($A76,'CBT Wages'!$B$6:$AF$49,6,0) -> MHE | P89: =+P88+18 -> 1558 | Q89: =+J1558 -> 12474.24 | T89: =VLOOKUP(R89,'CBT OT'!#REF!,16,0) -> #REF! | U89: =+S89+T89 -> #REF! | V89: =+Q89-U89 -> #REF!
P90: =+P89+18 -> 1576 | Q90: =+J1576 -> 16754.24 | T90: =VLOOKUP(R90,'CBT OT'!#REF!,16,0) -> #REF! | U90: =+S90+T90 -> #REF! | V90: =+Q90-U90 -> #REF!
A91: DM INDUSTRIES | E91: =+$E$1 -> Salary Slip Oct 2019 | P91: =+P90+18 -> 1594 | Q91: =+J1594 -> 16287.04 | T91: =VLOOKUP(R91,'CBT OT'!B52:V52,16,0) -> #N/A | U91: =+S91+T91 -> #N/A | V91: =+Q91-U91 -> #N/A
C92: F-405, New Palam Vihar, Phase-II, Near Dwarka Expressway, Gurgaon - 122017 | P92: =+P91+18 -> 1612 | Q92: =+J1612 -> #REF! | T92: =VLOOKUP(R92,'CBT OT'!B52:V53,16,0) -> #N/A | U92: =+S92+T92 -> #N/A | V92: =+Q92-U92 -> #REF!
A93: EMP CODE | B93: UAN NO | D93: ESIC NO | E93: Total Day | F93: Pay Days | G93: DOJ | H93: LEAVE | I93: AUTH. | K93: BALANCE | P93: =+P92+18 -> 1630 | Q93: =+J1630 -> 12474.24 | T93: =VLOOKUP(R93,'CBT OT'!B52:V54,16,0) -> #N/A | U93: =+S93+T93 -> #N/A | V93: =+Q93-U93 -> #N/A
A94: =+'CBT Wages'!B10 -> 3562017091 | B94: =VLOOKUP($A94,'CBT Wages'!$B$6:$AE$49,8,0) -> 100042940061 | D94: =VLOOKUP($A94,'CBT Wages'!$B$6:$AE$49,9,0) -> 6923778693 | E94: =VLOOKUP($A94,'CBT Wages'!$B$6:$AE$49,10,0) -> 25 | F94: =VLOOKUP($A94,'CBT Wages'!$B$6:$AE$49,14,0) -> 23.5 | G94: =VLOOKUP($A94,'CBT Wages'!$B$6:$AE$49,5,0) -> 43344 | H94: EL | I94: 0 | K94: 0 | P94: =+P93+18 -> 1648 | Q94: =+J1648 -> #REF! | T94: =VLOOKUP(R94,'CBT OT'!B52:V55,16,0) -> #N/A | U94: =+S94+T94 -> #N/A | V94: =+Q94-U94 -> #REF!
A95: NAME | B95: =VLOOKUP($A94,'CBT Wages'!$B$6:$AE$49,3,0) -> Sukhram | H95: CL | I95: 0 | K95: 0 | P95: =+P94+18 -> 1666 | Q95: =+J1666 -> #REF! | T95: =VLOOKUP(R95,'CBT OT'!B52:V56,16,0) -> #N/A | U95: =+S95+T95 -> #N/A | V95: =+Q95-U95 -> #REF!
A96: FATHER NAME | B96: =VLOOKUP($A94,'CBT Wages'!$B$6:$AE$49,4,0) -> Prem Singh | E96: OT Hrs | F96: =VLOOKUP($A94,'CBT OT'!$B$6:$O$431,9,0) -> 0 | P96: =+P95+18 -> 1684 | Q96: =+J1684 -> #REF! | T96: =VLOOKUP(R96,'CBT OT'!B52:V57,16,0) -> #N/A | U96: =+S96+T96 -> #N/A | V96: =+Q96-U96 -> #REF!
A97: UNIT | B97: =VLOOKUP($A94,'CBT Wages'!$B$6:$AR$49,44,0) -> #REF! | E97: Amount | F97: =VLOOKUP($A94,'CBT OT'!$B$6:$V$431,16,0) -> 0 | H97: SL | I97: 0 | K97: 0 | P97: =+P96+18 -> 1702 | Q97: =+J1702 -> #REF! | T97: =VLOOKUP(R97,'CBT OT'!B52:V58,16,0) -> #N/A | U97: =+S97+T97 -> #N/A | V97: =+Q97-U97 -> #REF!
A98: RATES | C98: EARNINGS | F98: TOTAL | H98: DEDUCTIONS | J98: NET SALARY | P98: =+P97+18 -> 1720 | Q98: =+J1720 -> #REF! | T98: =VLOOKUP(R98,'CBT OT'!B52:V59,16,0) -> #N/A | U98: =+S98+T98 -> #N/A | V98: =+Q98-U98 -> #REF!
A99: BASIC | B99: =VLOOKUP($A94,'CBT Wages'!$B$6:$AE$49,15,0) -> 19070 | C99: =VLOOKUP($A94,'CBT Wages'!$B$6:$AE$49,20,0) -> 17926 | F99: =SUM(C99:E99) -> 17926 | H99: PF (12%) | I99: =VLOOKUP($A94,'CBT Wages'!$B$6:$AE$49,29,0) -> 2280 | P99: =+P98+18 -> 1738 | Q99: =+J1738 -> #REF! | T99: =VLOOKUP(R99,'CBT OT'!B52:V60,16,0) -> #N/A | U99: =+S99+T99 -> #N/A | V99: =+Q99-U99 -> #REF!
A100: HRA | B100: =VLOOKUP($A94,'CBT Wages'!$B$6:$AE$49,16,0) -> 760 | C100: =VLOOKUP($A94,'CBT Wages'!$B$6:$AE$49,21,0) -> 714 | F100: =SUM(C100:E100) -> 714 | H100: ESI (0.75%) | I100: =VLOOKUP($A94,'CBT Wages'!$B$6:$AE$49,28,0) -> 160 | J100: =F107-I107 -> 18767 | P100: =+P99+18 -> 1756 | Q100: =+J1756 -> #REF! | T100: =VLOOKUP(R100,'CBT OT'!B52:V61,16,0) -> #N/A | U100: =+S100+T100 -> #N/A | V100: =+Q100-U100 -> #REF!
...

Sheet Arrear Days Salary
A1: Location | B1: DEL111 | G1: Bill No. | H1: 0
A2: Month | B2: 43586 | G2: Head Count | H2: 35
A3: Vendor | B3: DM Industries | G3: Project | H3: DHL-Okhla-C-53 (HP-PPS)
A4: Employee's Particulars | K4: Attendance Summery | P4: Actual Rates | U4: Earning Summery | AC4: Employee's Deduction | AF4: Payble | AG4: Employer's Cost | AO4: Final Billing Cost
A5: S.No. | B5: MARS ID | C5: Vendor Code | D5: Name of Employee | E5: Father's Name | F5: DOJ | G5: Designation | H5: Category | I5: UAN | J5: ESIC | K5: Working Days | L5: No. of Present Days | M5: Paid Holiday | N5: Arrear Days | O5: Total No. of Payble Days | P5: Basic+VDA | Q5: HRA | R5: Conveyance Allow. | S5: Other Allowence Rate | T5: Total Monthly Gross | U5: Basic+VDA | V5: HRA | W5: Conveyance Allowence | X5: Other Allowence | Y5: Monthly Gross | Z5: Monthly Bonus (If Applicable) | AA5: Leave Encashment | AB5: Total Gross Earned (A) | AC5: Employee Contribution on ESIC (1.75%) | AD5: Employee Contribution on PF (12%) | AE5: Employee LWF Contribution | AF5: Net earning | AG5: Employer Contribution on ESIC (4.75%) | AH5: Employer Contribution PF (13%) | AI5: Employer Contribution on LWF | AJ5: Uniform | AK5: Attendance + Performance Incentive (If Any) | AL5: Total (B) | AM5: Wage cost (A+B) | AN5: Agency Service Charge (C) | AO5: SUB TOTAL A+B+C=D | AP5: GST 18% ON D | AQ5: CTC | AR5: DOB | AS5: Aadhar No.
A6: 1 | B6: 3562016849 | C6: 4574 | D6: Mohit Garg | E6: Thakur Das | F6: 43344 | G6: MHE | H6: Un-Skilled | I6: 100064441627 | J6: 6923778712 | K6: 27 | N6: 1 | O6: =SUM(L6:N6) -> 1 | P6: 14025 | Q6: 0 | R6: 0 | S6: 0 | T6: =ROUND(SUM(P6:S6),0) -> 14025 | U6: =ROUND(P6/$K6*$O6,0) -> 519 | V6: =ROUND(Q6/$K6*$O6,0) -> 0 | W6: =ROUND(R6/$K6*$O6,0) -> 0 | X6: =ROUND(S6/$K6*$O6,0) -> 0 | Y6: =ROUND(SUM(U6:X6),0) -> 519 | AA6: =ROUND(Y6*5.76%,0) -> 30 | AB6: =Y6+AA6+Z6 -> 549 | AC6: =ROUNDUP(IF(T6>21000,0,Y6*1.75%),0) -> 10 | AD6: =ROUND(U6*12%,0) -> 62 | AE6: 1 | AF6: =ROUND((AB6+AK6)-(AC6+AD6+AE6),0) -> 476 | AG6: =ROUNDUP(Y6*4.75%,0) -> 25 | AH6: =ROUND(U6*13%,0) -> 67 | AI6: 2 | AJ6: =ROUND(183/K6*O6,0) -> 7 | AL6: =SUM(AG6:AK6) -> 101 | AM6: =AB6+AL6 -> 650 | AN6: =ROUND(500/K6*O6,0) -> 19 | AO6: =AM6+AN6 -> 669 | AP6: =ROUND(AO6*18%,0) -> 120 | AQ6: =AO6+AP6 -> 789
A7: 2 | C7: 6190 | D7: Yogesh Kashyap | E7: Jagdish Prasad | F7: 43584 | G7: MHE | H7: Un-Skilled | I7: 100769456094 | J7: 6928993069 | K7: 27 | N7: 6 | O7: =SUM(L7:N7) -> 6 | P7: 14010 | Q7: 0 | R7: 0 | S7: 0 | T7: =ROUND(SUM(P7:S7),0) -> 14010 | U7: =ROUND(P7/$K7*$O7,0) -> 3113 | V7: =ROUND(Q7/$K7*$O7,0) -> 0 | W7: =ROUND(R7/$K7*$O7,0) -> 0 | X7: =ROUND(S7/$K7*$O7,0) -> 0 | Y7: =ROUND(SUM(U7:X7),0) -> 3113 | AA7: =ROUND(Y7*5.76%,0) -> 179 | AB7: =Y7+AA7+Z7 -> 3292 | AC7: =ROUNDUP(IF(T7>21000,0,Y7*1.75%),0) -> 55 | AD7: =ROUND(U7*12%,0) -> 374 | AE7: 1 | AF7: =ROUND((AB7+AK7)-(AC7+AD7+AE7),0) -> 2862 | AG7: =ROUNDUP(Y7*4.75%,0) -> 148 | AH7: =ROUND(U7*13%,0) -> 405 | AI7: 2 | AJ7: =ROUND(183/K7*O7,0) -> 41 | AL7: =SUM(AG7:AK7) -> 596 | AM7: =AB7+AL7 -> 3888 | AN7: =ROUND(500/K7*O7,0) -> 111 | AO7: =AM7+AN7 -> 3999 | AP7: =ROUND(AO7*18%,0) -> 720 | AQ7: =AO7+AP7 -> 4719 | AR7: 31590 | AS7: 452605178331
K8: Total | L8: =SUM(L6:L7) -> 0 | M8: =SUM(M6:M7) -> 0 | N8: =SUM(N6:N7) -> 7 | O8: =SUM(O6:O7) -> 7 | P8: =SUM(P6:P7) -> 28035 | Q8: =SUM(Q6:Q7) -> 0 | R8: =SUM(R6:R7) -> 0 | S8: =SUM(S6:S7) -> 0 | ... AQ8: =SUM(AQ6:AQ7) -> 5508
